Workbook

Sheet メイン
I3: 簡易版
B4: 評 価 ソ フ ト
B5: バージョン | C5: CASBEE-BD_EB_2014(v.3.03) | I5: １地域 | J5: 地域区分Ⅰ | K5: 1
B6: ■使用評価マニュアル： | C6: CASBEE-建築(既存)2014年版 | I6: ２地域 | J6: 地域区分Ⅱ | K6: 2
I7: ３地域 | J7: 地域区分Ⅲ | K7: 3
B8: 1）概要入力 | I8: ４地域 | J8: 地域区分Ⅳ | K8: 4
B9: ① 建物概要 | I9: ５地域 | J9: 地域区分Ⅴ | K9: 5
I10: ６地域 | J10: 地域区分Ⅵ | K10: 6
B11: ■建物名称 | C11: ○○ビル | I11: ７地域 | K11: 7
B12: ■建設地・地域区分 | C12: ○○県○○市 | I12: ８地域 | K12: 8
I13: ９地域
B14: ■地域・地区 | C14: 商業地域、防火地域
B15: ■竣工年 (予定/竣工) | C15: 42705 | K15: =VLOOKUP(F12,I5:K12,3) -> #N/A
B17: ■敷地面積 | C17: XXX | D17: ㎡
B18: ■建築面積 | C18: XXX | D18: ㎡
B19: ■延床面積 | C19: =SUM(C63:C64) -> 14500 | D19: ㎡
B20: ■建物用途名 | C20: ○○
C21: =O67 -> 事務所,学校,集会所,
B22: ■階数 | C22: 地上○○F
B23: ■構造 | C23: RC造 | I23: S造 | J23: RC造 | K23: SRC造 | L23: 木造
B24: ■平均居住人員 | C24: XX | D24: 人（想定値） | I24: =IF(OR(C23=I23,C23=L23),1,IF(C23=J23,2,3)) -> 2
B25: ■年間使用時間 | C25: XXX | D25: 時間/年（想定値）
B38: ② 評価の実施 | I38: 既存 | J38: 0 | L38: 新築 | M38: 既存学校版
B39: ■ 評価の実施 | C39: 41828 | I39: 基本設計段階 | J39: 1 | L39: 基本設計段階 | M39: 簡易評価
B40: ■ 作成者 | C40: ○○○ | I40: 実施設計段階 | J40: 2 | L40: 実施設計段階 | M40: 省エネルギー計画書による評価
B41: ■ 確認日 | C41: 41830 | I41: 竣工段階 | J41: 2 | L41: 竣工段階
B42: ■ 確認者 | C42: ○○○ | I42: 0
B43: ■LCCO2の計算 | C43: 標準計算 | D43: =IF(C43=I43,L43,L44) -> →LCCO2算定条件シート（標準計算）を入力 | I43: 標準計算 | L43: →LCCO2算定条件シート（標準計算）を入力
I44: 個別計算 | L44: →LCCO2算定条件シート（個別計算）を入力
B45: 2) 個別用途入力
B46: ①用途別延床面積 | J46: common | K46: ratio | L46: Residential
B47: 事務所 | C47: =E47+E48 -> 5000 | D47: ㎡ 事務所 | E47: 5000 | F47: ㎡ | I47: 事務所 | J47: =C47 -> 5000 | K47: =J47/$J$66 -> 0.34482759 | N47: =IF(J47=0,0,RANK(J47,$J$47:$J$64)) -> 1 | O47: =IF(AND(0<N47,N47<4),I47&",","") -> 事務所, | P47: 事務所 | Q47: 事務所 | R47: =E47 -> 5000
D48: 官公庁 | F48: ㎡ | N48: =IF(J48=0,0,RANK(J48,$J$47:$J$64)) -> 0 | O48: =IF(AND(0<N48,N48<4),I48&",","") | Q48: 官公庁 | R48: =E48 -> 0
B49: 学校 | C49: =SUM(E49:E53) -> 4000 | D49: ㎡ 幼稚園・保育園 | F49: ㎡ | I49: 学校 | J49: =C49 -> 4000 | K49: =J49/$J$66 -> 0.27586207 | N49: =IF(J49=0,0,RANK(J49,$J$47:$J$64)) -> 2 | O49: =IF(AND(0<N49,N49<4),I49&",","") -> 学校, | P49: 学校等 | Q49: 幼稚園・保育園 | R49: =E49 -> 0
D50: 小・中学校 (北海道) | F50: ㎡ | N50: =IF(J50=0,0,RANK(J50,$J$47:$J$64)) -> 0 | O50: =IF(AND(0<N50,N50<4),I50&",","") | Q50: 小中（北海道） | R50: =E50 -> 0
D51: 小・中学校 (北海道以外） | E51: 4000 | F51: ㎡ | N51: =IF(J51=0,0,RANK(J51,$J$47:$J$64)) -> 0 | O51: =IF(AND(0<N51,N51<4),I51&",","") | Q51: 小中（その他） | R51: =E51 -> 4000
D52: 高校 | F52: ㎡ | N52: =IF(J52=0,0,RANK(J52,$J$47:$J$64)) -> 0 | O52: =IF(AND(0<N52,N52<4),I52&",","") | Q52: 高校 | R52: =E52 -> 0
D53: 大学・専門学校 | F53: ㎡ | N53: =IF(J53=0,0,RANK(J53,$J$47:$J$64)) -> 0 | O53: =IF(AND(0<N53,N53<4),I53&",","") | Q53: 大学・専門学校 | R53: =E53 -> 0
B54: 物販店 | C54: =E54+E55 -> 0 | D54: ㎡ デパート・スーパー | F54: ㎡ | I54: 物販店 | J54: =C54 -> 0 | K54: =J54/$J$66 -> 0 | N54: =IF(J54=0,0,RANK(J54,$J$47:$J$64)) -> 0 | O54: =IF(AND(0<N54,N54<4),I54&",","") | P54: 物販店舗等 | Q54: デパート・スーパー | R54: =E54 -> 0
D55: その他物販 | F55: ㎡ | N55: =IF(J55=0,0,RANK(J55,$J$47:$J$64)) -> 0 | O55: =IF(AND(0<N55,N55<4),I55&",","") | Q55: その他物販 | R55: =E55 -> 0
B56: 飲食店 | D56: ㎡ | I56: 飲食店 | J56: =C56 -> 0 | K56: =J56/$J$66 -> 0 | N56: =IF(J56=0,0,RANK(J56,$J$47:$J$64)) -> 0 | O56: =IF(AND(0<N56,N56<4),I56&",","") | P56: 飲食店 | R56: =C56 -> 0
B57: 集会所 | C57: =E57+E58+E59 -> 3000 | D57: ㎡ 劇場・ホール | E57: 3000 | F57: ㎡ | I57: 集会所 | J57: =C57 -> 3000 | K57: =J57/$J$66 -> 0.20689655 | N57: =IF(J57=0,0,RANK(J57,$J$47:$J$64)) -> 3 | O57: =IF(AND(0<N57,N57<4),I57&",","") -> 集会所, | P57: 集会所等 | Q57: 劇場・ホール | R57: =E57 -> 3000
D58: 展示施設 | F58: ㎡ | N58: =IF(J58=0,0,RANK(J58,$J$47:$J$64)) -> 0 | O58: =IF(AND(0<N58,N58<4),I58&",","") | Q58: 展示施設 | R58: =E58 -> 0
D59: スポーツ施設 | F59: ㎡ | N59: =IF(J59=0,0,RANK(J59,$J$47:$J$64)) -> 0 | O59: =IF(AND(0<N59,N59<4),I59&",","") | Q59: スポーツ施設 | R59: =E59 -> 0
B60: 工場 | D60: ㎡ うち省エネ計画書対象面積 | F60: ㎡ | I60: 工場 | J60: =C60 -> 0 | K60: =J60/$J$66 -> 0 | N60: =IF(J60=0,0,RANK(J60,$J$47:$J$64)) -> 0 | O60: =IF(AND(0<N60,N60<4),I60&",","") | P60: 工場 | R60: =C60 -> 0
B61: 病院 | D61: ㎡ | I61: 病院 | J61: =C61 -> 0 | K61: =J61/$J$66 -> 0 | L61: =J61*F68 -> 0 | N61: =IF(J61=0,0,RANK(J61,$J$47:$J$64)) -> 0 | O61: =IF(AND(0<N61,N61<4),I61&",","") | P61: 病院 | R61: =C61 -> 0
B62: ホテル | D62: ㎡ | I62: ホテル | J62: =C62 -> 0 | K62: =J62/$J$66 -> 0 | L62: =J62*F69 -> 0 | N62: =IF(J62=0,0,RANK(J62,$J$47:$J$64)) -> 0 | O62: =IF(AND(0<N62,N62<4),I62&",","") | P62: ホテル・旅館 | R62: =C62 -> 0
B63: 非住宅 小計 | C63: =SUM(C47:C62) -> 12000 | D63: ㎡ | N63: =IF(J63=0,0,RANK(J63,$J$47:$J$64)) -> 0 | O63: =IF(AND(0<N63,N63<4),I63&",","")
B64: 集合住宅 | C64: =E64+E65 -> 2500 | D64: ㎡ 専用部 | E64: 2000 | F64: ㎡ | I64: 集合住宅 | J64: =C64 -> 2500 | K64: =J64/$J$66 -> 0.17241379 | L64: =E64 -> 2000 | N64: =IF(J64=0,0,RANK(J64,$J$47:$J$64)) -> 4 | O64: =IF(AND(0<N64,N64<4),I64&",","") | P64: 集合住宅 | Q64: 専有部 | R64: =E64 -> 2000
D65: 共用部 | E65: 500 | F65: ㎡ | Q65: 共用部 | R65: =E65 -> 500
I66: 合計 | J66: =SUM(J47:J64) -> 14500 | K66: =J66/$J$66 -> 1 | L66: =SUM(L47:L64) -> 2000 | O66: =IF(MAX(N47:N63)>3,"等","")
B67: ② 住居・宿泊部分の比率 | O67: =O47&O49&O54&O56&O57&O61&O62&O64&O60&O66 -> 事務所,学校,集会所,
B68: ■病院の延床面積のうち、病室部分の床面積の比率
B69: ■ホテルの延床面積のうち、宿泊部分の床面積の比率
B70: ■集合住宅の延床面積のうち、住戸部分の床面積の比率 | F70: =IF(C64=0,0,E64/C64) -> 0.8
B73: 3）結果出力
B74: スコアシート | C74: ●スコア
B75: 評価結果表示シート | C75: ●結果 | E75: ●LCCO2計算
B76: LCCO2算定条件シート | C76: ●標準計算 | E76: ●個別計算
B78: 用途名 | C78: 含まれる用途
B79: 事務所 | C79: 事務所、庁舎、郵便局 など
B80: 学校 | C80: 小学校、中学校、高等学校、大学、高等専門学校、専修学校、各種学校 など
B81: 物販店 | C81: 百貨店、マーケット など
B82: 飲食店 | C82: 飲食店、食堂、喫茶店 など
B83: 集会所 | C83: 公会堂、集会場、図書館、博物館、ボーリング場、体育館、劇場、映画館、展示施設 など
B84: 工場 | C84: 工場、車庫、倉庫、観覧場、卸売市場 、電算室など
B85: 病院 | C85: 病院、老人ホーム、身体障害者福祉ホームなど
B86: ホテル | C86: ホテル、旅館など
B87: 集合住宅 | C87: 集合住宅（戸建は対象外）

Sheet 結果
Q2: ←
J5: ■使用評価マニュアル： | K5: =メイン!C6 -> CASBEE-建築(既存)2014年版 | M5: ■使用評価ソフト： | N5: =メイン!C5 -> CASBEE-BD_EB_2014(v.3.03)
B7: 1-1 建物概要 | L7: 1-2 外観 | R7: BEE rank | U7: radar chart
B8: 建物名称 | D8: =メイン!C11 -> ○○ビル | H8: 階数 | J8: =メイン!C22 -> 地上○○F | R8: SQ | S8: =スコア!Z8 -> 3.0127254 | V8: radar chart | W8: background | X8: 4 | Y8: 2 | Z8: Score(RoundDown) | AA8: std
B9: 建設地 | D9: =メイン!C12 -> ○○県○○市 | H9: 構造 | J9: =メイン!C23 -> RC造 | R9: SLR | S9: =スコア!Z116 -> #N/A | U9: Q2 | V9: Q2 サービス性能 | W9: 5 | X9: 4 | Y9: 2 | Z9: =V45 -> 3 | AA9: 3
B10: 用途地域 | D10: =メイン!C14 -> 商業地域、防火地域 | H10: 平均居住人員 | J10: =メイン!C24 -> XX | K10: 人 | R10: Q | S10: =25*(S8-1) -> 50.318135 | U10: Q3 | V10: Q3 室外環境 (敷地内) | W10: 5 | X10: 4 | Y10: 2 | Z10: =Y45 -> 3 | AA10: 3
B11: 地域区分 | D11: =IF(メイン!F12="","",メイン!F12) | H11: 年間使用時間 | J11: =メイン!C25 -> XXX | K11: 時間/年 | R11: L | S11: =25*(5-S9) -> #N/A | U11: LR3 | V11: LR3 敷地外環境 | W11: 5 | X11: 4 | Y11: 2 | Z11: =Y56 -> #N/A | AA11: 3
B12: 建物用途 | D12: =メイン!C21 -> 事務所,学校,集会所, | H12: 評価の段階 | J12: =IF(メイン!E39=0,"",メイン!E39&"評価") | M12: 外観パース等 | R12: BEE | S12: =S10/S11 -> #N/A | U12: LR2 | V12: LR2 資源・ マテリアル | W12: 5 | X12: 4 | Y12: 2 | Z12: =V56 -> 3 | AA12: 3
B13: 竣工年 | D13: =メイン!C15 -> 42705 | F13: =メイン!F15 -> 0 | H13: 評価の実施日 | J13: =IF(メイン!C39=0,"",メイン!C39) -> 41828 | M13: 図を貼り付けるときは | R13: BEE(Round) | S13: =ROUNDDOWN(S12,1) -> #N/A | U13: LR1 | V13: LR1 エネルギー | W13: 5 | X13: 4 | Y13: 2 | Z13: =S56 -> #N/A | AA13: 3
B14: 敷地面積 | E14: =メイン!C17 -> XXX | F14: ㎡ | H14: 作成者 | J14: =IF(メイン!C40=0,"",メイン!C40) -> ○○○ | M14: シートの保護を解除してください | U14: Q1 | V14: Q1 室内環境 | W14: 5 | X14: 4 | Y14: 2 | Z14: =IF(S45=0,1,S45) -> 3 | AA14: 3
B15: 建築面積 | E15: =メイン!C18 -> XXX | F15: ㎡ | H15: 確認日 | J15: =IF(メイン!C41=0,"",メイン!C41) -> 41830 | R15: Rank(red star) | S15: =IF(AND($S$10>=50,$S$12>=3),1,IF(S13<0.5,1,IF(S13<1,2,IF(S13<1.5,3,IF(S13<3,4,4))))/5) -> #N/A
B16: 延床面積 | E16: =メイン!J66 -> 14500 | F16: ㎡ | H16: 確認者 | J16: =IF(メイン!C42=0,"",メイン!C42) -> ○○○ | R16: (blank star) | S16: =1-S15 -> #N/A
B17: 改修工事期間 | L17: 改修対象項目 | M17: 躯体
B18: 改修目的 | M18: 外装
B19: 改修後の想定使用年数 | M19: 内装
B20: 現在までの主な改修履歴 | M20: 設備
B22: 2-1 建築物の環境効率（BEEランク&チャート） | H22: 2-2 ライフサイクルCO2(温暖化影響チャート） | L22: 2-3 大項目の評価（ﾚｰﾀﾞｰﾁｬｰﾄ） | R22: BEEグラフ | S22: 基準 | T22: 評価 | U22: 原点
R23: BEEの分母側(L) | T23: =S11 -> #N/A | U23: 0 | W23: X目盛線 | Z23: Y目盛線
C24: =S13 -> #N/A | R24: BEEの分子側(Q) | T24: =S10 -> 50.318135 | U24: 0 | W24: 50 | X24: 50 | Z24: 0 | AA24: 100
R25: 0 | S25: =T23 -> #N/A | T25: =T23 -> #N/A | U25: 0.1 | W25: 0 | X25: 100 | Z25: 50 | AA25: 50
R26: 0 | S26: 0 | T26: =T24 -> 50.318135 | U26: =T24 -> 50.318135
H27: =U35 -> 標準計算
R28: BEE | S28: X | T28: 0 | U28: =100/6 -> 16.666667 | V28: =U28*2 -> 33.333333 | W28: =U28*3 -> 50 | X28: =U28*4 -> 66.666667 | Y28: =U28*5 -> 83.333333 | Z28: 100
S29: S | T29: 100 | U29: 100 | V29: 100 | W29: 100 | X29: 100 | Y29: 100 | Z29: 100
R30: 3 | S30: A | T30: 50 | U30: =U$28*$R30 -> 50 | V30: =V$28*$R30 -> 100 | W30: 100 | X30: 100 | Y30: 100 | Z30: 100
R31: 1.5 | S31: B+ | T31: 0 | U31: =U$28*$R31 -> 25 | V31: =V$28*$R31 -> 50 | W31: =W$28*$R31 -> 75 | X31: =X$28*$R31 -> 100 | Y31: 100 | Z31: 100
R32: 1 | S32: B | T32: 0 | U32: =U$28*$R32 -> 16.666667 | V32: =V$28*$R32 -> 33.333333 | W32: =W$28*$R32 -> 50 | X32: =X$28*$R32 -> 66.666667 | Y32: =Y$28*$R32 -> 83.333333 | Z32: =Z$28*$R32 -> 100
R33: 0.5 | S33: B- | T33: 0 | U33: =U$28*$R33 -> 8.3333333 | V33: =V$28*$R33 -> 16.666667 | W33: =W$28*$R33 -> 25 | X33: =X$28*$R33 -> 33.333333 | Y33: =Y$28*$R33 -> 41.666667 | Z33: =Z$28*$R33 -> 50
R35: Rank(green star) | S35: =IF(T35<=0.3,1,IF(T35<=0.6,0.8,IF(T35<=0.8,0.6,IF(T35<=1,0.4,0.2)))) -> #N/A | T35: =IF(U35=W35,X41,X42) -> #N/A | U35: =メイン!C43 -> 標準計算 | V35: ④上記+ オフサイト手法 | W35: 標準計算 | X35: このグラフは、LR3中の「地球温暖化への配慮」の内容を、一般的な建物（参照値）と比べたライフサイクルCO2 排出量の目安で示したものです
H36: =IF(U35=W35,X35,X36) -> このグラフは、LR3中の「地球温暖化への配慮」の内容を、一般的な建物（参照値）と比べたライフサイクルCO2 排出量の目安で示したものです | R36: (blank star) | S36: =1-S35 -> #N/A | U36: ※個別計算 | V36: =IF(U35=W36,V35,"") | W36: 個別計算 | X36: このグラフは、一般的な建物（参照値）と比べたライフサイクルCO2 排出量を評価者自身の計算（個別計算）により算出した結果を示しています。LCCO2の算定条件等については、「LCCO2算定条件シート（個別計算）」を参照されたい
R38: LCCO2(kg-CO2/ym2) | S38: 建設 | T38: 修繕・更新・解体 | U38: 運用 | V38: オンサイト | W38: オフサイト | X38: ％ | Y38: Sum
B39: 2-4 中項目の評価（バーチャート） | R39: Ref | S39: =IF($U$35=$W$35,'条件(標準)'!$D9,'条件(個別)'!$D9) -> 13.77 | T39: =IF($U$35=$W$35,'条件(標準)'!$D34,'条件(個別)'!$D34) -> 13.322862 | U39: =IF($U$35=$W$35,'条件(標準)'!$D46,'条件(個別)'!$D46) -> #N/A | X39: 1 | Y39: =IF(COUNTIF(S39:W39,Z40)>0,Z40,SUM(S39:W39)) -> #N/A
B40: Q 環境品質 | M40: Qのスコア= | N40: =スコア!Q8 -> 3 | R40: Subjest1 | S40: =IF($U$35=$W$35,'条件(標準)'!$E9,'条件(個別)'!$E9) -> 13.77 | T40: =IF($U$35=$W$35,'条件(標準)'!$E34,'条件(個別)'!$E34) -> 13.322862 | U40: =IF($U$35=$W$35,'条件(標準)'!$E46,'条件(個別)'!$E46) -> #VALUE! | X40: =IF(OR(Y39=Z40,Y40=Z40),Z40,Y40/Y39) -> #N/A | Y40: =IF(COUNTIF(S40:W40,Z40)>0,Z40,SUM(S40:W40)) -> #VALUE! | Z40: =CO2計算!R115 -> N.A.
C41: =スコア!B9&" "&スコア!C9 -> Q1 室内環境 | H41: =" "&スコア!B61&" "&スコア!C61 -> Q2 サービス性能 | L41: =スコア!B109&" "&スコア!C109 -> Q3 室外環境（敷地内） | R41: Subjest2 | V41: =IF($U$35=$W$35,'条件(標準)'!E9+'条件(標準)'!E34+'条件(標準)'!E47,'条件(個別)'!E9+'条件(個別)'!E34+'条件(個別)'!E47) -> #VALUE! | X41: =IF(OR(Y39=Z41,Y41=Z41),Z41,Y41/Y39) -> #N/A | Y41: =IF(COUNTIF(S41:W41,Z41)>0,Z41,SUM(S41:W41)) -> #VALUE! | Z41: =CO2計算!R115 -> N.A.
G42: =S45 -> 3 | K42: =V45 -> 3 | O42: =Y45 -> 3 | R42: Subjest3 | W42: =IF($U$35=$W$35,'条件(標準)'!E9+'条件(標準)'!E34+'条件(標準)'!E52,'条件(個別)'!E9+'条件(個別)'!E34+'条件(個別)'!E52) -> #VALUE! | X42: =IF(OR(Y39=Z42,Y42=Z42),Z42,Y42/Y39) -> #N/A | Y42: =IF(COUNTIF(S42:W42,Z42)>0,Z42,SUM(S42:W42)) -> #VALUE! | Z42: =CO2計算!R115 -> N.A.
S44: Score(RoundDown) | T44: Score | V44: Score(RoundDown) | W44: Score | Y44: Score(RoundDown) | Z44: Score
R45: Q-1 室内環境 | S45: =スコア!Q9 -> 3 | T45: =スコア!Z9 -> 3 | U45: Q-2 サービス性能 | V45: =スコア!Q61 -> 3 | W45: =スコア!Z61 -> 3.042418 | X45: Q-3 室外環境(敷地内) | Y45: =スコア!Q109 -> 3 | Z45: =スコア!Z109 -> 3
S47: Score(RoundDown) | T47: NA | V47: Score(RoundDown) | W47: NA | Y47: Score(RoundDown) | Z47: NA
R48: 音環境 | S48: =スコア!Q10 -> 3 | T48: =IF(S48=0,"N.A.","") | U48: 機能性 | V48: =スコア!Q62 -> 3 | W48: =IF(V48=0,"N.A.","") | X48: 生物資源 | Y48: =スコア!Q110 -> 3 | Z48: =IF(Y48=0,"N.A.","")
R49: 温熱環境 | S49: =スコア!Q20 -> 3 | T49: =IF(S49=0,"N.A.","") | U49: 耐用性・信頼性 | V49: =スコア!Q75 -> 3.1 | W49: =IF(V49=0,"N.A.","") | X49: まちなみ景観 | Y49: =スコア!Q111 -> 3 | Z49: =IF(Y49=0,"N.A.","")
R50: 光・視環境 | S50: =スコア!Q34 -> 3 | T50: =IF(S50=0,"N.A.","") | U50: 対応性･更新性 | V50: =スコア!Q97 -> 3 | W50: =IF(V50=0,"N.A.","") | X50: 地域性・文化 | Y50: =スコア!Q112 -> 3 | Z50: =IF(Y50=0,"N.A.","")
B51: LR 環境負荷低減性 | M51: LRのスコア= | N51: =スコア!Q116 -> #N/A | R51: 空気質環境 | S51: =スコア!Q47 -> 3 | T51: =IF(S51=0,"N.A.","")
C52: =スコア!B117&" "&スコア!C117 -> LR1 エネルギー | H52: =" "&スコア!B140&" "&スコア!C140 -> LR2 資源・マテリアル | L52: =スコア!B159&" "&スコア!C159 -> LR3 敷地外環境
G53: =S56 -> #N/A | K53: =V56 -> 3 | O53: =Y56 -> #N/A | R53: =IF(S48=0,"N.A.","")
S55: Score(RoundDown) | T55: Score | V55: Score(RoundDown) | W55: Score | Y55: Score(RoundDown) | Z55: Score
R56: LR-1 エネルギー | S56: =スコア!Q117 -> #N/A | T56: =スコア!Z117 -> #N/A | U56: LR-2 資源ﾏﾃﾘｱﾙ | V56: =スコア!Q140 -> 3 | W56: =スコア!Z140 -> 3.0466667 | X56: LR-3 敷地外環境 | Y56: =スコア!Q159 -> #N/A | Z56: =スコア!Z159 -> #N/A
S58: Score(RoundDown) | T58: NA | V58: Score(RoundDown) | W58: NA | Y58: Score(RoundDown) | Z58: NA
R59: 熱負荷抑制 | S59: =スコア!Q118 -> 5 | T59: =IF(S59=0,"N.A.","") | U59: 水資源 | V59: =スコア!Q141 -> 3 | W59: =IF(V59=0,"N.A.","") | X59: 地球温暖化への配慮 | Y59: =スコア!Q160 -> #N/A | Z59: =IF(Y59=0,"N.A.","") -> #N/A
R60: 自然ｴﾈﾙｷﾞｰ | S60: =スコア!Q119 -> 3 | T60: =IF(S60=0,"N.A.","") | U60: 非再生性材料の削減 | V60: =スコア!Q146 -> 3 | W60: =IF(V60=0,"N.A.","") | X60: 地域環境への配慮 | Y60: =スコア!Q161 -> 3 | Z60: =IF(Y60=0,"N.A.","")
R61: 設備の効率的利用 | S61: =スコア!Q124 -> #N/A | T61: =IF(S61=0,"N.A.","") -> #N/A | U61: 汚染物質回避 | V61: =スコア!Q153 -> 3.2 | W61: =IF(V61=0,"N.A.","") | X61: 周辺環境への配慮 | Y61: =スコア!Q169 -> 3 | Z61: =IF(Y61=0,"N.A.","")
R62: 運用ﾏﾈｼﾞﾒﾝﾄ | S62: =スコア!Q133 -> 3 | T62: =IF(S62=0,"N.A.","")
B63: 3 設計上の配慮事項
B64: 総合 | L64: その他
B65: =IF(配慮!C4=0,"",配慮!C4) -> 注） 設計における総合的なコンセプトを簡潔に記載してください。 | L65: =配慮!C11 -> 注） 上記の６つのカテゴリー以外に、建設工事における廃棄物削減・リサイクル、歴史的建造物の保存など、建物自体の環境性能としてＣＡＳＢＥＥで評価し難い環境配慮の取組みがあれば、ここに記載してください。
B66: =配慮!B5 -> Q1 室内環境 | H66: =配慮!B6 -> Q2 サービス性能 | L66: =配慮!B7 -> Q3 室外環境（敷地内）
B67: =IF(配慮!C5=0,"",配慮!C5) -> 注） 「Q1 室内環境」に対する配慮事項を簡潔に記載してください。 | H67: =IF(配慮!C6=0,"",配慮!C6) -> 注） 「Q2 サービス性能」に対する配慮事項を簡潔に記載してください。 | L67: =IF(配慮!C7=0,"",配慮!C7) -> 注） 「Q3 室外環境（敷地内）」に対する配慮事項を簡潔に記載してください。
B68: =配慮!B8 -> LR1 エネルギー | H68: =配慮!B9 -> LR2 資源・マテリアル | L68: =配慮!B10 -> LR3 敷地外環境
B69: =IF(配慮!C8=0,"",配慮!C8) -> 注） 「LR1 エネルギー」に対する配慮事項を簡潔に記載してください。 | H69: =IF(配慮!C9=0,"",配慮!C9) -> 注） 「LR2 資源・マテリアル」に対する配慮事項を簡潔に記載してください。 | L69: =IF(配慮!C10=0,"",配慮!C10) -> 注） 「LR3 敷地外環境」に対する配慮事項を簡潔に記載してください。
B71: （3） 建築物の総合的な環境性能とは別枠の重要評価項目 | O71: 注3
B72: （3）-1 建築物の代表的な環境負荷に関する定量的な評価指標 | O72: ＜実施設計段階、竣工段階で詳細な評価を行う場合に記入＞
E73: 年間延床面積あたり指標 | H73: 人・時間あたり指標 | J73: 年間延床面積あたり削減量 | L73: 削減率 ％ | O73: %
C74: 運用エネルギー消費量 | F74: ＭＪ/年㎡ | I74: ＭＪ/人時 | K74: ＭＪ/年㎡
C75: 運用CO2排出量 | F75: kg-CO2/年㎡ | I75: kg-CO2/人時 | K75: kg-CO2/年㎡
C76: 水消費量 | F76: m3/年㎡ | I76: m3/人時 | K76: m3/年㎡
C77: LCCO2排出量 | F77: kg-CO2/年㎡ | I77: kg-CO2/人時 | K77: kg-CO2/年㎡
C78: LC廃棄物量 | F78: ｔ/年㎡ | I78: ｔ/人時 | K78: ｔ/年㎡
C79: LC資源消費量 | F79: ｔ/年㎡ | I79: ｔ/人時 | K79: ｔ/年㎡
B81: （3）-2 デザインプロセスの評価
B82: 設計段階 | J82: 建設段階
C83: 有資格者による設計 | J83: 環境管理計画
C88: 凡例 Q： | D88: Quality | E88: L：Load | H88: LR：Load Reduction | J88: SQ：Score of Q category | L88: SLR：Score of LR category | N88: BEE：Building Environmental Efficiency
C89: 備考 注1： | D89: 当該対象区における標準的な計画の得点が３点。ＮＡは評価対象外とした項目を示す。敷地選定に関わる評価は対象外。
C90: 注2： | D90: Qは、環境品質・性能（Q）のスコアSQ(Q-1、Q-2、Q-3のスコアにそれぞれの重み係数を乗じた合計値）から算定。
D91: Lは、環境負荷低減性（LR)のスコアSLR（LR-1、LR-2、LR-3のスコアにそれぞれの重み係数を乗じた合計値）から算定。
C92: 注3： | D92: (3)の評価はオプションとし、実施設計段階および竣工段階で可能な範囲で記入する。

Sheet スコア
B2: =メイン!C6 -> CASBEE-建築(既存)2014年版 | G2: 色欄について、プルダウンメニューから選択、または数値・コメントを記入のこと | L2: ■使用評価マニュアル： | N2: =メイン!C6 -> CASBEE-建築(既存)2014年版 | AM2: ■使用評価マニュアル： | AP2: =メイン!C6 -> CASBEE-建築(既存)2014年版 | AW2: 事務所 | AX2: 学校 | AY2: 物販店 | AZ2: 飲食店 | BA2: 病院 | BB2: ホテル | BC2: 集合住宅 | BD2: 集会所 | BE2: 工場 | BF2: 学校
B3: =メイン!$C$11 -> ○○ビル | J3: 欄に数値またはコメントを記入 | L3: ■評価ソフト： | N3: =メイン!C5 -> CASBEE-BD_EB_2014(v.3.03) | AM3: ■評価ソフト： | AP3: =メイン!C5 -> CASBEE-BD_EB_2014(v.3.03) | AW3: =重み!S7 -> 0.34482759 | AX3: =重み!T7 -> 0 | AY3: =重み!U7 -> 0 | AZ3: =重み!V7 -> 0 | BA3: =重み!W7 -> 0 | BB3: =重み!X7 -> 0 | BC3: =重み!Y7 -> 0.17241379 | BD3: =重み!Z7 -> 0.20689655 | ... BF3: =重み!AB7 -> 0.27586207
B5: スコアシート | E5: =IF(メイン!E39=0,"",メイン!E39) | S5: 採点シートの 採点結果 | AB5: 建物全体・共用部分 | AD5: 住居・宿泊部分 | AF5: 用途別スコア入力 | AK5: ↓Q1とQ2の1は対象外の為、入力不要です。
M6: 建物全体・共用部分 | O6: 住居・宿泊部分 | V6: 建物全体 | X6: 住居宿泊 | AB6: =重み!D7 -> 0.86206897 | AD6: =重み!E7 -> 0.13793103 | AF6: 事務所 | AG6: 学校 | AH6: 物販店 | AI6: 飲食店 | AJ6: 集会所 | AK6: 工場 | AL6: 学校 (小中高) | AM6: 病院 | AN6: ホテル | AO6: 集合住宅 | AP6: 建物全体・共用部分 | AT6: 面積加重 | AW6: =AF6 -> 事務所 | AX6: =AG6 -> 学校 | AY6: =AH6 -> 物販店 | AZ6: =AI6 -> 飲食店 | BA6: =AJ6 -> 集会所 | BB6: =AK6 -> 工場 | BC6: =AL6 -> 学校 (小中高) | BD6: =AM6 -> 病院 | ... BF6: =AO6 -> 集合住宅
B7: 配慮項目 | H7: 環境配慮設計の概要記入欄 | M7: 評価点 | N7: 重み 係数 | O7: 評価点 | P7: 重み 係数 | Q7: 全体 | S7: 建物全体 | T7: 住居宿泊 | V7: 解説シートの 採点結果 | W7: 重み 係数 | X7: 解説シートの 採点結果 | Y7: 重み 係数 | Z7: 全体 | AB7: weight(set) | AD7: weight(set) | AF7: =AW7 -> 0.34482759 | AG7: =AX7 -> 0 | AH7: =AY7 -> 0 | AI7: =AZ7 -> 0 | AJ7: =BA7 -> 0.20689655 | AK7: =BB7 -> 0 | AL7: =BC7 -> 0.27586207 | AM7: =BD7 -> 0 | ... AO7: =BF7 -> 0.17241379 | AP7: 評価点 | AQ7: 重み 係数 | AR7: 全体 | AT7: 評価点 | AW7: =AW3 -> 0.34482759 | AX7: =AX3 -> 0 | AY7: =AY3 -> 0 | AZ7: =AZ3 -> 0 | BA7: =BD3 -> 0.20689655 | BB7: =BE3 -> 0 | BC7: =BF3 -> 0.27586207 | BD7: =BA3 -> 0 | BE7: =BB3 -> 0 | BF7: =BC3 -> 0.17241379
B8: Ｑ 建築物の環境品質 | Q8: =ROUNDDOWN(Z8,1) -> 3 | Z8: =W9*Z9+W61*Z61+W109*Z109 -> 3.0127254 | AB8: =重み!M8 -> 0 | AD8: =重み!N8 -> 0 | AR8: =ROUNDDOWN(AT8,1) -> 3.2 | AT8: =AQ9*AT9+AQ61*AT61+AQ109*AT109 -> 3.24
B9: Q1 | C9: 室内環境 | N9: =W9 -> 0.4 | P9: =Y9 -> 0 | Q9: =ROUNDDOWN(Z9,1) -> 3 | W9: =重み!D9 -> 0.4 | Z9: =Z10*W10+Z20*W20+Z34*W34+Z47*W47 -> 3 | AB9: =重み!M9 -> 0.4 | AD9: =重み!N9 -> 0 | AQ9: =N9 -> 0.4 | AR9: =ROUNDDOWN(AT9,1) -> 3 | AT9: =SUMPRODUCT(AQ10:AQ60,AT10:AT60) -> 3
B10: 1 | C10: 音環境 | M10: =ROUNDDOWN(V10,1) -> 3 | N10: =W10 -> 0.15 | O10: =ROUNDDOWN(X10,1) -> 3 | P10: =Y10 -> 1 | Q10: =ROUNDDOWN(Z10,1) -> 3 | V10: =V11*W11+V14*W14+V19*W19 -> 3 | W10: =重み!D10 -> 0.15 | X10: =X11*Y11+X14*Y14+X19*Y19 -> 3 | Y10: =SUM(Y11,Y14,Y19) -> 1 | Z10: =IF(X10=0,V10,IF(V10=0,X10,V10*AB$6+X10*AD$6)) -> 3 | AB10: =重み!M10 -> 0.15 | AD10: =SUM(AD11,AD14,AD19) -> 0.17241379 | AF10: 3 | AK10: 0 | AP10: =ROUNDDOWN(AT10,1) -> 3 | AQ10: =N10 -> 0.15 | AT10: =IF(AV10=0,0,SUMPRODUCT($AW$7:$BF$7,AF10:AO10)/AV10) -> 3 | AV10: =SUMPRODUCT($AW$7:$BF$7,AW10:BF10) -> 0.34482759 | AW10: =IF(AF10>0,1,0) -> 1 | AX10: =IF(AG10>0,1,0) -> 0 | AY10: =IF(AH10>0,1,0) -> 0 | AZ10: =IF(AI10>0,1,0) -> 0 | BA10: =IF(AJ10>0,1,0) -> 0 | BB10: =IF(AK10>0,1,0) -> 0 | BC10: =IF(AL10>0,1,0) -> 0 | BD10: =IF(AM10>0,1,0) -> 0 | ... BF10: =IF(AO10>0,1,0) -> 0
C11: 1.1 | D11: 騒音 | G11: 5 | M11: =ROUNDDOWN(V11,1) -> 3 | N11: =W11 -> 0.55172414 | O11: =ROUNDDOWN(X11,1) -> 3 | P11: =Y11 -> 0.4 | V11: =SUMPRODUCT(V12:V13,W12:W13) -> 3 | W11: =重み!D11 -> 0.55172414 | X11: =SUMPRODUCT(X12:X13,Y12:Y13) -> 3 | Y11: =重み!E11 -> 0.4 | AB11: =重み!M11 -> 0.55172414 | AD11: =重み!N11 -> 0.068965517
D12: 1 | E12: 室内騒音レベル | M12: =ROUNDDOWN(S12,1) -> 3 | N12: =W12 -> 1 | O12: =ROUNDDOWN(T12,1) -> 3 | P12: =Y12 -> 1 | S12: =IF(採点Q1!F9="対象外",0,採点Q1!F9) -> 3 | T12: =IF(採点Q1!L9="対象外",0,採点Q1!L9) -> 3 | V12: =M12 -> 3 | W12: =重み!D12 -> 1 | X12: =O12 -> 3 | Y12: =重み!E12 -> 1 | AB12: =重み!M12 -> 0.79310345 | AD12: =重み!N12 -> 0.17241379
D13: 2 | E13: 設備騒音対策 | M13: =ROUNDDOWN(S13,1) -> 0 | N13: =W13 -> 0 | O13: =ROUNDDOWN(T13,1) -> 0 | P13: =Y13 -> 0 | S13: =IF(採点Q1!F34="対象外",0,採点Q1!F34) -> 0 | T13: =採点Q1!K34 -> 0 | V13: =M13 -> 0 | W13: =重み!D13 -> 0 | X13: =O13 -> 0 | Y13: =重み!E13 -> 0 | AB13: =重み!M13 -> 0.20689655 | AD13: =重み!N13 -> 0
C14: 1.2 | D14: 遮音 | M14: =ROUNDDOWN(V14,1) -> 3 | N14: =W14 -> 0.24827586 | O14: =ROUNDDOWN(X14,1) -> 3 | P14: =Y14 -> 0.4 | V14: =SUMPRODUCT(V15:V18,W15:W18) -> 3 | W14: =重み!D14 -> 0.24827586 | X14: =SUMPRODUCT(X15:X18,Y15:Y18) -> 3 | Y14: =重み!E14 -> 0.4 | AB14: =重み!M14 -> 0.24827586 | AD14: =重み!N14 -> 0.068965517
D15: 1 | E15: 開口部遮音性能 | M15: =ROUNDDOWN(S15,1) -> 0 | N15: =W15 -> 0 | O15: =ROUNDDOWN(T15,1) -> 0 | P15: =Y15 -> 0 | S15: =IF(採点Q1!F69="対象外",0,採点Q1!F69) -> 0 | T15: =採点Q1!K69 -> 0 | V15: =M15 -> 0 | W15: =重み!D15 -> 0 | X15: =O15 -> 0 | Y15: =重み!E15 -> 0 | AB15: =重み!M15 -> 0 | AD15: =重み!N15 -> 0
D16: 2 | E16: 界壁遮音性能 | M16: =ROUNDDOWN(S16,1) -> 3 | N16: =W16 -> 0.73333333 | O16: =ROUNDDOWN(T16,1) -> 3 | P16: =Y16 -> 0.4 | S16: =IF(採点Q1!F85="対象外",0,採点Q1!F85) -> 3 | T16: =採点Q1!K85 -> 3 | V16: =M16 -> 3 | W16: =重み!D16 -> 0.73333333 | X16: =O16 -> 3 | Y16: =重み!E16 -> 0.4 | AB16: =重み!M16 -> 0.45517241 | AD16: =重み!N16 -> 0.068965517
D17: 3 | E17: 界床遮音性能（軽量衝撃源） | M17: =ROUNDDOWN(S17,1) -> 3 | N17: =W17 -> 0.13333333 | O17: =ROUNDDOWN(T17,1) -> 3 | P17: =Y17 -> 0.3 | S17: =IF(採点Q1!F101="対象外",0,採点Q1!F101) -> 3 | T17: =採点Q1!K101 -> 3 | V17: =M17 -> 3 | W17: =重み!D17 -> 0.13333333 | X17: =O17 -> 3 | Y17: =重み!E17 -> 0.3 | AB17: =重み!M17 -> 0.082758621 | AD17: =重み!N17 -> 0.051724138
D18: 4 | E18: 界床遮音性能（重量衝撃源） | M18: =ROUNDDOWN(S18,1) -> 3 | N18: =W18 -> 0.13333333 | O18: =ROUNDDOWN(T18,1) -> 3 | P18: =Y18 -> 0.3 | S18: =IF(採点Q1!F117="対象外",0,採点Q1!F117) -> 3 | T18: =採点Q1!K117 -> 3 | V18: =M18 -> 3 | W18: =重み!D18 -> 0.13333333 | X18: =O18 -> 3 | Y18: =重み!E18 -> 0.3 | AB18: =重み!M18 -> 0.082758621 | AD18: =重み!N18 -> 0.051724138
C19: 1.3 | D19: 吸音 | M19: =ROUNDDOWN(S19,1) -> 3 | N19: =W19 -> 0.2 | O19: =ROUNDDOWN(T19,1) -> 3 | P19: =Y19 -> 0.2 | S19: =IF(採点Q1!F133="対象外",0,採点Q1!F133) -> 3 | T19: =採点Q1!K133 -> 3 | V19: =M19 -> 3 | W19: =重み!D19 -> 0.2 | X19: =O19 -> 3 | Y19: =重み!E19 -> 0.2 | AB19: =重み!M19 -> 0.2 | AD19: =重み!N19 -> 0.034482759
B20: 2 | C20: 温熱環境 | M20: =ROUNDDOWN(V20,1) -> 3 | N20: =W20 -> 0.35 | O20: =ROUNDDOWN(X20,1) -> 3 | P20: =Y20 -> 1 | Q20: =ROUNDDOWN(Z20,1) -> 3 | V20: =V21*W21+V30*W30+V31*W31 -> 3 | W20: =重み!D20 -> 0.35 | X20: =X21*Y21+X30*Y30+X31*Y31 -> 3 | Y20: =SUM(Y21,Y30,Y31) -> 1 | Z20: =IF(X20=0,V20,IF(V20=0,X20,V20*AB$6+X20*AD$6)) -> 3 | AB20: =重み!M20 -> 0.35 | AD20: =SUM(AD21,AD30,AD31) -> 0.17241379 | AF20: 3 | AK20: 0 | AP20: =ROUNDDOWN(AT20,1) -> 3 | AQ20: =N20 -> 0.35 | AT20: =IF(AV20=0,0,SUMPRODUCT($AW$7:$BF$7,AF20:AO20)/AV20) -> 3 | AV20: =SUMPRODUCT($AW$7:$BF$7,AW20:BF20) -> 0.34482759 | AW20: =IF(AF20>0,1,0) -> 1 | AX20: =IF(AG20>0,1,0) -> 0 | AY20: =IF(AH20>0,1,0) -> 0 | AZ20: =IF(AI20>0,1,0) -> 0 | BA20: =IF(AJ20>0,1,0) -> 0 | BB20: =IF(AK20>0,1,0) -> 0 | BC20: =IF(AL20>0,1,0) -> 0 | BD20: =IF(AM20>0,1,0) -> 0 | ... BF20: =IF(AO20>0,1,0) -> 0
C21: 2.1 | D21: 室温制御 | G21: 5 | M21: =ROUNDDOWN(V21,1) -> 3 | N21: =W21 -> 0.5 | O21: =ROUNDDOWN(X21,1) -> 3 | P21: =Y21 -> 1 | V21: =SUMPRODUCT(V22:V29,W22:W29) -> 3 | W21: =重み!D21 -> 0.5 | X21: =SUMPRODUCT(X22:X29,Y22:Y29) -> 3 | Y21: =重み!E21 -> 1 | AB21: =重み!M21 -> 0.5 | AD21: =重み!N21 -> 0.17241379 | AP21: =ROUNDDOWN(AT21,1) -> 0
D22: 1 | E22: 室温 | M22: =ROUNDDOWN(S22,1) -> 3 | N22: =W22 -> 0.46634615 | O22: =ROUNDDOWN(T22,1) -> 0 | P22: =Y22 -> 0 | S22: =IF(採点Q1!F144="対象外",0,採点Q1!F144) -> 3 | T22: =採点Q1!M144 -> 0 | V22: =M22 -> 3 | W22: =重み!D22 -> 0.46634615 | X22: =O22 -> 0 | Y22: =重み!E22 -> 0 | AB22: =重み!M22 -> 0.33448276 | AD22: =重み!N22 -> 0 | AP22: =ROUNDDOWN(AT22,1) -> 0
D23: 2 | E23: 負荷変動・追従制御性 | M23: =ROUNDDOWN(S23,1) -> 0 | N23: =W23 -> 0 | O23: =ROUNDDOWN(T23,1) -> 0 | P23: =Y23 -> 0 | S23: =IF(採点Q1!F160="対象外",0,採点Q1!F160) -> 0 | V23: =M23 -> 0 | W23: =重み!D23 -> 0 | Y23: =重み!E23 -> 0 | AB23: =重み!M23 -> 0.11724138 | AD23: =重み!N23 -> 0 | AP23: =ROUNDDOWN(AT23,1) -> 0
D24: 2 | E24: 外皮性能 | M24: =ROUNDDOWN(S24,1) -> 3 | N24: =W24 -> 0.30288462 | O24: =ROUNDDOWN(T24,1) -> 3 | P24: =Y24 -> 1 | S24: =IF(採点Q1!F169="対象外",0,採点Q1!F169) -> 3 | T24: =採点Q1!K169 -> 3 | V24: =M24 -> 3 | W24: =重み!D24 -> 0.30288462 | X24: =O24 -> 3 | Y24: =重み!E24 -> 1 | AB24: =重み!M24 -> 0.21724138 | AD24: =重み!N24 -> 0.10344828 | AP24: =ROUNDDOWN(AT24,1) -> 0
D25: 3 | E25: ゾーン別制御性 | M25: =ROUNDDOWN(S25,1) -> 3 | N25: =W25 -> 0.23076923 | O25: =ROUNDDOWN(T25,1) -> 0 | P25: =Y25 -> 0 | S25: =IF(採点Q1!F185="対象外",0,採点Q1!F185) -> 3 | V25: =M25 -> 3 | W25: =重み!D25 -> 0.23076923 | Y25: =重み!E25 -> 0 | AB25: =重み!M25 -> 0.16551724 | AD25: =重み!N25 -> 0 | AP25: =ROUNDDOWN(AT25,1) -> 0
D26: 5 | E26: 温度・湿度制御 | M26: =ROUNDDOWN(S26,1) -> 0 | N26: =W26 -> 0 | O26: =ROUNDDOWN(T26,1) -> 0 | P26: =Y26 -> 0 | S26: =IF(採点Q1!F194="対象外",0,採点Q1!F194) -> 0 | T26: =採点Q1!K194 -> 0 | V26: =M26 -> 0 | W26: =重み!D26 -> 0 | X26: =O26 -> 0 | Y26: =重み!E26 -> 0 | AB26: =重み!M26 -> 0.11724138 | AD26: =重み!N26 -> 0 | AP26: =ROUNDDOWN(AT26,1) -> 0
D27: 6 | E27: 個別制御 | M27: =ROUNDDOWN(S27,1) -> 0 | N27: =W27 -> 0 | O27: =ROUNDDOWN(T27,1) -> 0 | P27: =Y27 -> 0 | T27: =採点Q1!F203 -> 0 | W27: =重み!D27 -> 0 | X27: =O27 -> 0 | Y27: =重み!E27 -> 0 | AB27: =重み!M27 -> 0 | AD27: =重み!N27 -> 0.068965517 | AP27: =ROUNDDOWN(AT27,1) -> 0
D28: 7 | E28: 時間外空調に対する配慮 | M28: =ROUNDDOWN(S28,1) -> 0 | N28: =W28 -> 0 | O28: =ROUNDDOWN(T28,1) -> 0 | P28: =Y28 -> 0 | S28: =IF(採点Q1!F212="対象外",0,採点Q1!F212) -> 0 | V28: =M28 -> 0 | W28: =重み!D28 -> 0 | Y28: =重み!E28 -> 0 | AB28: =重み!M28 -> 0.089655172 | AD28: =重み!N28 -> 0 | AP28: =ROUNDDOWN(AT28,1) -> 0
D29: 8 | E29: 監視システム | M29: =ROUNDDOWN(S29,1) -> 0 | N29: =W29 -> 0 | O29: =ROUNDDOWN(T29,1) -> 0 | P29: =Y29 -> 0 | S29: =IF(採点Q1!K212="対象外",0,採点Q1!K212) -> 0 | V29: =M29 -> 0 | W29: =重み!D29 -> 0 | Y29: =重み!E29 -> 0 | AB29: =重み!M29 -> 0 | AD29: =重み!N29 -> 0 | AP29: =ROUNDDOWN(AT29,1) -> 0
C30: 2.2 | D30: 湿度制御 | G30: 5 | M30: =ROUNDDOWN(S30,1) -> 3 | N30: =W30 -> 0.2 | O30: =ROUNDDOWN(T30,1) -> 0 | P30: =Y30 -> 0 | S30: =IF(採点Q1!F221="対象外",0,採点Q1!F221) -> 3 | T30: =採点Q1!K221 -> 0 | V30: =M30 -> 3 | W30: =重み!D30 -> 0.2 | X30: =O30 -> 0 | Y30: =重み!E30 -> 0 | AB30: =重み!M30 -> 0.2 | AD30: =重み!N30 -> 0 | AP30: =ROUNDDOWN(AT30,1) -> 0
C31: 2.3 | D31: 空調方式 | G31: 5 | M31: =ROUNDDOWN(V31,1) -> 3 | N31: =W31 -> 0.3 | O31: =ROUNDDOWN(X31,1) -> 0 | P31: =Y31 -> 0 | S31: =IF(採点Q1!F238="対象外",0,採点Q1!F238) -> 0 | T31: =採点Q1!K238 -> 0 | V31: =SUMPRODUCT(V32:V33,W32:W33) -> 3 | W31: =重み!D31 -> 0.3 | X31: =SUMPRODUCT(X32:X33,Y32:Y33) -> 0 | Y31: =重み!E31 -> 0 | AB31: =重み!M31 -> 0.3 | AD31: =重み!N31 -> 0 | AP31: =ROUNDDOWN(AT31,1) -> 0
D32: 1 | E32: 上下温度差 | M32: =ROUNDDOWN(S32,1) -> 3 | N32: =W32 -> 0.5 | O32: =ROUNDDOWN(X32,1) -> 0 | P32: =Y32 -> 0 | S32: =採点Q1!F255 -> 3 | V32: =M32 -> 3 | W32: =重み!D32 -> 0.5 | Y32: =重み!E32 -> 0 | AB32: =重み!M32 -> 0.5 | AD32: =重み!N32 -> 0 | AP32: =ROUNDDOWN(AT32,1) -> 0
D33: 2 | E33: 平均気流速度 | M33: =ROUNDDOWN(S33,1) -> 3 | N33: =W33 -> 0.5 | O33: =ROUNDDOWN(X33,1) -> 0 | P33: =Y33 -> 0 | S33: =採点Q1!K255 -> 3 | V33: =M33 -> 3 | W33: =重み!D33 -> 0.5 | Y33: =重み!E33 -> 0 | AB33: =重み!M33 -> 0.5 | AD33: =重み!N33 -> 0 | AP33: =ROUNDDOWN(AT33,1) -> 0
B34: 3 | C34: 光・視環境 | M34: =ROUNDDOWN(V34,1) -> 3 | N34: =W34 -> 0.25 | O34: =ROUNDDOWN(X34,1) -> 3 | P34: =Y34 -> 1 | Q34: =ROUNDDOWN(Z34,1) -> 3 | V34: =V35*W35+V39*W39+V43*W43+V46*W46 -> 3 | W34: =重み!D34 -> 0.25 | X34: =X35*Y35+X39*Y39+X43*Y43+X46*Y46 -> 3 | Y34: =SUM(Y35,Y39,Y43,Y46) -> 1 | Z34: =IF(X34=0,V34,IF(V34=0,X34,V34*AB$6+X34*AD$6)) -> 3 | AB34: =重み!M34 -> 0.25 | AD34: =SUM(AD35,AD39,AD43,AD46) -> 0.17241379 | AF34: 3 | AK34: 0 | AP34: =ROUNDDOWN(AT34,1) -> 3 | AQ34: =N34 -> 0.25 | AT34: =IF(AV34=0,0,SUMPRODUCT($AW$7:$BF$7,AF34:AO34)/AV34) -> 3 | AV34: =SUMPRODUCT($AW$7:$BF$7,AW34:BF34) -> 0.34482759 | AW34: =IF(AF34>0,1,0) -> 1 | AX34: =IF(AG34>0,1,0) -> 0 | AY34: =IF(AH34>0,1,0) -> 0 | AZ34: =IF(AI34>0,1,0) -> 0 | BA34: =IF(AJ34>0,1,0) -> 0 | BB34: =IF(AK34>0,1,0) -> 0 | BC34: =IF(AL34>0,1,0) -> 0 | BD34: =IF(AM34>0,1,0) -> 0 | ... BF34: =IF(AO34>0,1,0) -> 0
C35: 3.1 | D35: 昼光利用 | G35: 5 | M35: =ROUNDDOWN(V35,1) -> 3 | N35: =W35 -> 0.3 | O35: =ROUNDDOWN(X35,1) -> 3 | P35: =Y35 -> 0.3 | V35: =SUMPRODUCT(V36:V38,W36:W38) -> 3 | W35: =重み!D35 -> 0.3 | X35: =SUMPRODUCT(X36:X38,Y36:Y38) -> 3 | Y35: =重み!E35 -> 0.3 | AB35: =重み!M35 -> 0.3 | AD35: =重み!N35 -> 0.051724138 | AP35: =ROUNDDOWN(AT35,1) -> 0
D36: 1 | E36: 昼光率 | M36: =ROUNDDOWN(S36,1) -> 3 | N36: =W36 -> 0.6 | O36: =ROUNDDOWN(T36,1) -> 3 | P36: =Y36 -> 0.5 | S36: =IF(採点Q1!F266="対象外",0,採点Q1!F266) -> 3 | T36: =採点Q1!K266 -> 3 | V36: =M36 -> 3 | W36: =重み!D36 -> 0.6 | X36: =O36 -> 3 | Y36: =重み!E36 -> 0.5 | AB36: =重み!M36 -> 0.6 | AD36: =重み!N36 -> 0.086206897 | AP36: =ROUNDDOWN(AT36,1) -> 0
D37: 2 | E37: 方位別開口 | M37: =ROUNDDOWN(S37,1) -> 0 | N37: =W37 -> 0 | O37: =ROUNDDOWN(T37,1) -> 3 | P37: =Y37 -> 0.3 | T37: =採点Q1!F275 -> 3 | W37: =重み!D37 -> 0 | X37: =O37 -> 3 | Y37: =重み!E37 -> 0.3 | AB37: =重み!M37 -> 0 | AD37: =重み!N37 -> 0.051724138 | AP37: =ROUNDDOWN(AT37,1) -> 0
D38: 3 | E38: 昼光利用設備 | M38: =ROUNDDOWN(S38,1) -> 3 | N38: =W38 -> 0.4 | O38: =ROUNDDOWN(T38,1) -> 3 | P38: =Y38 -> 0.2 | S38: =IF(採点Q1!F284="対象外",0,採点Q1!F284) -> 3 | T38: =採点Q1!K284 -> 3 | V38: =M38 -> 3 | W38: =重み!D38 -> 0.4 | X38: =O38 -> 3 | Y38: =重み!E38 -> 0.2 | AB38: =重み!M38 -> 0.4 | AD38: =重み!N38 -> 0.034482759 | AP38: =ROUNDDOWN(AT38,1) -> 0
C39: 3.2 | D39: グレア対策 | G39: 5 | M39: =ROUNDDOWN(V39,1) -> 3 | N39: =W39 -> 0.23793103 | O39: =ROUNDDOWN(X39,1) -> 3 | P39: =Y39 -> 0.3 | V39: =SUMPRODUCT(V40:V42,W40:W42) -> 3 | W39: =重み!D39 -> 0.23793103 | X39: =SUMPRODUCT(X40:X42,Y40:Y42) -> 3 | Y39: =重み!E39 -> 0.3 | AB39: =重み!M39 -> 0.23793103 | AD39: =重み!N39 -> 0.051724138 | AP39: =ROUNDDOWN(AT39,1) -> 0
D40: 1 | E40: 照明器具のグレア | M40: =ROUNDDOWN(S40,1) -> 0 | N40: =W40 -> 0 | O40: =ROUNDDOWN(T40,1) -> 0 | P40: =Y40 -> 0 | S40: =IF(採点Q1!F294="対象外",0,採点Q1!F294) -> 0 | T40: =採点Q1!K294 -> 0 | V40: =M40 -> 0 | W40: =重み!D40 -> 0 | X40: =O40 -> 0 | Y40: =重み!E40 -> 0 | AB40: =重み!M40 -> 0.28965517 | AD40: =重み!N40 -> 0.068965517 | AP40: =ROUNDDOWN(AT40,1) -> 0
D41: 1 | E41: 昼光制御 | M41: =ROUNDDOWN(S41,1) -> 3 | N41: =W41 -> 0.83561644 | O41: =ROUNDDOWN(T41,1) -> 3 | P41: =Y41 -> 1 | S41: =IF(採点Q1!F303="対象外",0,採点Q1!F303) -> 3 | T41: =採点Q1!K303 -> 3 | V41: =M41 -> 3 | W41: =重み!D41 -> 0.83561644 | X41: =O41 -> 3 | Y41: =重み!E41 -> 1 | AB41: =重み!M41 -> 0.42068966 | AD41: =重み!N41 -> 0.10344828 | AP41: =ROUNDDOWN(AT41,1) -> 0
D42: 2 | E42: 映り込み対策 | M42: =ROUNDDOWN(S42,1) -> 3 | S42: =採点Q1!F312 -> 3 | V42: =M42 -> 3 | W42: =重み!D42 -> 0.16438356 | X42: =O42 -> 0 | Y42: =重み!E42 -> 0 | AB42: =重み!M42 -> 0.082758621 | AD42: =重み!N42 -> 0 | AP42: =ROUNDDOWN(AT42,1) -> 0
C43: 3.3 | D43: 照度 | G43: 5 | M43: =ROUNDDOWN(S43,1) -> 3 | N43: =W43 -> 0.16034483 | O43: =ROUNDDOWN(T43,1) -> 3 | P43: =Y43 -> 0.15 | S43: =IF(採点Q1!F326="対象外",0,採点Q1!F326) -> 3 | T43: =採点Q1!M326 -> 3 | V43: =M43 -> 3 | W43: =重み!D43 -> 0.16034483 | X43: =O43 -> 3 | Y43: =重み!E43 -> 0.15 | AB43: =重み!M43 -> 0.16034483 | AD43: =重み!N43 -> 0.025862069 | AP43: =ROUNDDOWN(AT43,1) -> 0
D44: 1 | E44: 照度 | M44: =ROUNDDOWN(S44,1) -> 0 | N44: =W44 -> 0 | O44: =ROUNDDOWN(T44,1) -> 0 | P44: =Y44 -> 0 | W44: =重み!D44 -> 0 | Y44: =重み!E44 -> 0 | AB44: =重み!M44 -> 0 | AD44: =重み!N44 -> 0 | AP44: =ROUNDDOWN(AT44,1) -> 0
D45: 2 | E45: 照度均斉度 | M45: =ROUNDDOWN(S45,1) -> 0 | N45: =W45 -> 0 | O45: =ROUNDDOWN(T45,1) -> 0 | P45: =Y45 -> 0 | W45: =重み!D45 -> 0 | Y45: =重み!E45 -> 0 | AB45: =重み!M45 -> 0 | AD45: =重み!N45 -> 0 | AP45: =ROUNDDOWN(AT45,1) -> 0
C46: 3.4 | D46: 照明制御 | G46: 5 | M46: =ROUNDDOWN(S46,1) -> 3 | N46: =W46 -> 0.30172414 | O46: =ROUNDDOWN(T46,1) -> 3 | P46: =Y46 -> 0.25 | S46: =IF(採点Q1!F344="対象外",0,採点Q1!F344) -> 3 | T46: =採点Q1!K344 -> 3 | V46: =M46 -> 3 | W46: =重み!D46 -> 0.30172414 | X46: =O46 -> 3 | Y46: =重み!E46 -> 0.25 | AB46: =重み!M46 -> 0.30172414 | AD46: =重み!N46 -> 0.043103448 | AP46: =ROUNDDOWN(AT46,1) -> 0
B47: 4 | C47: 空気質環境 | M47: =ROUNDDOWN(V47,1) -> 3 | N47: =W47 -> 0.25 | O47: =ROUNDDOWN(X47,1) -> 3 | P47: =Y47 -> 1 | Q47: =ROUNDDOWN(Z47,1) -> 3 | V47: =V48*W48+V53*W53+V58*W58 -> 3 | W47: =重み!D47 -> 0.25 | X47: =X48*Y48+X53*Y53+X58*Y58 -> 3 | Y47: =SUM(Y48,Y53,Y58) -> 1 | Z47: =IF(X47=0,V47,IF(V47=0,X47,V47*AB$6+X47*AD$6)) -> 3 | AB47: =重み!M47 -> 0.25 | AD47: =SUM(AD48,AD53,AD58) -> 0.17241379 | AF47: 3 | AK47: 0 | AP47: =ROUNDDOWN(AT47,1) -> 3 | AQ47: =N47 -> 0.25 | AT47: =IF(AV47=0,0,SUMPRODUCT($AW$7:$BF$7,AF47:AO47)/AV47) -> 3 | AV47: =SUMPRODUCT($AW$7:$BF$7,AW47:BF47) -> 0.34482759 | AW47: =IF(AF47>0,1,0) -> 1 | AX47: =IF(AG47>0,1,0) -> 0 | AY47: =IF(AH47>0,1,0) -> 0 | AZ47: =IF(AI47>0,1,0) -> 0 | BA47: =IF(AJ47>0,1,0) -> 0 | BB47: =IF(AK47>0,1,0) -> 0 | BC47: =IF(AL47>0,1,0) -> 0 | BD47: =IF(AM47>0,1,0) -> 0 | ... BF47: =IF(AO47>0,1,0) -> 0
C48: 4.1 | D48: 発生源対策 | G48: 発生源対策 | M48: =ROUNDDOWN(V48,1) -> 3 | N48: =W48 -> 0.51724138 | O48: =ROUNDDOWN(X48,1) -> 3 | P48: =Y48 -> 0.625 | V48: =SUMPRODUCT(V49:V52,W49:W52) -> 3 | W48: =重み!D48 -> 0.51724138 | X48: =SUMPRODUCT(X49:X52,Y49:Y52) -> 3 | Y48: =重み!E48 -> 0.625 | AB48: =重み!M48 -> 0.51724138 | AD48: =重み!N48 -> 0.10775862
D49: 1 | E49: 化学汚染物質 | G49: 2 | M49: =ROUNDDOWN(S49,1) -> 3 | N49: =W49 -> 0.5 | O49: =ROUNDDOWN(T49,1) -> 3 | P49: =Y49 -> 0.5 | S49: =IF(採点Q1!F362="対象外",0,採点Q1!F362) -> 3 | T49: =採点Q1!K362 -> 3 | V49: =M49 -> 3 | W49: =重み!D49 -> 0.5 | X49: =O49 -> 3 | Y49: =重み!E49 -> 0.5 | AB49: =重み!M49 -> 0.2637931 | AD49: =重み!N49 -> 0.043103448
D50: 2 | E50: アスベスト対策 | M50: =ROUNDDOWN(S50,1) -> 3 | N50: =W50 -> 0.5 | O50: =ROUNDDOWN(T50,1) -> 3 | P50: =Y50 -> 0.5 | S50: =採点Q1!F371 -> 3 | T50: =採点Q1!K371 -> 3 | V50: =M50 -> 3 | W50: =重み!D50 -> 0.5 | X50: =O50 -> 3 | Y50: =重み!E50 -> 0.5 | AB50: =重み!M50 -> 0.2637931 | AD50: =重み!N50 -> 0.043103448
D51: 3 | E51: ダニ・カビ等 | M51: =ROUNDDOWN(S51,1) -> 0 | N51: =W51 -> 0 | O51: =ROUNDDOWN(T51,1) -> 0 | P51: =Y51 -> 0 | S51: =IF(採点Q1!F380="対象外",0,採点Q1!F380) -> 0 | T51: =採点Q1!K380 -> 0 | V51: =M51 -> 0 | W51: =重み!D51 -> 0 | X51: =O51 -> 0 | Y51: =重み!E51 -> 0 | AB51: =重み!M51 -> 0.2637931 | AD51: =重み!N51 -> 0.043103448
D52: 4 | E52: レジオネラ対策 | M52: =ROUNDDOWN(S52,1) -> 0 | N52: =W52 -> 0 | O52: =ROUNDDOWN(T52,1) -> 0 | P52: =Y52 -> 0 | S52: =IF(採点Q1!F389="対象外",0,採点Q1!F389) -> 0 | T52: =採点Q1!K389 -> 0 | V52: =M52 -> 0 | W52: =重み!D52 -> 0 | X52: =O52 -> 0 | Y52: =重み!E52 -> 0 | AB52: =重み!M52 -> 0.20689655 | AD52: =重み!N52 -> 0.043103448
C53: 4.2 | D53: 換気 | G53: 5 | M53: =ROUNDDOWN(V53,1) -> 3 | N53: =W53 -> 0.31724138 | O53: =ROUNDDOWN(X53,1) -> 3 | P53: =Y53 -> 0.375 | V53: =SUMPRODUCT(V54:V57,W54:W57) -> 3 | W53: =重み!D53 -> 0.31724138 | X53: =SUMPRODUCT(X54:X57,Y54:Y57) -> 3 | Y53: =重み!E53 -> 0.375 | AB53: =重み!M53 -> 0.31724138 | AD53: =重み!N53 -> 0.064655172
D54: 1 | E54: 換気量 | M54: =ROUNDDOWN(S54,1) -> 3 | N54: =W54 -> 0.26086957 | O54: =ROUNDDOWN(T54,1) -> 3 | P54: =Y54 -> 0 | S54: =IF(採点Q1!F399="対象外",0,採点Q1!F399) -> 3 | T54: =採点Q1!K399 -> 3 | V54: =M54 -> 3 | W54: =重み!D54 -> 0.26086957 | X54: =O54 -> 3 | Y54: =重み!E54 -> 0 | AB54: =重み!M54 -> 0.20689655 | AD54: =重み!N54 -> 0
D55: 2 | E55: 自然換気性能 | M55: =ROUNDDOWN(S55,1) -> 3 | N55: =W55 -> 0.26086957 | O55: =ROUNDDOWN(T55,1) -> 3 | P55: =Y55 -> 0.5 | S55: =IF(採点Q1!F408="対象外",0,採点Q1!F408) -> 3 | T55: =採点Q1!K408 -> 3 | V55: =M55 -> 3 | W55: =重み!D55 -> 0.26086957 | X55: =O55 -> 3 | Y55: =重み!E55 -> 0.5 | AB55: =重み!M55 -> 0.20689655 | AD55: =重み!N55 -> 0.056896552
D56: 3 | E56: 取り入れ外気への配慮 | M56: =ROUNDDOWN(S56,1) -> 3 | N56: =W56 -> 0.47826087 | O56: =ROUNDDOWN(T56,1) -> 3 | P56: =Y56 -> 0.5 | S56: =IF(採点Q1!F417="対象外",0,採点Q1!F417) -> 3 | T56: =採点Q1!K417 -> 3 | V56: =M56 -> 3 | W56: =重み!D56 -> 0.47826087 | X56: =O56 -> 3 | Y56: =重み!E56 -> 0.5 | AB56: =重み!M56 -> 0.37931034 | AD56: =重み!N56 -> 0.056896552
D57: 4 | E57: 給気計画 | M57: =ROUNDDOWN(S57,1) -> 0 | N57: =W57 -> 0 | O57: =ROUNDDOWN(T57,1) -> 0 | P57: =Y57 -> 0 | S57: =IF(採点Q1!F426="対象外",0,採点Q1!F426) -> 0 | T57: =採点Q1!K426 -> 0 | V57: =M57 -> 0 | W57: =重み!D57 -> 0 | X57: =O57 -> 0 | Y57: =重み!E57 -> 0 | AB57: =重み!M57 -> 0.22413793 | AD57: =重み!N57 -> 0.056896552
C58: 4.3 | D58: 運用管理 | G58: 5 | M58: =ROUNDDOWN(V58,1) -> 3 | N58: =W58 -> 0.16551724 | O58: =ROUNDDOWN(X58,1) -> 0 | P58: =Y58 -> 0 | V58: =SUMPRODUCT(V59:V60,W59:W60) -> 3 | W58: =重み!D58 -> 0.16551724 | X58: =SUMPRODUCT(X59:X60,Y59:Y60) -> 0 | Y58: =重み!E58 -> 0 | AB58: =重み!M58 -> 0.16551724 | AD58: =重み!N58 -> 0
D59: 1 | E59: CO2の監視 | M59: =ROUNDDOWN(S59,1) -> 3 | N59: =W59 -> 0.5 | O59: =ROUNDDOWN(X59,1) -> 0 | P59: =Y59 -> 0 | S59: =IF(採点Q1!F436="対象外",0,採点Q1!F436) -> 3 | V59: =M59 -> 3 | W59: =重み!D59 -> 0.5 | Y59: =重み!E59 -> 0 | AB59: =重み!M59 -> 0.4137931 | AD59: =重み!N59 -> 0
D60: 2 | E60: 喫煙の制御 | M60: =ROUNDDOWN(S60,1) -> 3 | N60: =W60 -> 0.5 | O60: =ROUNDDOWN(X60,1) -> 0 | P60: =Y60 -> 0 | S60: =IF(採点Q1!K436="対象外",0,採点Q1!K436) -> 3 | V60: =M60 -> 3 | W60: =重み!D60 -> 0.5 | Y60: =重み!E60 -> 0 | AB60: =重み!M60 -> 0.4137931 | AD60: =重み!N60 -> 0
B61: Q2 | C61: サービス性能 | M61: =ROUNDDOWN(V61,1) -> 0 | N61: =W61 -> 0.3 | O61: =ROUNDDOWN(X61,1) -> 0 | P61: =Y61 -> 0 | Q61: =ROUNDDOWN(Z61,1) -> 3 | W61: =重み!D61 -> 0.3 | Z61: =Z62*W62+Z75*W75+Z97*W97 -> 3.042418 | AB61: =重み!M61 -> 0.3 | AD61: =重み!N61 -> 0 | AQ61: =N61 -> 0.3 | AR61: =ROUNDDOWN(AT61,1) -> 3.8 | AT61: =SUMPRODUCT(AQ62:AQ108,AT62:AT108) -> 3.8 | AV61: =SUMPRODUCT($AW$7:$BF$7,AW61:BF61) -> 0 | AW61: =IF(AF61>0,1,0) -> 0 | AX61: =IF(AG61>0,1,0) -> 0 | AY61: =IF(AH61>0,1,0) -> 0 | AZ61: =IF(AI61>0,1,0) -> 0 | BA61: =IF(AJ61>0,1,0) -> 0 | BB61: =IF(AK61>0,1,0) -> 0 | BC61: =IF(AL61>0,1,0) -> 0 | BD61: =IF(AM61>0,1,0) -> 0 | ... BF61: =IF(AO61>0,1,0) -> 0
B62: 1 | C62: 機能性 | M62: =ROUNDDOWN(V62,1) -> 3 | N62: =W62 -> 0.4 | O62: =ROUNDDOWN(X62,1) -> 3 | P62: =Y62 -> 1 | Q62: =ROUNDDOWN(Z62,1) -> 3 | V62: =V63*W63+V67*W67+V71*W71 -> 3 | W62: =重み!D62 -> 0.4 | X62: =X63*Y63+X67*Y67+X71*Y71 -> 3 | Y62: =SUM(Y63,Y67,Y71) -> 1 | Z62: =IF(X62=0,V62,IF(V62=0,X62,V62*AB$6+X62*AD$6)) -> 3 | AB62: =重み!M62 -> 0.4 | AD62: =SUM(AD63,AD67) -> 0.17241379 | AF62: 5 | AK62: 0 | AP62: =ROUNDDOWN(AT62,1) -> 5 | AQ62: =N62 -> 0.4 | AT62: =IF(AV62=0,0,SUMPRODUCT($AW$7:$BF$7,AF62:AO62)/AV62) -> 5 | AV62: =SUMPRODUCT($AW$7:$BF$7,AW62:BF62) -> 0.34482759 | AW62: =IF(AF62>0,1,0) -> 1 | AX62: =IF(AG62>0,1,0) -> 0 | AY62: =IF(AH62>0,1,0) -> 0 | AZ62: =IF(AI62>0,1,0) -> 0 | BA62: =IF(AJ62>0,1,0) -> 0 | BB62: =IF(AK62>0,1,0) -> 0 | BC62: =IF(AL62>0,1,0) -> 0 | BD62: =IF(AM62>0,1,0) -> 0 | ... BF62: =IF(AO62>0,1,0) -> 0
C63: 1.1 | D63: 機能性・使いやすさ | G63: 5 | M63: =ROUNDDOWN(V63,1) -> 3 | N63: =W63 -> 0.4 | O63: =ROUNDDOWN(X63,1) -> 3 | P63: =Y63 -> 0.6 | V63: =SUMPRODUCT(V64:V66,W64:W66) -> 3 | W63: =重み!D63 -> 0.4 | X63: =SUMPRODUCT(X64:X66,Y64:Y66) -> 3 | Y63: =重み!E63 -> 0.6 | AB63: =重み!M63 -> 0.4 | AD63: =重み!N63 -> 0.10344828 | AP63: =ROUNDDOWN(AT63,1) -> 0
D64: 1 | E64: 広さ・収納性 | M64: =ROUNDDOWN(S64,1) -> 3 | N64: =W64 -> 0.25287356 | O64: =ROUNDDOWN(T64,1) -> 3 | P64: =Y64 -> 0 | S64: =IF(採点Q2!F9="対象外",0,採点Q2!F9) -> 3 | T64: =採点Q2!K9 -> 3 | V64: =M64 -> 3 | W64: =重み!D64 -> 0.25287356 | X64: =O64 -> 3 | Y64: =重み!E64 -> 0 | AB64: =重み!M64 -> 0.25287356 | AD64: =重み!N64 -> 0 | AP64: =ROUNDDOWN(AT64,1) -> 0
D65: 2 | E65: 高度情報通信設備対応 | M65: =ROUNDDOWN(S65,1) -> 3 | N65: =W65 -> 0.11494253 | O65: =ROUNDDOWN(T65,1) -> 3 | P65: =Y65 -> 1 | S65: =IF(採点Q2!F18="対象外",0,採点Q2!F18) -> 3 | T65: =採点Q2!K18 -> 3 | V65: =M65 -> 3 | W65: =重み!D65 -> 0.11494253 | X65: =O65 -> 3 | Y65: =重み!E65 -> 1 | AB65: =重み!M65 -> 0.11494253 | AD65: =重み!N65 -> 0.17241379 | AP65: =ROUNDDOWN(AT65,1) -> 0
D66: 3 | E66: バリアフリー計画 | M66: =ROUNDDOWN(S66,1) -> 3 | N66: =W66 -> 0.63218391 | O66: =ROUNDDOWN(T66,1) -> 0 | P66: =Y66 -> 0 | S66: =IF(採点Q2!F27="対象外",0,採点Q2!F27) -> 3 | V66: =M66 -> 3 | W66: =重み!D66 -> 0.63218391 | Y66: =重み!E66 -> 0 | AB66: =重み!M66 -> 0.63218391 | AD66: =重み!N66 -> 0 | AP66: =ROUNDDOWN(AT66,1) -> 0
C67: 1.2 | D67: 心理性・快適性 | G67: 5 | M67: =ROUNDDOWN(V67,1) -> 3 | N67: =W67 -> 0.3 | O67: =ROUNDDOWN(X67,1) -> 3 | P67: =Y67 -> 0.4 | V67: =SUMPRODUCT(V68:V70,W68:W70) -> 3 | W67: =重み!D67 -> 0.3 | X67: =SUMPRODUCT(X68:X70,Y68:Y70) -> 3 | Y67: =重み!E67 -> 0.4 | AB67: =重み!M67 -> 0.3 | AD67: =重み!N67 -> 0.068965517 | AP67: =ROUNDDOWN(AT67,1) -> 0
D68: 1 | E68: 広さ感・景観 | M68: =ROUNDDOWN(S68,1) -> 3 | N68: =W68 -> 0.11494253 | O68: =ROUNDDOWN(T68,1) -> 0 | P68: =Y68 -> 0 | S68: =IF(採点Q2!F37="対象外",0,採点Q2!F37) -> 3 | T68: =採点Q2!M37 -> 0 | V68: =M68 -> 3 | W68: =重み!D68 -> 0.11494253 | X68: =O68 -> 0 | Y68: =重み!E68 -> 0 | AB68: =重み!M68 -> 0.11494253 | AD68: =重み!N68 -> 0 | AP68: =ROUNDDOWN(AT68,1) -> 0
D69: 2 | E69: リフレッシュスペース | M69: =ROUNDDOWN(S69,1) -> 3 | N69: =W69 -> 0.11494253 | O69: =ROUNDDOWN(T69,1) -> 0 | P69: =Y69 -> 0 | S69: =IF(採点Q2!F46="対象外",0,採点Q2!F46) -> 3 | V69: =M69 -> 3 | W69: =重み!D69 -> 0.11494253 | Y69: =重み!E69 -> 0 | AB69: =重み!M69 -> 0.11494253 | AD69: =重み!N69 -> 0 | AP69: =ROUNDDOWN(AT69,1) -> 0
D70: 3 | E70: 内装計画 | M70: =ROUNDDOWN(S70,1) -> 3 | N70: =W70 -> 0.77011494 | O70: =ROUNDDOWN(T70,1) -> 3 | P70: =Y70 -> 1 | S70: =IF(採点Q2!F55="対象外",0,採点Q2!F55) -> 3 | T70: =採点Q2!K55 -> 3 | V70: =M70 -> 3 | W70: =重み!D70 -> 0.77011494 | X70: =O70 -> 3 | Y70: =重み!E70 -> 1 | AB70: =重み!M70 -> 0.77011494 | AD70: =重み!N70 -> 0.17241379 | AP70: =ROUNDDOWN(AT70,1) -> 0
C71: 1.3 | D71: 維持管理 | M71: =ROUNDDOWN(V71,1) -> 3 | N71: =W71 -> 0.3 | O71: =ROUNDDOWN(X71,1) -> 0 | P71: =Y71 -> 0 | V71: =SUMPRODUCT(V72:V74,W72:W74) -> 3 | W71: =重み!D71 -> 0.3 | X71: =SUMPRODUCT(X72:X74,Y72:Y74) -> 0 | Y71: =重み!E71 -> 0 | AB71: =重み!M71 -> 0.3 | AD71: =重み!N71 -> 0 | AP71: =ROUNDDOWN(AT71,1) -> 0
D72: 1 | E72: 維持管理に配慮した設計 | M72: =ROUNDDOWN(S72,1) -> 3 | N72: =W72 -> 0.5 | O72: =ROUNDDOWN(T72,1) -> 0 | P72: =Y72 -> 0 | S72: =IF(採点Q2!F72="対象外",0,採点Q2!F72) -> 3 | V72: =M72 -> 3 | W72: =重み!D72 -> 0.5 | Y72: =重み!E72 -> 0 | AB72: =重み!M72 -> 0.5 | AD72: =重み!N72 -> 0 | AP72: =ROUNDDOWN(AT72,1) -> 0
D73: 2 | E73: 維持管理用機能の確保 | M73: =ROUNDDOWN(S73,1) -> 3 | N73: =W73 -> 0.3 | O73: =ROUNDDOWN(T73,1) -> 0 | P73: =Y73 -> 0 | S73: =IF(採点Q2!F116="対象外",0,採点Q2!F116) -> 3 | V73: =M73 -> 3 | W73: =重み!D73 -> 0.3 | Y73: =重み!E73 -> 0 | AB73: =重み!M73 -> 0.3 | AD73: =重み!N73 -> 0 | AP73: =ROUNDDOWN(AT73,1) -> 0
D74: 3 | E74: 衛生管理業務 | M74: =ROUNDDOWN(S74,1) -> 3 | N74: =W74 -> 0.2 | O74: =ROUNDDOWN(T74,1) -> 0 | P74: =Y74 -> 0 | S74: =採点Q2!F169 -> 3 | V74: =M74 -> 3 | W74: =重み!D74 -> 0.2 | Y74: =重み!E74 -> 0 | AB74: =重み!M74 -> 0.2 | AD74: =重み!N74 -> 0 | AP74: =ROUNDDOWN(AT74,1) -> 0
B75: 2 | C75: 耐用性・信頼性 | M75: =ROUNDDOWN(V75,1) -> 3.1 | N75: =W75 -> 0.3 | O75: =ROUNDDOWN(X75,1) -> 0 | P75: =Y75 -> 0 | Q75: =ROUNDDOWN(Z75,1) -> 3.1 | V75: =V76*W76+V79*W79+V86*W86+V90*W90 -> 3.1413934 | W75: =重み!D75 -> 0.3 | X75: =X76*Y76+X79*Y79+X90*Y90 -> 0 | Y75: =SUM(Y76,Y79,Y90) -> 0 | Z75: =IF(X75=0,V75,IF(V75=0,X75,V75*AB$6+X75*AD$6)) -> 3.1413934 | AB75: =重み!M75 -> 0.3 | AD75: =SUM(AD76,AD79,AD90) -> 0 | AF75: 3 | AK75: 4 | AP75: =ROUNDDOWN(AT75,1) -> 3 | AQ75: =N75 -> 0.3 | AT75: =SUMPRODUCT($AW$7:$BF$7,AF75:AO75)/AV75 -> 3 | AV75: =SUMPRODUCT($AW$7:$BF$7,AW75:BF75) -> 0.34482759 | AW75: =IF(AF75>0,1,0) -> 1 | AX75: =IF(AG75>0,1,0) -> 0 | AY75: =IF(AH75>0,1,0) -> 0 | AZ75: =IF(AI75>0,1,0) -> 0 | BA75: =IF(AJ75>0,1,0) -> 0 | BB75: =IF(AK75>0,1,0) -> 1 | BC75: =IF(AL75>0,1,0) -> 0 | BD75: =IF(AM75>0,1,0) -> 0 | ... BF75: =IF(AO75>0,1,0) -> 0
C76: 2.1 | D76: 耐震･免震 | G76: 5 | M76: =ROUNDDOWN(V76,1) -> 3 | N76: =W76 -> 0.25 | O76: =ROUNDDOWN(X76,1) -> 0 | P76: =Y76 -> 0 | V76: =SUMPRODUCT(V77:V78,W77:W78) -> 3 | W76: =重み!D76 -> 0.25 | X76: =SUMPRODUCT(X77:X78,Y77:Y78) -> 0 | Y76: =重み!E76 -> 0 | AB76: =重み!M76 -> 0.25 | AD76: =重み!N76 -> 0 | AP76: =ROUNDDOWN(AT76,1) -> 0
D77: 1 | E77: 耐震性 | M77: =ROUNDDOWN(S77,1) -> 3 | N77: =W77 -> 0.8 | O77: =ROUNDDOWN(T77,1) -> 0 | P77: =Y77 -> 0 | S77: =IF(採点Q2!F193="対象外",0,採点Q2!F193) -> 3 | V77: =M77 -> 3 | W77: =重み!D77 -> 0.8 | Y77: =重み!E77 -> 0 | AB77: =重み!M77 -> 0.8 | AD77: =重み!N77 -> 0 | AP77: =ROUNDDOWN(AT77,1) -> 0
D78: 2 | E78: 免震・制振性能 | M78: =ROUNDDOWN(S78,1) -> 3 | N78: =W78 -> 0.2 | O78: =ROUNDDOWN(T78,1) -> 0 | P78: =Y78 -> 0 | S78: =IF(採点Q2!K193="対象外",0,採点Q2!K193) -> 3 | V78: =M78 -> 3 | W78: =重み!D78 -> 0.2 | Y78: =重み!E78 -> 0 | AB78: =重み!M78 -> 0.2 | AD78: =重み!N78 -> 0 | AP78: =ROUNDDOWN(AT78,1) -> 0
C79: 2.2 | D79: 部品・部材の耐用年数 | G79: 5 | M79: =ROUNDDOWN(V79,1) -> 3 | N79: =W79 -> 0.25 | O79: =ROUNDDOWN(X79,1) -> 0 | P79: =Y79 -> 0 | V79: =SUMPRODUCT(V80:V85,W80:W85) -> 3 | W79: =重み!D79 -> 0.25 | X79: =SUMPRODUCT(X80:X85,Y80:Y85) -> 0 | Y79: =重み!E79 -> 0 | AB79: =重み!M79 -> 0.25 | AD79: =重み!N79 -> 0 | AP79: =ROUNDDOWN(AT79,1) -> 0
D80: 1 | E80: 躯体材料の耐用年数 | M80: =ROUNDDOWN(S80,1) -> 3 | N80: =W80 -> 0.25409836 | O80: =ROUNDDOWN(T80,1) -> 0 | P80: =Y80 -> 0 | S80: =IF(採点Q2!F203="対象外",0,採点Q2!F203) -> 3 | V80: =M80 -> 3 | W80: =重み!D80 -> 0.25409836 | Y80: =重み!E80 -> 0 | AB80: =重み!M80 -> 0.2137931 | AD80: =重み!N80 -> 0 | AP80: =ROUNDDOWN(AT80,1) -> 0
D81: 2 | E81: 外壁仕上げ材の補修必要間隔 | M81: =ROUNDDOWN(S81,1) -> 3 | N81: =W81 -> 0.25409836 | O81: =ROUNDDOWN(T81,1) -> 0 | P81: =Y81 -> 0 | S81: =IF(採点Q2!K203="対象外",0,採点Q2!K203) -> 3 | V81: =M81 -> 3 | W81: =重み!D81 -> 0.25409836 | Y81: =重み!E81 -> 0 | AB81: =重み!M81 -> 0.2137931 | AD81: =重み!N81 -> 0 | AP81: =ROUNDDOWN(AT81,1) -> 0
D82: 3 | E82: 主要内装仕上げ材の更新必要間隔 | M82: =ROUNDDOWN(S82,1) -> 0 | N82: =W82 -> 0 | O82: =ROUNDDOWN(T82,1) -> 0 | P82: =Y82 -> 0 | S82: =IF(採点Q2!F212="対象外",0,採点Q2!F212) -> 0 | V82: =M82 -> 0 | W82: =重み!D82 -> 0 | Y82: =重み!E82 -> 0 | AB82: =重み!M82 -> 0 | AD82: =重み!N82 -> 0 | AP82: =ROUNDDOWN(AT82,1) -> 0
D83: 4 | E83: 空調換気ダクトの更新必要間隔 | M83: =ROUNDDOWN(S83,1) -> 3 | N83: =W83 -> 0.11885246 | O83: =ROUNDDOWN(T83,1) -> 0 | P83: =Y83 -> 0 | S83: =IF(採点Q2!K212="対象外",0,採点Q2!K212) -> 3 | V83: =M83 -> 3 | W83: =重み!D83 -> 0.11885246 | Y83: =重み!E83 -> 0 | AB83: =重み!M83 -> 0.1 | AD83: =重み!N83 -> 0 | AP83: =ROUNDDOWN(AT83,1) -> 0
D84: 5 | E84: 空調・給排水配管の更新必要間隔 | M84: =ROUNDDOWN(S84,1) -> 3 | N84: =W84 -> 0.11885246 | O84: =ROUNDDOWN(T84,1) -> 0 | P84: =Y84 -> 0 | S84: =IF(採点Q2!F221="対象外",0,採点Q2!F221) -> 3 | V84: =M84 -> 3 | W84: =重み!D84 -> 0.11885246 | Y84: =重み!E84 -> 0 | AB84: =重み!M84 -> 0.1 | AD84: =重み!N84 -> 0 | AP84: =ROUNDDOWN(AT84,1) -> 0
D85: 6 | E85: 主要設備機器の更新必要間隔 | M85: =ROUNDDOWN(S85,1) -> 3 | N85: =W85 -> 0.25409836 | O85: =ROUNDDOWN(T85,1) -> 0 | P85: =Y85 -> 0 | S85: =IF(採点Q2!K221="対象外",0,採点Q2!K221) -> 3 | V85: =M85 -> 3 | W85: =重み!D85 -> 0.25409836 | Y85: =重み!E85 -> 0 | AB85: =重み!M85 -> 0.2137931 | AD85: =重み!N85 -> 0 | AP85: =ROUNDDOWN(AT85,1) -> 0
C86: 2.3 | D86: 適切な更新 | M86: =ROUNDDOWN(V86,1) -> 3.5 | N86: =W86 -> 0.25 | O86: =ROUNDDOWN(X86,1) -> 0 | P86: =Y86 -> 0 | V86: =SUMPRODUCT(V87:V89,W87:W89) -> 3.5655738 | W86: =重み!D86 -> 0.25 | X86: =SUMPRODUCT(X87:X89,Y87:Y89) -> 0 | Y86: =重み!E86 -> 0 | AB86: =重み!M86 -> 0.25 | AD86: =重み!N86 -> 0 | AP86: =ROUNDDOWN(AT86,1) -> 0
D87: 1 | E87: 屋上（屋根）・外壁仕上げ材の更新 | M87: =ROUNDDOWN(S87,1) -> 3 | N87: =W87 -> 0.39617486 | O87: =ROUNDDOWN(T87,1) -> 0 | P87: =Y87 -> 0 | S87: =採点Q2!F231 -> 3 | V87: =M87 -> 3 | W87: =重み!D87 -> 0.39617486 | Y87: =重み!E87 -> 0 | AB87: =重み!M87 -> 0.33333333 | AD87: =重み!N87 -> 0 | AP87: =ROUNDDOWN(AT87,1) -> 0
D88: 2 | E88: 配管・配線材の更新 | M88: =ROUNDDOWN(S88,1) -> 3 | N88: =W88 -> 0.39617486 | O88: =ROUNDDOWN(T88,1) -> 0 | P88: =Y88 -> 0 | S88: =採点Q2!K231 -> 3 | V88: =M88 -> 3 | W88: =重み!D88 -> 0.39617486 | Y88: =重み!E88 -> 0 | AB88: =重み!M88 -> 0.33333333 | AD88: =重み!N88 -> 0 | AP88: =ROUNDDOWN(AT88,1) -> 0
D89: 3 | E89: 主要設備機器の更新 | M89: =ROUNDDOWN(S89,1) -> 3 | N89: =W89 -> 0.39617486 | O89: =ROUNDDOWN(T89,1) -> 0 | P89: =Y89 -> 0 | S89: =採点Q2!F240 -> 3 | V89: =M89 -> 3 | W89: =重み!D89 -> 0.39617486 | Y89: =重み!E89 -> 0 | AB89: =重み!M89 -> 0.33333333 | AD89: =重み!N89 -> 0 | AP89: =ROUNDDOWN(AT89,1) -> 0
C90: 2.4 | D90: 信頼性 | M90: =ROUNDDOWN(V90,1) -> 3 | N90: =W90 -> 0.25 | O90: =ROUNDDOWN(X90,1) -> 0 | P90: =Y90 -> 0 | V90: =SUMPRODUCT(V91:V95,W91:W95) -> 3 | W90: =重み!D90 -> 0.25 | X90: =SUMPRODUCT(X91:X95,Y91:Y95) -> 0 | Y90: =重み!E90 -> 0 | AB90: =重み!M90 -> 0.25 | AD90: =重み!N90 -> 0 | AP90: =ROUNDDOWN(AT90,1) -> 0
D91: 1 | E91: 空調・換気設備 | M91: =ROUNDDOWN(S91,1) -> 3 | N91: =W91 -> 0.2 | O91: =ROUNDDOWN(T91,1) -> 0 | P91: =Y91 -> 0 | S91: =IF(採点Q2!F250="対象外",0,採点Q2!F250) -> 3 | V91: =M91 -> 3 | W91: =重み!D91 -> 0.2 | Y91: =重み!E91 -> 0 | AB91: =重み!M91 -> 0.2 | AD91: =重み!N91 -> 0 | AP91: =ROUNDDOWN(AT91,1) -> 0
D92: 2 | E92: 給排水・衛生設備 | M92: =ROUNDDOWN(S92,1) -> 3 | N92: =W92 -> 0.2 | O92: =ROUNDDOWN(T92,1) -> 0 | P92: =Y92 -> 0 | S92: =IF(採点Q2!F268="対象外",0,採点Q2!F268) -> 3 | V92: =M92 -> 3 | W92: =重み!D92 -> 0.2 | Y92: =重み!E92 -> 0 | AB92: =重み!M92 -> 0.2 | AD92: =重み!N92 -> 0 | AP92: =ROUNDDOWN(AT92,1) -> 0
D93: 3 | E93: 電気設備 | M93: =ROUNDDOWN(S93,1) -> 3 | N93: =W93 -> 0.2 | O93: =ROUNDDOWN(T93,1) -> 0 | P93: =Y93 -> 0 | S93: =IF(採点Q2!F290="対象外",0,採点Q2!F290) -> 3 | V93: =M93 -> 3 | W93: =重み!D93 -> 0.2 | Y93: =重み!E93 -> 0 | AB93: =重み!M93 -> 0.2 | AD93: =重み!N93 -> 0 | AP93: =ROUNDDOWN(AT93,1) -> 0
D94: 4 | E94: 機械・配管支持方法 | M94: =ROUNDDOWN(S94,1) -> 3 | N94: =W94 -> 0.2 | O94: =ROUNDDOWN(T94,1) -> 0 | P94: =Y94 -> 0 | S94: =IF(採点Q2!F309="対象外",0,採点Q2!F309) -> 3 | V94: =M94 -> 3 | W94: =重み!D94 -> 0.2 | Y94: =重み!E94 -> 0 | AB94: =重み!M94 -> 0.2 | AD94: =重み!N94 -> 0 | AP94: =ROUNDDOWN(AT94,1) -> 0
D95: 5 | E95: 通信・情報設備 | M95: =ROUNDDOWN(S95,1) -> 3 | N95: =W95 -> 0.2 | O95: =ROUNDDOWN(T95,1) -> 0 | P95: =Y95 -> 0 | S95: =IF(採点Q2!F318="対象外",0,採点Q2!F318) -> 3 | V95: =M95 -> 3 | W95: =重み!D95 -> 0.2 | Y95: =重み!E95 -> 0 | AB95: =重み!M95 -> 0.2 | AD95: =重み!N95 -> 0 | AP95: =ROUNDDOWN(AT95,1) -> 0
M96: =ROUNDDOWN(V96,1) -> 0 | N96: =W96 -> 0 | O96: =ROUNDDOWN(X96,1) -> 0 | P96: =Y96 -> 0 | W96: =重み!D96 -> 0 | Y96: =重み!E96 -> 0 | AB96: =重み!M96 -> 0 | AD96: =重み!N96 -> 0 | AP96: =ROUNDDOWN(AT96,1) -> 0
B97: 3 | C97: 対応性・更新性 | M97: =ROUNDDOWN(V97,1) -> 3 | N97: =W97 -> 0.3 | O97: =ROUNDDOWN(X97,1) -> 3 | P97: =Y97 -> 1 | Q97: =ROUNDDOWN(Z97,1) -> 3 | V97: =V98*W98+V101*W101+V102*W102 -> 3 | W97: =重み!D97 -> 0.3 | X97: =X98*Y98+X101*Y101+X102*Y102 -> 3 | Y97: =SUM(Y98,Y101,Y102) -> 1 | Z97: =IF(X97=0,V97,IF(V97=0,X97,V97*AB$6+X97*AD$6)) -> 3 | AB97: =重み!M97 -> 0.3 | AD97: =SUM(AD98,AD101,AD102) -> 0.17241379 | AF97: 3 | AK97: 3 | AP97: =ROUNDDOWN(AT97,1) -> 3 | AQ97: =N97 -> 0.3 | AT97: =SUMPRODUCT($AW$7:$BF$7,AF97:AO97)/AV97 -> 3 | AV97: =SUMPRODUCT($AW$7:$BF$7,AW97:BF97) -> 0.34482759 | AW97: =IF(AF97>0,1,0) -> 1 | AX97: =IF(AG97>0,1,0) -> 0 | AY97: =IF(AH97>0,1,0) -> 0 | AZ97: =IF(AI97>0,1,0) -> 0 | BA97: =IF(AJ97>0,1,0) -> 0 | BB97: =IF(AK97>0,1,0) -> 1 | BC97: =IF(AL97>0,1,0) -> 0 | BD97: =IF(AM97>0,1,0) -> 0 | ... BF97: =IF(AO97>0,1,0) -> 0
C98: 3.1 | D98: 空間のゆとり | G98: 5 | M98: =ROUNDDOWN(V98,1) -> 3 | N98: =W98 -> 0.24827586 | O98: =ROUNDDOWN(X98,1) -> 3 | P98: =Y98 -> 0.5 | V98: =SUMPRODUCT(V99:V100,W99:W100) -> 3 | W98: =重み!D98 -> 0.24827586 | X98: =SUMPRODUCT(X99:X100,Y99:Y100) -> 3 | Y98: =重み!E98 -> 0.5 | AB98: =重み!M98 -> 0.24827586 | AD98: =重み!N98 -> 0.086206897
D99: 1 | E99: 階高のゆとり | M99: =ROUNDDOWN(S99,1) -> 3 | N99: =W99 -> 0.45 | O99: =ROUNDDOWN(T99,1) -> 3 | P99: =Y99 -> 0.6 | S99: =IF(採点Q2!F338="対象外",0,採点Q2!F338) -> 3 | T99: =採点Q2!K338 -> 3 | V99: =M99 -> 3 | W99: =重み!D99 -> 0.45 | X99: =O99 -> 3 | Y99: =重み!E99 -> 0.6 | AB99: =重み!M99 -> 0.37241379 | AD99: =重み!N99 -> 0.10344828
D100: 2 | E100: 空間の形状・自由さ | M100: =ROUNDDOWN(S100,1) -> 3 | N100: =W100 -> 0.55 | O100: =ROUNDDOWN(T100,1) -> 3 | P100: =Y100 -> 0.4 | S100: =IF(採点Q2!F347="対象外",0,採点Q2!F347) -> 3 | T100: =採点Q2!K347 -> 3 | V100: =M100 -> 3 | W100: =重み!D100 -> 0.55 | X100: =O100 -> 3 | Y100: =重み!E100 -> 0.4 | AB100: =重み!M100 -> 0.45517241 | AD100: =重み!N100 -> 0.068965517
C101: 3.2 | D101: 荷重のゆとり | G101: 5 | M101: =ROUNDDOWN(S101,1) -> 3 | N101: =W101 -> 0.24827586 | O101: =ROUNDDOWN(T101,1) -> 3 | P101: =Y101 -> 0.5 | S101: =IF(採点Q2!F358="対象外",0,採点Q2!F358) -> 3 | T101: =採点Q2!M358 -> 3 | V101: =M101 -> 3 | W101: =重み!D101 -> 0.24827586 | X101: =O101 -> 3 | Y101: =重み!E101 -> 0.5 | AB101: =重み!M101 -> 0.24827586 | AD101: =重み!N101 -> 0.086206897
C102: 3.3 | D102: 設備の更新性 | G102: 5 | M102: =ROUNDDOWN(V102,1) -> 3 | N102: =W102 -> 0.50344828 | O102: =ROUNDDOWN(X102,1) -> 0 | P102: =Y102 -> 0 | V102: =SUMPRODUCT(V103:V108,W103:W108) -> 3 | W102: =重み!D102 -> 0.50344828 | X102: =SUMPRODUCT(X103:X108,Y103:Y108) -> 0 | Y102: =重み!E102 -> 0 | AB102: =重み!M102 -> 0.50344828 | AD102: =重み!N102 -> 0
...

Sheet 配慮
B1: ■ 環境設計の配慮事項 | D1: ■建物名称 | E1: =メイン!C11 -> ○○ビル
C3: 計画上の配慮事項
B4: 総合 | C4: 注） 設計における総合的なコンセプトを簡潔に記載してください。
B5: Q1 室内環境 | C5: 注） 「Q1 室内環境」に対する配慮事項を簡潔に記載してください。
B6: Q2 サービス性能 | C6: 注） 「Q2 サービス性能」に対する配慮事項を簡潔に記載してください。
B7: Q3 室外環境（敷地内） | C7: 注） 「Q3 室外環境（敷地内）」に対する配慮事項を簡潔に記載してください。
B8: LR1 エネルギー | C8: 注） 「LR1 エネルギー」に対する配慮事項を簡潔に記載してください。
B9: LR2 資源・マテリアル | C9: 注） 「LR2 資源・マテリアル」に対する配慮事項を簡潔に記載してください。
B10: LR3 敷地外環境 | C10: 注） 「LR3 敷地外環境」に対する配慮事項を簡潔に記載してください。
B11: その他 | C11: 注） 上記の６つのカテゴリー以外に、建設工事における廃棄物削減・リサイクル、歴史的建造物の保存など、建物自体の環境性能としてＣＡＳＢＥＥで評価し難い環境配慮の取組みがあれば、ここに記載してください。

Sheet 係数
B2: 排出係数の設定
B3: 標準計算に用いる電力の排出係数（設定値） | H3: 平成２４年度の電気事業者別実排出係数等の公表値 | O3: 0 | P3: ←オプションボタン番号
C4: 電力事業社名/根拠等 | D4: 排出係数 | H4: ◇算定省令に基づく電気事業者ごとの実排出係数及び代替値
C5: =IF($O$7=0,"根拠を記入してください",$O$7) -> 根拠を記入してください | D5: =IF($P$7=0,O9,$P$7) -> N.A. | E5: ｔ-CO2/kWh | H5: [1]実排出係数
I6: =CO2データ!D105 -> 北海道電力株式会社 | J6: =CO2データ!I105 -> 0.000688 | O6: ↓事業社名 | P6: ↓排出係数
I7: =CO2データ!D106 -> 東北電力株式会社 | J7: =CO2データ!I106 -> 0.0006 | O7: =IF($O$3=1,C10,IF($O$3=2,C16,IF($O$3=3,C20,IF($O$3=4,C24,C28)))) -> 0 | P7: =IF($O$3=1,D10,IF($O$3=2,D16,IF($O$3=3,D20,IF($O$3=4,D24,D28)))) -> 0
B8: （１）評価条件として、与えられた排出係数を用いる場合 | I8: =CO2データ!D107 -> 東京電力株式会社 | J8: =CO2データ!I107 -> 0.000525
C9: 電力事業社名/根拠等 | D9: 排出係数 | I9: =CO2データ!D108 -> 中部電力株式会社 | J9: =CO2データ!I108 -> 0.000516 | O9: N.A.
E10: (t-CO2/kWh) | I10: =CO2データ!D109 -> 北陸電力株式会社 | J10: =CO2データ!I109 -> 0.000663
I11: =CO2データ!D110 -> 関西電力株式会社 | J11: =CO2データ!I110 -> 0.000514
B12: （２）温暖化対策推進法に基づく温室効果ガス排出量の算定方法を参考とする場合 | I12: =CO2データ!D111 -> 中国電力株式会社 | J12: =CO2データ!I111 -> 0.000738
B13: ① | C13: 電気事業者（一般電気事業者及び特定規模電気事業者（PPS））から供給された電気 | I13: =CO2データ!D112 -> 四国電力株式会社 | J13: =CO2データ!I112 -> 0.0007
I14: =CO2データ!D113 -> 九州電力株式会社 | J14: =CO2データ!I113 -> 0.000612
C15: 事業者名 | D15: 排出係数 | I15: =CO2データ!D114 -> 沖縄電力株式会社 | J15: =CO2データ!I114 -> 0.000903
D16: =VLOOKUP(C16,C50:D88,2) -> #N/A | E16: (t-CO2/kWh) | I16: =CO2データ!D115 -> イーレックス株式会社 | J16: =CO2データ!I115 -> 0.000603
I17: =CO2データ!D116 -> 出光グリーンパワー株式会社 | J17: =CO2データ!I116 -> 8.6e-05
B18: ② | C18: その他 | I18: =CO2データ!D117 -> 伊藤忠エネクス株式会社 | J18: =CO2データ!I117 -> 0.000676
C19: 電力事業社名/根拠等 | D19: 排出係数 | I19: =CO2データ!D118 -> エネサーブ株式会社 | J19: =CO2データ!I118 -> 0.000616
E20: (t-CO2/kWh) | I20: =CO2データ!D119 -> 荏原環境プラント株式会社 | J20: =CO2データ!I119 -> 0.000456
I21: =CO2データ!D120 -> 王子製紙株式会社 | J21: =CO2データ!I120 -> 0.000475
B22: ③ | C22: 代替値 | I22: =CO2データ!D121 -> オリックス株式会社 | J22: =CO2データ!I121 -> 0.000762
C23: 根拠等 | D23: 排出係数 | I23: =CO2データ!D122 -> 株式会社イーセル | J23: =CO2データ!I122 -> 0
C24: 代替値 | D24: =IF($O$3=4,J46,"") | E24: (t-CO2/kWh) | I24: =CO2データ!D123 -> 株式会社エネット | J24: =CO2データ!I123 -> 0.000429
I25: =CO2データ!D124 -> 株式会社Ｆ－Ｐｏｗｅｒ | J25: =CO2データ!I124 -> 0.000525
B26: （３）上記以外の場合 | I26: =CO2データ!D125 -> 株式会社Ｇ－Ｐｏｗｅｒ | J26: =CO2データ!I125 -> 0.000441
C27: 電力事業社名/根拠等 | D27: 排出係数 | I27: =CO2データ!D126 -> 株式会社日本セレモニー | J27: =CO2データ!I126 -> 0.000797
E28: (t-CO2/kWh) | I28: =CO2データ!D127 -> サミットエナジー株式会社 | J28: =CO2データ!I127 -> 0.000438
I29: =CO2データ!D128 -> ＪＸ日鉱日石エネルギー株式会社 | J29: =CO2データ!I128 -> 0.000367
I30: =CO2データ!D129 -> ＪＥＮホールディングス株式会社 | J30: =CO2データ!I129 -> 0.000494
I31: =CO2データ!D130 -> 志賀高原リゾート開発株式会社 | J31: =CO2データ!I130 -> 0.000312
I32: =CO2データ!D131 -> 昭和シェル石油株式会社 | J32: =CO2データ!I131 -> 0.000367
I33: =CO2データ!D132 -> 新日鉄住金エンジニアリング株式会社 | J33: =CO2データ!I132 -> 0.000655
I34: =CO2データ!D133 -> 泉北天然ガス発電株式会社 | J34: =CO2データ!I133 -> 0.000388
I35: =CO2データ!D134 -> ダイヤモンドパワー株式会社 | J35: =CO2データ!I134 -> 0.000431
I36: =CO2データ!D135 -> テス・エンジニアリング株式会社 | J36: =CO2データ!I135 -> 0.000494
I37: =CO2データ!D136 -> 東京エコサービス株式会社 | J37: =CO2データ!I136 -> 9.2e-05
I38: =CO2データ!D137 -> 日本テクノ株式会社 | J38: =CO2データ!I137 -> 0.000508
I39: =CO2データ!D138 -> 日本ロジテック協同組合 | J39: =CO2データ!I138 -> 0.000486
I40: =CO2データ!D139 -> パナソニック株式会社 | J40: =CO2データ!I139 -> 0.000498
I41: =CO2データ!D140 -> プレミアムグリーンパワー株式会社 | J41: =CO2データ!I140 -> 1.8e-05
I42: =CO2データ!D141 -> 丸紅株式会社 | J42: =CO2データ!I141 -> 0.000378
I43: =CO2データ!D142 -> ミツウロコグリーンエネルギー株式会社 | J43: =CO2データ!I142 -> 0.000366
I44: =CO2データ!D143 -> リエスパワー株式会社 | J44: =CO2データ!I143 -> 0.00042 | K44: (t-CO2/kWh)
H45: [2]代替値
I46: =CO2データ!D145 -> 代替値 | J46: =CO2データ!I145 -> 0.00055 | K46: (t-CO2/kWh)
B49: 降順並び替え | D49: =CO2データ!I104 -> 実排出係数及び代替値 | F49: =CO2データ!K104 -> 調整後排出係数
C50: ＪＥＮホールディングス株式会社 | D50: =CO2データ!I129 -> 0.000494 | F50: =CO2データ!K129 -> 0.00049 | I50: 調整後排出係数 | J50: =IF(C5=C16,VLOOKUP(C5,C50:F88,4),"N.A.") -> N.A.
C51: ＪＸ日鉱日石エネルギー株式会社 | D51: =CO2データ!I128 -> 0.000367 | F51: =CO2データ!K128 -> 0.000364 | I51: 実排出係数との差 | J51: =D16-J50 -> #N/A
C52: イーレックス株式会社 | D52: =CO2データ!I115 -> 0.000603 | F52: =CO2データ!K115 -> 0.000428
C53: エネサーブ株式会社 | D53: =CO2データ!I118 -> 0.000616 | F53: =CO2データ!K118 -> 0.000482
C54: オリックス株式会社 | D54: =CO2データ!I121 -> 0.000762 | F54: =CO2データ!K121 -> 0.000757
C55: サミットエナジー株式会社 | D55: =CO2データ!I127 -> 0.000438 | F55: =CO2データ!K127 -> 0.000259
C56: ダイヤモンドパワー株式会社 | D56: =CO2データ!I134 -> 0.000431 | F56: =CO2データ!K134 -> 0.000427
C57: テス・エンジニアリング株式会社 | D57: =CO2データ!I135 -> 0.000494 | F57: =CO2データ!K135 -> 0.00049
C58: パナソニック株式会社 | D58: =CO2データ!I139 -> 0.000498 | F58: =CO2データ!K139 -> 0.000492
C59: プレミアムグリーンパワー株式会社 | D59: =CO2データ!I140 -> 1.8e-05 | F59: =CO2データ!K140 -> 2.2e-05
C60: ミツウロコグリーンエネルギー株式会社 | D60: =CO2データ!I142 -> 0.000366 | F60: =CO2データ!K142 -> 0.000445
C61: リエスパワー株式会社 | D61: =CO2データ!I143 -> 0.00042 | F61: =CO2データ!K143 -> 0
C62: 伊藤忠エネクス株式会社 | D62: =CO2データ!I117 -> 0.000676 | F62: =CO2データ!K117 -> 0.000293
C63: 荏原環境プラント株式会社 | D63: =CO2データ!I119 -> 0.000456 | F63: =CO2データ!K119 -> 0.000456
C64: 王子製紙株式会社 | D64: =CO2データ!I120 -> 0.000475 | F64: =CO2データ!K120 -> 0.000471
C65: 沖縄電力株式会社 | D65: =CO2データ!I114 -> 0.000903 | F65: =CO2データ!K114 -> 0.000692
C66: 株式会社Ｆ－Ｐｏｗｅｒ | D66: =CO2データ!I124 -> 0.000525 | F66: =CO2データ!K124 -> 0.000445
C67: 株式会社Ｇ－Ｐｏｗｅｒ | D67: =CO2データ!I125 -> 0.000441 | F67: =CO2データ!K125 -> 0
C68: 株式会社イーセル | D68: =CO2データ!I122 -> 0 | F68: =CO2データ!K122 -> 0
C69: 株式会社エネット | D69: =CO2データ!I123 -> 0.000429 | F69: =CO2データ!K123 -> 0.000427
C70: 株式会社日本セレモニー | D70: =CO2データ!I126 -> 0.000797 | F70: =CO2データ!K126 -> 0.000789
C71: 関西電力株式会社 | D71: =CO2データ!I110 -> 0.000514 | F71: =CO2データ!K110 -> 0.000475
C72: 丸紅株式会社 | D72: =CO2データ!I141 -> 0.000378 | F72: =CO2データ!K141 -> 0.000324
C73: 九州電力株式会社 | D73: =CO2データ!I113 -> 0.000612 | F73: =CO2データ!K113 -> 0.000599
C74: 四国電力株式会社 | D74: =CO2データ!I112 -> 0.0007 | F74: =CO2データ!K112 -> 0.000656
C75: 志賀高原リゾート開発株式会社 | D75: =CO2データ!I130 -> 0.000312 | F75: =CO2データ!K130 -> 0.000309
C76: 出光グリーンパワー株式会社 | D76: =CO2データ!I116 -> 8.6e-05 | F76: =CO2データ!K116 -> 0.000106
C77: 昭和シェル石油株式会社 | D77: =CO2データ!I131 -> 0.000367 | F77: =CO2データ!K131 -> 0.000364
C78: 新日鉄住金エンジニアリング株式会社 | D78: =CO2データ!I132 -> 0.000655 | F78: =CO2データ!K132 -> 0.000654
C79: 泉北天然ガス発電株式会社 | D79: =CO2データ!I133 -> 0.000388 | F79: =CO2データ!K133 -> 0.000385
C80: 中国電力株式会社 | D80: =CO2データ!I111 -> 0.000738 | F80: =CO2データ!K111 -> 0.000672
C81: 中部電力株式会社 | D81: =CO2データ!I108 -> 0.000516 | F81: =CO2データ!K108 -> 0.000373
C82: 東京エコサービス株式会社 | D82: =CO2データ!I136 -> 9.2e-05 | F82: =CO2データ!K136 -> 9.1e-05
C83: 東京電力株式会社 | D83: =CO2データ!I107 -> 0.000525 | F83: =CO2データ!K107 -> 0.000406
C84: 東北電力株式会社 | D84: =CO2データ!I106 -> 0.0006 | F84: =CO2データ!K106 -> 0.00056
C85: 日本テクノ株式会社 | D85: =CO2データ!I137 -> 0.000508 | F85: =CO2データ!K137 -> 0.000509
C86: 日本ロジテック協同組合 | D86: =CO2データ!I138 -> 0.000486 | F86: =CO2データ!K138 -> 0.000256
C87: 北海道電力株式会社 | D87: =CO2データ!I105 -> 0.000688 | F87: =CO2データ!K105 -> 0.00068
C88: 北陸電力株式会社 | D88: =CO2データ!I109 -> 0.000663 | F88: =CO2データ!K109 -> 0.000494

Sheet 採点Q1
M1: ■建物名称 | N1: =メイン!C11 -> ○○ビル | R1: プルダウン選択肢
D3: Q1 室内環境 | J3: 色欄について、プルダウンメニューから選択、または数値・コメントを記入のこと | O3: =IF(メイン!E39=0,"",メイン!E39) | R3: <評価しない> | U3: =メイン!I39 -> 基本設計段階
S4: ○ | T4: ON | U4: =メイン!I40 -> 実施設計段階
D5: 1 | E5: 音環境 | U5: =メイン!I41 -> 竣工段階
D6: 1.1 | E6: 騒音 | O6: dB(A) | U6: =メイン!Q42 -> 0
F7: 1.1.1 室内騒音レベル | J7: =IF(OR(F9=0,AND(J8=0,O8=0)),$R$3,"") | O7: dB(A)
F8: 建物全体・共用部分 | I8: 重み係数(既定）＝ | J8: =重み!M12 -> 0.79310345 | L8: 住居・宿泊部分 | N8: 重み係数(既定）＝ | O8: =重み!N12 -> 0.17241379
F9: 3 | G9: 事・病(待)・ホ・工・住 | H9: 学(大学等)・ 会(図)・病(診) | I9: 物・飲 | J9: 会(その他) | K9: 学(小中高) | L9: 3 | M9: 病・ホ・住
B10: 1 | C10: 1 | F10: =IF(F9=$S$15,$T$10,IF(ROUNDDOWN(F9,0)=$S$10,$U$10,$T$10)) -> レベル 1 | G10: 50＜ [騒音レベル] （騒音を感じる） | H10: 45＜ [騒音レベル] （やや騒音を感じる） | I10: 55＜ [騒音レベル] （騒音を無視できない） | J10: 40＜ [騒音レベル] （特に気にならない） | K10: 60＜ [騒音レベル] | L10: =IF(L9=$S$15,$T$10,IF(ROUNDDOWN(L9,0)=$S$10,$U$10,$T$10)) -> レベル 1 | M10: 45＜ [騒音レベル] （やや騒音を感じる） | S10: 1 | T10: レベル 1 | U10: ■レベル 1
B11: 2 | C11: - | F11: =IF(F9=$S$15,$T$11,IF(ROUNDDOWN(F9,0)=$S$11,$U$11,$T$11)) -> レベル 2 | G11: (該当するレベルなし) | H11: (該当するレベルなし) | I11: (該当するレベルなし) | J11: (該当するレベルなし) | K11: 50＜ [騒音レベル] ≦60 | L11: =IF(L9=$S$15,$T$11,IF(ROUNDDOWN(L9,0)=$S$11,$U$11,$T$11)) -> レベル 2 | M11: (該当するレベルなし) | S11: 2 | T11: レベル 2 | U11: ■レベル 2
B12: 3 | C12: 3 | F12: =IF(F9=$S$15,$T$12,IF(ROUNDDOWN(F9,0)=$S$12,$U$12,$T$12)) -> ■レベル 3 | G12: 45＜ [騒音レベル] ≦50 （やや騒音を感じる） | H12: 40＜ [騒音レベル] ≦45 （特に気にならない） | I12: 50＜ [騒音レベル] ≦55 （騒音を感じる） | J12: 35＜ [騒音レベル] ≦40 （静か） | K12: 45＜ [騒音レベル] ≦50 | L12: =IF(L9=$S$15,$T$12,IF(ROUNDDOWN(L9,0)=$S$12,$U$12,$T$12)) -> ■レベル 3 | M12: 40＜ [騒音レベル] ≦45 （特に気にならない） | S12: 3 | T12: レベル 3 | U12: ■レベル 3
B13: 4 | C13: 4 | F13: =IF(F9=$S$15,$T$13,IF(ROUNDDOWN(F9,0)=$S$13,$U$13,$T$13)) -> レベル 4 | G13: 40＜ [騒音レベル] ≦45 | H13: 35＜ [騒音レベル] ≦40 | I13: 45＜ [騒音レベル] ≦50 | J13: 30＜ [騒音レベル] ≦35 | K13: 35＜ [騒音レベル] ≦45 | L13: =IF(L9=$S$15,$T$13,IF(ROUNDDOWN(L9,0)=$S$13,$U$13,$T$13)) -> レベル 4 | M13: 35＜ [騒音レベル] ≦40 | S13: 4 | T13: レベル 4 | U13: ■レベル 4
B14: 5 | C14: 5 | F14: =IF(F9=$S$15,$T$14,IF(ROUNDDOWN(F9,0)=$S$14,$U$14,$T$14)) -> レベル 5 | G14: [騒音レベル] ≦40 | H14: [騒音レベル] ≦35 | I14: [騒音レベル] ≦45 | J14: [騒音レベル] ≦30 | K14: [騒音レベル] ≦35 | L14: =IF(L9=$S$15,$T$14,IF(ROUNDDOWN(L9,0)=$S$14,$U$14,$T$14)) -> レベル 5 | M14: [騒音レベル] ≦35 | S14: 5 | T14: レベル 5 | U14: ■レベル 5
B15: 0 | C15: 0 | F15: 騒音： 室内許容騒音レベル＊ | S15: 0 | T15: レベル | U15: レベル
F16: dB(A) | G16: ２０ | H16: ２５ | I16: ３０ | J16: ３５ | K16: ４０ | L16: ４５ | M16: ５０ | N16: ５５ | O16: ６０
F17: ＮＣ～ＮＲ | G17: １０～１５ | H17: １５～２０ | I17: ２０～２５ | J17: ２５～３０ | K17: ３０～３５ | L17: ３５～４０ | M17: ４０～４５ | N17: ４５～５０ | O17: ５０～５５
F18: うるささ | G18: 無音感――― | H18: ―――――――――非常に静か――――――――― | K18: ―特に気にならない―――――― | M18: 騒音を感じる― | N18: ――――――騒音を無視できない
F19: 会話・電話への影響 | I19: ５ｍ離れてささ | K19: ――――１０ｍ離れて会議可能―――― | M19: ――普通会話（３ｍ以内）―――― | O19: 大声会話（３ｍ）
I20: やき声が聞こえる | K20: 電話は支障なし | L20: ―――――― | M20: 電話は可能― | N20: ―――――― | O20: 電話やや困難
F21: スタジオ | G21: 無音室 | H21: アナウンススタジオ | I21: ラジオスタジオ | J21: テレビスタジオ | K21: 主調整室 | L21: 一般事務室
F22: 集会・ホール | H22: 音楽堂 | I22: 劇場（中） | J22: 舞台劇場 | K22: 映画館・プラネタリウム | M22: ホテルロビー
F23: 病院 | H23: 聴力試験室 | I23: 特別病室 | J23: 手術室・病室 | K23: 診療室 | L23: 検査室 | M23: 待合室
F24: ホテル・住宅 | J24: 書斎 | K24: 寝室・客室 | L24: 宴会場 | M24: ロビー
F25: 一般事務室 | J25: 重役室・大会議室 | K25: 応接室 | L25: 小会議室 | M25: 一般事務室 | O25: タイプ・計算室
F26: 公共建物 | J26: 公会堂 | K26: 美術館・博物館 | L26: 図書閲覧室 | M26: 公会堂兼体育館 | N26: 屋内スポーツ施設（拡）
F27: 学校・教会 | J27: 音楽教室 | K27: 講堂・礼拝堂 | L27: 研究室・普通教室 | N27: 廊下
F28: 商業建物 | K28: 音楽喫茶店 | L28: 書籍店 | M28: 一般商店
K29: 宝石店・美術品店 | M29: 銀行・レストラン | N29: 食堂
O30: ＊）日本建築学会編：建築設計資料集成Ⅰ、環境、p13、丸善、1978
F32: 1.1.2 設備騒音対策 | J32: =IF(OR(F34=0,AND(J33=0,O33=0)),$R$3,"") -> <評価しない>
F33: 建物全体・共用部分 | I33: 重み係数(既定）＝ | J33: =重み!M13 -> 0.20689655 | K33: 住居・宿泊部分 | N33: 重み係数(既定）＝ | O33: =重み!N13 -> 0
F34: =IF(J33=0,0,F45) -> 0 | G34: 事・学・物・飲・会・病・ホ・工 | I34: 事・学・物・飲・会・病・ホ・工（2000㎡未満） | K34: =IF(O33=0,0,IF(O45+K57=0,0,ROUND(G45*O45/(O45+K57)+G57*K57/(O45+K57),0))) -> 0 | L34: 病・ホ | M34: 病・ホ（2000㎡未満） | N34: 住
F35: =IF(F34=$S$15,$T$10,IF(ROUNDDOWN(F34,0)=$S$10,$U$10,$T$10)) -> レベル 1 | G35: 騒音対策を行っていない（評価する取組みにおいてなんら取組みがない） | I35: 騒音対策を行っていない（評価する取組みにおいてなんら取組みがない） | K35: =IF(K34=$S$15,$T$10,IF(ROUNDDOWN(K34,0)=$S$10,$U$10,$T$10)) -> レベル 1 | L35: 騒音対策を行っていない（評価する取組みにおいてなんら取組みがない） | M35: 騒音対策を行っていない（評価する取組みにおいてなんら取組みがない） | N35: 騒音対策を行っていない（評価する取組みにおいてなんら取組みがない）
F36: =IF(F34=$S$15,$T$11,IF(ROUNDDOWN(F34,0)=$S$11,$U$11,$T$11)) -> レベル 2 | G36: 若干の対策を行っている（評価する取組みにおいて2項目以上を採用） | I36: 若干の対策を行っている（評価する取組みにおいて1項目以上を採用） | K36: =IF(K34=$S$15,$T$11,IF(ROUNDDOWN(K34,0)=$S$11,$U$11,$T$11)) -> レベル 2 | L36: 若干の対策を行っている（評価する取組みにおいて2項目以上を採用） | M36: 若干の対策を行っている（評価する取組みにおいて1項目以上を採用）
F37: =IF(F34=$S$15,$T$12,IF(ROUNDDOWN(F34,0)=$S$12,$U$12,$T$12)) -> レベル 3 | G37: 対策を行っている（評価する取組みにおいて4項目以上を採用） | I37: 対策を行っている（評価する取組みにおいて2項目以上を採用） | K37: =IF(K34=$S$15,$T$12,IF(ROUNDDOWN(K34,0)=$S$12,$U$12,$T$12)) -> レベル 3 | L37: 対策を行っている（評価する取組みにおいて4項目以上を採用） | M37: 対策を行っている（評価する取組みにおいて2項目以上を採用） | N37: 対策を行っている（評価する取組みにおいて2～3項目以上を採用）
F38: =IF(F34=$S$15,$T$13,IF(ROUNDDOWN(F34,0)=$S$13,$U$13,$T$13)) -> レベル 4 | G38: やや高度な対策を行っている（評価する取組みにおいて6項目以上を採用） | I38: やや高度な対策を行っている（評価する取組みにおいて3項目以上を採用） | K38: =IF(K34=$S$15,$T$13,IF(ROUNDDOWN(K34,0)=$S$13,$U$13,$T$13)) -> レベル 4 | L38: やや高度な対策を行っている（評価する取組みにおいて6項目以上を採用） | M38: やや高度な対策を行っている（評価する取組みにおいて3項目以上を採用）
F39: =IF(F34=$S$15,$T$14,IF(ROUNDDOWN(F34,0)=$S$14,$U$14,$T$14)) -> レベル 5 | G39: 高度な対策を行っている（評価する取組みにおいて全ての項目を採用） | I39: 高度な対策を行っている（評価する取組みにおいて全ての項目を採用） | K39: =IF(K34=$S$15,$T$14,IF(ROUNDDOWN(K34,0)=$S$14,$U$14,$T$14)) -> レベル 5 | L39: 高度な対策を行っている（評価する取組みにおいて全ての項目を採用） | M39: 高度な対策を行っている（評価する取組みにおいて全ての項目を採用） | N39: 高度な対策を行っている（評価する取組みにおいて全ての項目を採用）
F40: A.住宅以外の建築物における設備騒音対策の評価する取組み
G41: 2,000㎡未満の基準で評価する。
F43: .建物全体・共用部分 | G43: 住居・宿泊部分
F44: 0 | G44: 0 | H44: ← 直接入力 | I44: ON
B45: 1 | C45: 1 | F45: =IF(I44=T4,F44,IF(AND(M45<2000,F41=S4),IF($F$54<1,1,IF($F$54<2,2,IF($F$54<3,3,IF($F$54<4,4,5)))),IF($F$54<2,1,IF($F$54<4,2,IF($F$54<6,3,IF($F$54<8,4,5)))))) -> 0 | G45: =IF(I44=T4,G44,IF(AND(M45<2000,F41=S4),IF($G$54<1,1,IF($G$54<2,2,IF($G$54<3,3,IF($G$54<4,4,5)))),IF($G$54<2,1,IF($G$54<4,2,IF($G$54<6,3,IF($G$54<8,4,5)))))) -> 0 | H45: 設備騒音の種類 | J45: 対策例 | L45: 延床面積 | M45: =メイン!C19 -> 14500 | N45: 住居・宿泊部分 | O45: =メイン!L66-メイン!L64 -> 0
B46: 2 | C46: 2 | H46: 吹出し口、吸込み口からの騒音 | J46: 低騒音型吹出し口、低騒音型吸込み口、位置、風量・風速の適正化など
B47: 3 | C47: 3 | F47: ○ | G47: ○ | H47: 室内空調機からの騒音 | J47: 防音カバー、位置など
B48: 4 | C48: 4 | G48: ○ | H48: 機械室からの騒音（透過騒音） | J48: 防音カバー、機械室の吸音・遮音、位置など | L48: 2,000㎡未満の建築物
B49: 5 | C49: 5 | F49: ○ | H49: 同上（固体伝搬音） | J49: 防振架台、防振支持など | L49: 設備騒音の種類 | N49: 対策例
B50: 0 | C50: 0 | F50: ○ | H50: ダクト・配管からの騒音（透過騒音） | J50: 消音ダクト、消音エルボ、消音ボックス、防音管巻き、位置など | L50: 配管からの騒音（透過騒音） | N50: 防音管巻き、位置など
F51: ○ | H51: 同上（固体伝搬音） | J51: 防振吊り、防振支持、フレキシブルジョイント、貫通部の防振施工など | L51: 同上（固体伝播音） | N51: 防振吊り、防振支持、フレキシブルジョイント、貫通部の防振施工など
G52: ○ | H52: （屋外）冷却塔、室外機等からの騒音 | J52: 防音塀、遮蔽体、防振支持、位置など | L52: ビルマルチエアコン室内機等からの騒音 | N52: 低騒音タイプの機器の採用など
F53: ○ | G53: ○ | H53: （屋外）吸込み口・排気口からの騒音 | J53: 位置、風量・風速の適正化など | L53: ビルマルチエアコン室外機等からの騒音 | N53: 防音塀、遮蔽体、防振支持、位置など
F54: =IF(F41=S4,COUNTIF(F50:F53,S4),COUNTIF(F46:F53,S4)) -> 5 | G54: =IF(F41=S4,COUNTIF(G50:G53,S4),COUNTIF(G46:G53,S4)) -> 4 | H54: 項目
G55: B．住宅における設備騒音対策の評価する取組み
G56: 0 | H56: ← 直接入力 | I56: ON
B57: 1 | C57: 1 | G57: =IF(I56=T4,G56,IF($G$64<2,1,IF($G$64<2,2,IF($G$64<4,3,IF($G$64<5,4,5))))) -> 0 | H57: 住宅 | J57: 住居・宿泊部分 | K57: =メイン!L64 -> 2000
B58: 2 | C58: 2 | H58: 設備騒音の種類 | J58: 対策例
B59: 3 | C59: 3 | G59: ○ | H59: トイレ、浴室等の給配水音、排水音、使用音 | J59: 適正な水圧、防音管巻き、管の防振支持金具、便器の防振支持、浴室の防振支持、位置など
B60: 4 | C60: 4 | G60: ○ | H60: ウォーターハンマー | J60: 適正な水圧、ウォーターハンマー防止器の採用など
B61: 5 | C61: 5 | H61: エアコン室内機等からの騒音 | J61: 低騒音タイプの機器の採用など
B62: 0 | C62: 0 | H62: エアコン室外機からの騒音 | J62: 防振ゴム、防振マット、低騒音タイプの機器
G63: ○ | H63: 換気扇からの騒音 | J63: 低騒音タイプの機器の採用など
G64: =COUNTIF(G59:G63,S4) -> 3 | H64: 項目
D66: 1.2 | E66: 遮音
F67: 1.2.1 開口部遮音性能 | J67: =IF(OR(F69=0,AND(J68=0,O68=0)),$R$3,"") -> <評価しない>
F68: 建物全体・共用部分 | I68: 重み係数(既定）＝ | J68: =重み!M15 -> 0 | K68: 住居・宿泊部分 | N68: 重み係数(既定）＝ | O68: =重み!N15 -> 0
F69: 0 | G69: 事・学・物・飲・会・病・ホ・工・住 | K69: 0 | L69: 病・ホ・住
B70: 1 | C70: 1 | G70: 基本 | L70: 基本
B71: - | C71: - | F71: =IF(F69=$S$15,$T$10,IF(AND($O$3=$U$3,ROUNDDOWN(F69,0)=$S$10),$U$10,$T$10)) -> レベル 1 | G71: 騒音が気になる。 | K71: =IF(K69=$S$15,$T$10,IF(AND($O$3=$U$3,ROUNDDOWN(K69,0)=$S$10),$U$10,$T$10)) -> レベル 1 | L71: 騒音が気になる。
B72: 3 | C72: 3 | F72: =IF(F69=$S$15,$T$11,IF(AND($O$3=$U$3,ROUNDDOWN(F69,0)=$S$11),$U$11,$T$11)) -> レベル 2 | K72: =IF(K69=$S$15,$T$11,IF(AND($O$3=$U$3,ROUNDDOWN(K69,0)=$S$11),$U$11,$T$11)) -> レベル 2
B73: - | C73: - | F73: =IF(F69=$S$15,$T$12,IF(AND($O$3=$U$3,ROUNDDOWN(F69,0)=$S$12),$U$12,$T$12)) -> レベル 3 | G73: 騒音がほとんど気にならない。 | K73: =IF(K69=$S$15,$T$12,IF(AND($O$3=$U$3,ROUNDDOWN(K69,0)=$S$12),$U$12,$T$12)) -> レベル 3 | L73: 騒音がほとんど気にならない。
B74: 5 | C74: 5 | F74: =IF(F69=$S$15,$T$13,IF(AND($O$3=$U$3,ROUNDDOWN(F69,0)=$S$13),$U$13,$T$13)) -> レベル 4 | K74: =IF(K69=$S$15,$T$13,IF(AND($O$3=$U$3,ROUNDDOWN(K69,0)=$S$13),$U$13,$T$13)) -> レベル 4
B75: 0 | C75: 0 | F75: =IF(F69=$S$15,$T$14,IF(AND($O$3=$U$3,ROUNDDOWN(F69,0)=$S$14),$U$14,$T$14)) -> レベル 5 | G75: 騒音が気にならない | K75: =IF(K69=$S$15,$T$14,IF(AND($O$3=$U$3,ROUNDDOWN(K69,0)=$S$14),$U$14,$T$14)) -> レベル 5 | L75: 騒音が気にならない。
G76: 実施・竣工 | L76: 実施・竣工
F77: =IF(F69=$S$15,$T$10,IF(AND($O$3<>$U$3,ROUNDDOWN(F69,0)=$S$10),$U$10,$T$10)) -> レベル 1 | G77: T-1未満 | K77: =IF(K69=$S$15,$T$10,IF(AND($O$3<>$U$3,ROUNDDOWN(K69,0)=$S$10),$U$10,$T$10)) -> レベル 1 | L77: T-1未満
F78: =IF(F69=$S$15,$T$11,IF(AND($O$3<>$U$3,ROUNDDOWN(F69,0)=$S$11),$U$11,$T$11)) -> レベル 2 | G78: (該当するレベルなし) | K78: =IF(K69=$S$15,$T$11,IF(AND($O$3<>$U$3,ROUNDDOWN(K69,0)=$S$11),$U$11,$T$11)) -> レベル 2 | L78: (該当するレベルなし)
F79: =IF(F69=$S$15,$T$12,IF(AND($O$3<>$U$3,ROUNDDOWN(F69,0)=$S$12),$U$12,$T$12)) -> レベル 3 | G79: T-1 | K79: =IF(K69=$S$15,$T$12,IF(AND($O$3<>$U$3,ROUNDDOWN(K69,0)=$S$12),$U$12,$T$12)) -> レベル 3 | L79: T-1
F80: =IF(F69=$S$15,$T$13,IF(AND($O$3<>$U$3,ROUNDDOWN(F69,0)=$S$13),$U$13,$T$13)) -> レベル 4 | G80: (該当するレベルなし) | K80: =IF(K69=$S$15,$T$13,IF(AND($O$3<>$U$3,ROUNDDOWN(K69,0)=$S$13),$U$13,$T$13)) -> レベル 4 | L80: (該当するレベルなし)
F81: =IF(F69=$S$15,$T$14,IF(AND($O$3<>$U$3,ROUNDDOWN(F69,0)=$S$14),$U$14,$T$14)) -> レベル 5 | G81: T-2以上 | K81: =IF(K69=$S$15,$T$14,IF(AND($O$3<>$U$3,ROUNDDOWN(K69,0)=$S$14),$U$14,$T$14)) -> レベル 5 | L81: T-2以上
F83: 1.2.2 界壁遮音性能 | J83: =IF(OR(F85=0,AND(J84=0,O84=0)),$R$3,"")
F84: 建物全体・共用部分 | I84: 重み係数(既定）＝ | J84: =重み!M16 -> 0.45517241 | K84: 住居・宿泊部分 | N84: 重み係数(既定）＝ | O84: =重み!N16 -> 0.068965517
F85: 3 | G85: 事・学・飲・工 | I85: 病（診） | K85: 3 | L85: 病・ホ | N85: 住
B86: 1 | C86: 1 | G86: 基本 | L86: 基本
B87: 2 | C87: 2 | F87: =IF(F85=$S$15,$T$10,IF(AND($O$3=$U$3,ROUNDDOWN(F85,0)=$S$10),$U$10,$T$10)) -> レベル 1 | G87: 人の話し声が気になる。 | I87: 会話等の話の内容がわかる。 | K87: =IF(K85=$S$15,$T$10,IF(AND($O$3=$U$3,ROUNDDOWN(K85,0)=$S$10),$U$10,$T$10)) -> レベル 1 | L87: テレビ、ラジオ、会話等の一般の発生音がかなり聞こえる。 | N87: 隣戸の生活がかなり分かる。
B88: 3 | C88: 3 | F88: =IF(F85=$S$15,$T$11,IF(AND($O$3=$U$3,ROUNDDOWN(F85,0)=$S$11),$U$11,$T$11)) -> レベル 2 | K88: =IF(K85=$S$15,$T$11,IF(AND($O$3=$U$3,ROUNDDOWN(K85,0)=$S$11),$U$11,$T$11)) -> レベル 2
B89: 4 | C89: 4 | F89: =IF(F85=$S$15,$T$12,IF(AND($O$3=$U$3,ROUNDDOWN(F85,0)=$S$12),$U$12,$T$12)) -> レベル 3 | G89: 人の話し声が気にならない。 | I89: 会話等の一般の発生音が小さく聞える。 | K89: =IF(K85=$S$15,$T$12,IF(AND($O$3=$U$3,ROUNDDOWN(K85,0)=$S$12),$U$12,$T$12)) -> レベル 3 | L89: テレビ、ラジオ、会話等の一般の発生音が小さく聞こえる。 | N89: 隣戸住宅の生活がわかるがあまり気にならない。
B90: 5 | C90: 5 | F90: =IF(F85=$S$15,$T$13,IF(AND($O$3=$U$3,ROUNDDOWN(F85,0)=$S$13),$U$13,$T$13)) -> レベル 4 | K90: =IF(K85=$S$15,$T$13,IF(AND($O$3=$U$3,ROUNDDOWN(K85,0)=$S$13),$U$13,$T$13)) -> レベル 4
B91: 0 | C91: 0 | F91: =IF(F85=$S$15,$T$14,IF(AND($O$3=$U$3,ROUNDDOWN(F85,0)=$S$14),$U$14,$T$14)) -> レベル 5 | G91: 人の話し声がほとんど聞こえない。 | I91: 会話等の一般の発生音がほとんど聞えない。 | K91: =IF(K85=$S$15,$T$14,IF(AND($O$3=$U$3,ROUNDDOWN(K85,0)=$S$14),$U$14,$T$14)) -> レベル 5 | L91: テレビ、ラジオ、会話等の一般の発生音が通常では聞こえない。 | N91: 隣戸の気配を感じない。
G92: 実施・竣工 | L92: 実施・竣工
F93: =IF(F85=$S$15,$T$10,IF(AND($O$3<>$U$3,ROUNDDOWN(F85,0)=$S$10),$U$10,$T$10)) -> レベル 1 | G93: 人の話し声が気になる。(Dr-30未満) | I93: 会話等の話の内容がわかる。(Dr-35未満) | K93: =IF(K85=$S$15,$T$10,IF(AND($O$3<>$U$3,ROUNDDOWN(K85,0)=$S$10),$U$10,$T$10)) -> レベル 1 | L93: テレビ、ラジオ、会話等の一般の発生音がかなり聞こえる。(Dr-40未満) | N93: 隣戸の生活がかなり分かる。 (Dr-40未満)
F94: =IF(F85=$S$15,$T$11,IF(AND($O$3<>$U$3,ROUNDDOWN(F85,0)=$S$11),$U$11,$T$11)) -> レベル 2 | G94: (Dr-30) | I94: (Dr-35) | K94: =IF(K85=$S$15,$T$11,IF(AND($O$3<>$U$3,ROUNDDOWN(K85,0)=$S$11),$U$11,$T$11)) -> レベル 2 | L94: (Dr-40) | N94: (Dr-40)
F95: =IF(F85=$S$15,$T$12,IF(AND($O$3<>$U$3,ROUNDDOWN(F85,0)=$S$12),$U$12,$T$12)) -> ■レベル 3 | G95: 人の話し声が気にならない。(Dr-35) | I95: 会話等の一般の発生音が小さく聞える。(Dr-40) | K95: =IF(K85=$S$15,$T$12,IF(AND($O$3<>$U$3,ROUNDDOWN(K85,0)=$S$12),$U$12,$T$12)) -> ■レベル 3 | L95: テレビ、ラジオ、会話等の一般の発生音が小さく聞こえる。(Dr-45) | N95: 隣戸住宅の生活がわかるがあまり気にならない。(Dr-45)
F96: =IF(F85=$S$15,$T$13,IF(AND($O$3<>$U$3,ROUNDDOWN(F85,0)=$S$13),$U$13,$T$13)) -> レベル 4 | G96: (Dr-40) | I96: (Dr-45) | K96: =IF(K85=$S$15,$T$13,IF(AND($O$3<>$U$3,ROUNDDOWN(K85,0)=$S$13),$U$13,$T$13)) -> レベル 4 | L96: (Dr-50) | N96: (Dr-50)
F97: =IF(F85=$S$15,$T$14,IF(AND($O$3<>$U$3,ROUNDDOWN(F85,0)=$S$14),$U$14,$T$14)) -> レベル 5 | G97: 人の話し声がほとんど聞こえない。(Dr-45以上) | I97: 会話等の一般の発生音がほとんど聞えない。(Dr-50以上) | K97: =IF(K85=$S$15,$T$14,IF(AND($O$3<>$U$3,ROUNDDOWN(K85,0)=$S$14),$U$14,$T$14)) -> レベル 5 | L97: テレビ、ラジオ、会話等の一般の発生音が通常では聞こえない。(Dr-55以上) | N97: 隣戸の気配を感じない。(Dr-55以上)
F99: 1.2.3 界床遮音性能（軽量衝撃源） | J99: =IF(OR(F101=0,AND(J100=0,O100=0)),$R$3,"")
F100: 建物全体・共用部分 | I100: 重み係数(既定）＝ | J100: =重み!M17 -> 0.082758621 | K100: 住居・宿泊部分 | N100: 重み係数(既定）＝ | O100: =重み!N17 -> 0.051724138
F101: 3 | G101: 学 | K101: 3 | L101: 病・ホ・住
B102: 1 | C102: 1 | G102: 基本 | L102: 基本
B103: 2 | C103: 2 | F103: =IF(F101=$S$15,$T$10,IF(AND($O$3=$U$3,ROUNDDOWN(F101,0)=$S$10),$U$10,$T$10)) -> レベル 1 | G103: 椅子の移動音、物の落下音がかなりうるさい。 | K103: =IF(K101=$S$15,$T$10,IF(AND($O$3=$U$3,ROUNDDOWN(K101,0)=$S$10),$U$10,$T$10)) -> レベル 1 | L103: 椅子の移動音、物の落下音がかなり気になる。
B104: 3 | C104: 3 | F104: =IF(F101=$S$15,$T$11,IF(AND($O$3=$U$3,ROUNDDOWN(F101,0)=$S$11),$U$11,$T$11)) -> レベル 2 | K104: =IF(K101=$S$15,$T$11,IF(AND($O$3=$U$3,ROUNDDOWN(K101,0)=$S$11),$U$11,$T$11)) -> レベル 2
B105: 4 | C105: 4 | F105: =IF(F101=$S$15,$T$12,IF(AND($O$3=$U$3,ROUNDDOWN(F101,0)=$S$12),$U$12,$T$12)) -> レベル 3 | G105: 椅子の移動音、物の落下音がかなり気になる。 | K105: =IF(K101=$S$15,$T$12,IF(AND($O$3=$U$3,ROUNDDOWN(K101,0)=$S$12),$U$12,$T$12)) -> レベル 3 | L105: 椅子の移動音、物の落下音が小さく聞こえる。
B106: 5 | C106: 5 | F106: =IF(F101=$S$15,$T$13,IF(AND($O$3=$U$3,ROUNDDOWN(F101,0)=$S$13),$U$13,$T$13)) -> レベル 4 | K106: =IF(K101=$S$15,$T$13,IF(AND($O$3=$U$3,ROUNDDOWN(K101,0)=$S$13),$U$13,$T$13)) -> レベル 4
...

Sheet 採点Q2
M1: ■建物名称 | N1: =メイン!C11 -> ○○ビル | R1: プルダウン選択肢
D3: Q2 サービス性能 | J3: 色欄について、プルダウンメニューから選択、または数値・コメントを記入のこと | O3: =IF(メイン!E39=0,"",メイン!E39) | R3: <評価しない> | S3: ○ | U3: =メイン!I39 -> 基本設計段階
T4: ON | U4: =メイン!I40 -> 実施設計段階 | V4: 特定建築物に該当する場合の取組みで評価する
D5: 1 | E5: 機能性 | U5: =メイン!I41 -> 竣工段階
D6: 1.1 | E6: 機能性・使いやすさ | S6: はい | U6: =メイン!Q42 -> 0
F7: 1.1.1 広さ・収納性 | J7: =IF(OR(F9=0,AND(J8=0,O8=0)),$R$3,"") | S7: いいえ
F8: 建物全体・共用部分 | I8: 重み係数(既定）＝ | J8: =重み!M64 -> 0.25287356 | K8: 住居・宿泊部分 | N8: 重み係数(既定）＝ | O8: =重み!N64 -> 0
F9: 3 | G9: 事・工 | I9: 学校 | K9: 3 | L9: 病 | N9: ホ
B10: 1 | C10: 1 | F10: =IF(F9=$S$15,$T$10,IF(ROUNDDOWN(F9,0)=$S$10,$U$10,$T$10)) -> レベル 1 | G10: レベル３を満たさない。 | I10: （該当するレベルなし） | K10: =IF(K9=$S$15,$T$10,IF(ROUNDDOWN(K9,0)=$S$10,$U$10,$T$10)) -> レベル 1 | L10: レベル３を満たさない。 | N10: レベル３を満たさない。 | S10: 1 | T10: レベル 1 | U10: ■レベル 1
B11: - | C11: - | F11: =IF(F9=$S$15,$T$11,IF(ROUNDDOWN(F9,0)=$S$11,$U$11,$T$11)) -> レベル 2 | G11: (該当するレベルなし) | I11: 教室の不足がある | K11: =IF(K9=$S$15,$T$11,IF(ROUNDDOWN(K9,0)=$S$11,$U$11,$T$11)) -> レベル 2 | L11: (該当するレベルなし) | N11: (該当するレベルなし) | S11: 2 | T11: レベル 2 | U11: ■レベル 2
B12: 3 | C12: 3 | F12: =IF(F9=$S$15,$T$12,IF(ROUNDDOWN(F9,0)=$S$12,$U$12,$T$12)) -> ■レベル 3 | G12: 1人当たりの執務スペースが6㎡以上。 | I12: 教室の不足がない | K12: =IF(K9=$S$15,$T$12,IF(ROUNDDOWN(K9,0)=$S$12,$U$12,$T$12)) -> ■レベル 3 | L12: 個室8㎡/床で、かつ多床室6㎡/床以上。 | N12: シングル15㎡以上、かつツイン22㎡以上。 | S12: 3 | T12: レベル 3 | U12: ■レベル 3
B13: 4 | C13: 4 | F13: =IF(F9=$S$15,$T$13,IF(ROUNDDOWN(F9,0)=$S$13,$U$13,$T$13)) -> レベル 4 | G13: 1人当たりの執務スペースが9㎡以上。 | I13: （該当するレベルなし） | K13: =IF(K9=$S$15,$T$13,IF(ROUNDDOWN(K9,0)=$S$13,$U$13,$T$13)) -> レベル 4 | L13: (該当するレベルなし) | N13: シングル22㎡以上、かつツイン32㎡以上。 | S13: 4 | T13: レベル 4 | U13: ■レベル 4
B14: 5 | C14: 5 | F14: =IF(F9=$S$15,$T$14,IF(ROUNDDOWN(F9,0)=$S$14,$U$14,$T$14)) -> レベル 5 | G14: 1人当たりの執務スペースが12㎡以上。 | I14: （該当するレベルなし） | K14: =IF(K9=$S$15,$T$14,IF(ROUNDDOWN(K9,0)=$S$14,$U$14,$T$14)) -> レベル 5 | L14: 個室10㎡/床で、かつ多床室8㎡/床以上。 | N14: シングル30㎡以上、かつツイン40㎡以上。 | S14: 5 | T14: レベル 5 | U14: ■レベル 5
B15: 0 | C15: 0 | S15: 0 | T15: レベル | U15: レベル
F16: 1.1.2 高度情報通信設備対応 | J16: =IF(OR(F18=0,AND(J17=0,O17=0)),$R$3,"")
F17: 建物全体・共用部分 | I17: 重み係数(既定）＝ | J17: =重み!M65 -> 0.11494253 | K17: 住居・宿泊部分 | N17: 重み係数(既定）＝ | O17: =重み!N65 -> 0.17241379
F18: 3 | G18: 事・工 | K18: 3 | L18: ホ・住
B19: 1 | C19: 1 | F19: =IF(F18=$S$15,$T$10,IF(ROUNDDOWN(F18,0)=$S$10,$U$10,$T$10)) -> レベル 1 | G19: レベル２を満たさない。 | K19: =IF(K18=$S$15,$T$10,IF(ROUNDDOWN(K18,0)=$S$10,$U$10,$T$10)) -> レベル 1 | L19: レベル２を満たさない。
B20: 2 | C20: 2 | F20: =IF(F18=$S$15,$T$11,IF(ROUNDDOWN(F18,0)=$S$11,$U$11,$T$11)) -> レベル 2 | G20: ＯＡフロア等によりレイアウト変更に対応できるようになっており、かつＯＡ機器用コンセント容量が30ＶＡ/ｍ2以上となっている。加えて、通信に関しては、ビル内へ光ファイバーが引き込まれている。 | K20: =IF(K18=$S$15,$T$11,IF(ROUNDDOWN(K18,0)=$S$11,$U$11,$T$11)) -> レベル 2 | L20: 各住戸または各客室に電話、放送に対応した通信回線が引き込まれている。
B21: 3 | C21: 3 | F21: =IF(F18=$S$15,$T$12,IF(ROUNDDOWN(F18,0)=$S$12,$U$12,$T$12)) -> ■レベル 3 | G21: ＯＡフロア等によりレイアウト変更に対応できるようになっており、かつＯＡ機器用コンセント容量が30ＶＡ/ｍ2以上となっている。加えて、通信に関しては、レベル２をみたすとともに、2.5坪当たり１台の情報通信機器（電話１台、PC１台）を想定した通信回線が各階に引き込まれている。 | K21: =IF(K18=$S$15,$T$12,IF(ROUNDDOWN(K18,0)=$S$12,$U$12,$T$12)) -> ■レベル 3 | L21: レベル２を満たすとともに、レベル４に満たないインターネットサービスが提供されている。
B22: 4 | C22: 4 | F22: =IF(F18=$S$15,$T$13,IF(ROUNDDOWN(F18,0)=$S$13,$U$13,$T$13)) -> レベル 4 | G22: ＯＡフロア等によりレイアウト変更に対応できるようになっており、かつＯＡ機器用コンセント容量が40ＶＡ/ｍ2以上となっている。加えて、通信に関しては、レベル３を満たすとともに、複数の通信事業者の回線がビル内へ引き込まれており、各階への通信事業者用配線スペースが別途、確保されている。また、これらの更新履歴が図面に反映され、保存されている。 | K22: =IF(K18=$S$15,$T$13,IF(ROUNDDOWN(K18,0)=$S$13,$U$13,$T$13)) -> レベル 4 | L22: 各住戸または各客室に100Mbitクラスのブロードバンドが利用可能な環境が整備されていること。また、これらの更新履歴が図面に反映され、保存されている。
B23: 5 | C23: 5 | F23: =IF(F18=$S$15,$T$14,IF(ROUNDDOWN(F18,0)=$S$14,$U$14,$T$14)) -> レベル 5 | G23: ＯＡフロア等によりレイアウト変更に対応できるようになっており、かつＯＡ機器用コンセント容量が50ＶＡ/ｍ2以上となっている。加えて、通信に関しては、レベル４を満たすとともに、各階へはGigabit通信回線が引き込まれており、別途、フロア間通信のためのテナントEPSが確保されている。また、これらの更新履歴が図面に反映され、保存されている。 | K23: =IF(K18=$S$15,$T$14,IF(ROUNDDOWN(K18,0)=$S$14,$U$14,$T$14)) -> レベル 5 | L23: 各住戸または各客室にGbitクラスのブロードバンドが利用可能な環境が整備されていること。また、これらの更新履歴が図面に反映され、保存されている。
B24: 0 | C24: 0
F25: 1.1.3 バリアフリー計画 | J25: =IF(OR(F27=0,AND(J26=0,O26=0)),$R$3,"")
F26: 建物全体・共用部分 | I26: 重み係数(既定）＝ | J26: =重み!M66 -> 0.63218391
F27: 3 | G27: 物・飲・会・病・ホ | K27: 事・学・工・住 | M27: 物・飲・会・病・ホ【<2000㎡】
B28: 1 | C28: 1 | F28: =IF(F27=$S$15,$T$10,IF(ROUNDDOWN(F27,0)=$S$10,$U$10,$T$10)) -> レベル 1 | G28: レベル３を満たさない。 | K28: レベル３を満たさない。
B29: - | C29: - | F29: =IF(F27=$S$15,$T$11,IF(ROUNDDOWN(F27,0)=$S$11,$U$11,$T$11)) -> レベル 2 | G29: (該当するレベルなし) | K29: (該当するレベルなし)
B30: 3 | C30: 3 | F30: =IF(F27=$S$15,$T$12,IF(ROUNDDOWN(F27,0)=$S$12,$U$12,$T$12)) -> ■レベル 3 | G30: バリアフリー新法の建築物移動等円滑化基準（最低限のレベル）を満たしている。 | K30: バリアフリー新法の建築物移動等円滑化基準項目の半分以上を満たしている。
B31: 4 | C31: 4 | F31: =IF(F27=$S$15,$T$13,IF(ROUNDDOWN(F27,0)=$S$13,$U$13,$T$13)) -> レベル 4 | G31: バリアフリー新法の建築物移動等円滑化誘導基準（望ましいレベル）を満たしている。 | K31: バリアフリー新法の建築物移動等円滑化基準（最低限のレベル）を満たしている。
B32: 5 | C32: 5 | F32: =IF(F27=$S$15,$T$14,IF(ROUNDDOWN(F27,0)=$S$14,$U$14,$T$14)) -> レベル 5 | G32: バリアフリー新法の建築物移動等円滑化誘導基準（望ましいレベル）を超えてさらに十分な配慮を行っており、ユニバーサルなデザインとなっている。 | K32: バリアフリー新法の建築物移動等円滑化誘導基準（望ましいレベル）を満たしている。
B33: 0 | C33: 0
D34: 1.2 | E34: 心理性・快適性
F35: 1.2.1 広さ感・景観 | J35: =IF(OR(F37=0,AND(J36=0,O36=0)),$R$3,"")
B36: 既存は事務所のみ評価 | F36: 建物全体・共用部分 | I36: 重み係数(既定）＝ | J36: =重み!M68 -> 0.11494253 | M36: 住居・宿泊部分 | N36: 重み係数(既定）＝ | O36: =重み!N68 -> 0
F37: 3 | G37: 事 | I37: 物・飲 | K37: 学(大学等) | L37: 学（小中高） | M37: 0 | N37: 病・ホ・住
B38: 1 | C38: 1 | F38: =IF(F37=$S$15,$T$10,IF(ROUNDDOWN(F37,0)=$S$10,$U$10,$T$10)) -> レベル 1 | G38: レベル３を満たさない。 | I38: レベル３を満たさない。 | K38: レベル２を満たさない。 | L38: レベル３を満たさない。 | M38: =IF(M37=$S$15,$T$10,IF(ROUNDDOWN(M37,0)=$S$10,$U$10,$T$10)) -> レベル 1 | N38: レベル３を満たさない。
B39: 2 | C39: - | F39: =IF(F37=$S$15,$T$11,IF(ROUNDDOWN(F37,0)=$S$11,$U$11,$T$11)) -> レベル 2 | G39: (該当するレベルなし) | I39: (該当するレベルなし) | K39: 教室の天井高2.7m以上。 | L39: (該当するレベルなし) | M39: =IF(M37=$S$15,$T$11,IF(ROUNDDOWN(M37,0)=$S$11,$U$11,$T$11)) -> レベル 2 | N39: (該当するレベルなし)
B40: 3 | C40: 3 | F40: =IF(F37=$S$15,$T$12,IF(ROUNDDOWN(F37,0)=$S$12,$U$12,$T$12)) -> ■レベル 3 | G40: 事務室の天井高2.5m以上となっており、かつ、すべての執務者が十分な屋外の情報を得られるように窓が設置されている。 | I40: 売場の天井高3.0m以上。 | K40: 教室の天井高3.0m以上。 | L40: 教室の天井高がおおむね2.7mである。 | M40: =IF(M37=$S$15,$T$12,IF(ROUNDDOWN(M37,0)=$S$12,$U$12,$T$12)) -> レベル 3 | N40: 住居・宿泊部の天井高2.3m以上。
B41: 4 | C41: 4 | F41: =IF(F37=$S$15,$T$13,IF(ROUNDDOWN(F37,0)=$S$13,$U$13,$T$13)) -> レベル 4 | G41: 事務室の天井高2.7m以上となっており、かつ、すべての執務者が十分な屋外の情報を得られるように窓が設置されている。 | I41: 売場の天井高3.3m以上。 | K41: 教室の天井高3.1m以上。 | L41: (該当するレベルなし) | M41: =IF(M37=$S$15,$T$13,IF(ROUNDDOWN(M37,0)=$S$13,$U$13,$T$13)) -> レベル 4 | N41: 住居・宿泊部の天井高2.5m以上。
B42: 5 | C42: 5 | F42: =IF(F37=$S$15,$T$14,IF(ROUNDDOWN(F37,0)=$S$14,$U$14,$T$14)) -> レベル 5 | G42: 事務室の天井高2.9m以上となっており、かつ、すべての執務者が十分な屋外の情報を得られるように窓が設置されている。 | I42: 売場の天井高3.6m以上。 | K42: 教室の天井高3.2m以上。 | L42: 教室の天井高が2.7mを超えている。 | M42: =IF(M37=$S$15,$T$14,IF(ROUNDDOWN(M37,0)=$S$14,$U$14,$T$14)) -> レベル 5 | N42: 住居・宿泊部の天井高2.7m以上。
B43: 0 | C43: 0
F44: 1.2.2 リフレッシュスペース | J44: =IF(OR(F46=0,J45=0),$R$3,"")
F45: 建物全体・共用部分 | I45: 重み係数(既定）＝ | J45: =重み!M69 -> 0.11494253
F46: 3 | G46: 事・工 | K46: 物
B47: - | C47: 1 | F47: =IF(F46=$S$15,$T$10,IF(ROUNDDOWN(F46,0)=$S$10,$U$10,$T$10)) -> レベル 1 | G47: （該当するレベルなし） | K47: (該当するレベルなし)
B48: 2 | C48: 2 | F48: =IF(F46=$S$15,$T$11,IF(ROUNDDOWN(F46,0)=$S$11,$U$11,$T$11)) -> レベル 2 | G48: リフレッシュスペースがない。 | K48: レベル３を満たさない。
B49: 3 | C49: 3 | F49: =IF(F46=$S$15,$T$12,IF(ROUNDDOWN(F46,0)=$S$12,$U$12,$T$12)) -> ■レベル 3 | G49: リフレッシュスペースが執務スペースの1％未満 | K49: レストスペースが売り場面積の2％以上
B50: 4 | C50: 4 | F50: =IF(F46=$S$15,$T$13,IF(ROUNDDOWN(F46,0)=$S$13,$U$13,$T$13)) -> レベル 4 | G50: リフレッシュスペースが執務スペースの1％以上 | K50: レストスペースが売り場面積の3％以上
B51: 5 | C51: 5 | F51: =IF(F46=$S$15,$T$14,IF(ROUNDDOWN(F46,0)=$S$14,$U$14,$T$14)) -> レベル 5 | G51: 執務スペースの1％以上のリフレッシュスペース＋自動販売機等の設置 | K51: レストスペースが売り場面積の4％以上
B52: 0 | C52: 0
F53: 1.2.3 内装計画 | J53: =IF(OR(F55=0,AND(J54=0,O54=0)),$R$3,"")
F54: 建物全体・共用部分 | I54: 重み係数(既定）＝ | J54: =重み!M70 -> 0.77011494 | K54: 住居・宿泊部分 | N54: 重み係数(既定）＝ | O54: =重み!N70 -> 0.17241379
F55: =IF(H62=S3,F62,IF(J54=0,0,F63)) -> 3 | G55: 事・学・物・飲・会・病・ホ・工・住 | K55: =IF(O54=0,0,K63) -> 3 | L55: 病・ホ・住
B56: 1 | C56: 1 | F56: =IF(F55=$S$15,$T$10,IF(ROUNDDOWN(F55,0)=$S$10,$U$10,$T$10)) -> レベル 1 | G56: レベル３を満たさない。 | K56: =IF(K55=$S$15,$T$10,IF(ROUNDDOWN(K55,0)=$S$10,$U$10,$T$10)) -> レベル 1 | L56: レベル３を満たさない。
B57: - | C57: - | F57: =IF(F55=$S$15,$T$11,IF(ROUNDDOWN(F55,0)=$S$11,$U$11,$T$11)) -> レベル 2 | G57: (該当するレベルなし) | K57: =IF(K55=$S$15,$T$11,IF(ROUNDDOWN(K55,0)=$S$11,$U$11,$T$11)) -> レベル 2 | L57: (該当するレベルなし)
B58: 3 | C58: 3 | F58: =IF(F55=$S$15,$T$12,IF(ROUNDDOWN(F55,0)=$S$12,$U$12,$T$12)) -> ■レベル 3 | G58: 評価する取り組みのうち２つの項目に該当する。 | K58: =IF(K55=$S$15,$T$12,IF(ROUNDDOWN(K55,0)=$S$12,$U$12,$T$12)) -> ■レベル 3 | L58: 評価する取り組みのうち２つの項目に該当する。
B59: 4 | C59: 4 | F59: =IF(F55=$S$15,$T$13,IF(ROUNDDOWN(F55,0)=$S$13,$U$13,$T$13)) -> レベル 4 | G59: 評価する取り組みのうち３つの項目に該当する。 | K59: =IF(K55=$S$15,$T$13,IF(ROUNDDOWN(K55,0)=$S$13,$U$13,$T$13)) -> レベル 4 | L59: 評価する取り組みのうち３つの項目に該当する。
B60: 5 | C60: 5 | F60: =IF(F55=$S$15,$T$14,IF(ROUNDDOWN(F55,0)=$S$14,$U$14,$T$14)) -> レベル 5 | G60: 評価する取り組みのうち４つの項目に該当する。 | K60: =IF(K55=$S$15,$T$14,IF(ROUNDDOWN(K55,0)=$S$14,$U$14,$T$14)) -> レベル 5 | L60: 評価する取り組みのうち４つの項目に該当する。
B61: 0 | C61: 0 | F61: 評価する取組み
F62: 3 | G62: ← 直接入力 | K62: 3 | L62: ← 直接入力
F63: =IF(H62=$T$4,F62,IF(COUNTIF(F64:F67,"○")<2,1,IF(COUNTIF(F64:F67,"○")=2,3,IF(COUNTIF(F64:F67,"○")=3,4,IF(COUNTIF(F64:F67,"○")=4,5))))) -> 3 | G63: 建物全体・共用部分 | K63: =IF(M62=$T$4,K62,IF(COUNTIF(K64:K67,"○")<2,1,IF(COUNTIF(K64:K67,"○")=2,3,IF(COUNTIF(K64:K67,"○")=3,4,IF(COUNTIF(K64:K67,"○")=4,5))))) -> 3 | L63: 住居宿泊部分
F64: ○ | G64: 建物全体のコンセプトが明確にあり、内装計画の段階で、コンセプトを反映するための取り組みが具体的にされている。（例えばエコロジーをテーマとする場合に天然素材やエコマテリアルを多用する等） | K64: ○ | L64: 建物全体のコンセプトが明確にあり、内装計画の段階で、コンセプトを反映するための取り組みが具体的にされている。（例えば、エコロジーをテーマとする場合に天然素材やエコマテリアルを多用する等）
F65: ○ | G65: 建物に求められている機能が明確化されており、内装計画の段階で、その機能を促進するするための取り組みが具体的に示されている。（例えば、ホテル等では、生活空間としてのインテリアを意識して、木や石などの天然素材を導入してリビング的な演出を行うなどの積極的な工夫を行う等。） | K65: ○ | L65: 建物に求められている機能が明確化されており、内装計画の段階で、その機能を促進するするための取り組みが具体的に示されている。（例えば、ホテル等では、生活空間としてのインテリアを意識して、木や石などの天然素材を導入してリビング的な演出を行うなどの積極的な工夫を行う等。）
G66: 照明計画と内装計画が一体として計画されるよう、内装計画の段階で、具体的な取り組みがある。（例えば、用途に適した雰囲気を演出するための間接照明の採用や光源の色温度の計画を内装計画と合わせて実施している等） | L66: 照明計画と内装計画が一体として計画されるよう、内装計画の段階で、具体的な取り組みがある。（例えば、用途に適した雰囲気を演出するための間接照明の採用や光源の色温度の計画を内装計画と合わせて実施している等）
G67: モックアップ（実物大模型）やインテリアパースによる内装計画の事前検証を実施している。 | L67: モックアップ（実物大模型）やインテリアパースによる内装計画の事前検証を実施している。
D69: 1.3 | E69: 維持管理
F70: 1.3.1 総合的な取組み | J70: =IF(OR(F72=0,J71=0),$R$3,"")
F71: 建物全体・共用部分 | I71: 重み係数(既定）＝ | J71: =重み!M72 -> 0.5 | L71: 延床面積＝ | M71: =メイン!$J$66 -> 14500 | N71: 備考
B72: 式設定 | C72: =IF(J71=0,0,IF(AND(M71<2000,I94=0),F104,F95)) -> 3 | F72: =IF(J71=0,0,IF(H79=S3,F79,IF(J71>0,IF(K94=V3,F105,F95)))) -> 3 | G72: 事・学・物・飲・会・病・ホ・住・工
F73: =IF(F72=$S$15,$T$10,IF(ROUNDDOWN(F72,0)=$S$10,$U$10,$T$10)) -> レベル 1 | G73: 維持管理の環境配慮において、取り組みがなされていない。(評価ポイント2以下) | N73: 延床面積500㎡以下の建築物は レベル3とする。 注）500㎡以下の建物は直接入力により、レベル3を選択してください。
F74: =IF(F72=$S$15,$T$11,IF(ROUNDDOWN(F72,0)=$S$11,$U$11,$T$11)) -> レベル 2 | G74: 維持管理の環境配慮において、取り組みが十分とは言えない。(評価ポイント3～5)
F75: =IF(F72=$S$15,$T$12,IF(ROUNDDOWN(F72,0)=$S$12,$U$12,$T$12)) -> ■レベル 3 | G75: 維持管理の環境配慮において、取り組みが標準的である。(評価ポイント6～8)
F76: =IF(F72=$S$15,$T$13,IF(ROUNDDOWN(F72,0)=$S$13,$U$13,$T$13)) -> レベル 4 | G76: 維持管理の環境配慮において、取り組みが標準以上である。(評価ポイント9～11)
F77: =IF(F72=$S$15,$T$14,IF(ROUNDDOWN(F72,0)=$S$14,$U$14,$T$14)) -> レベル 5 | G77: 維持管理の環境配慮において、充実した取り組みが行われている。(評価ポイント12以上)
B78: 新築 | F78: 評価する取組み
F79: 3 | G79: ← 直接入力
B80: - | C80: 1 | F80: =IF(H79=$T$4,F79,IF(COUNTIF(F81:F92,"○")<=2,2,IF(COUNTIF(F81:F92,"○")<=5,3,IF(COUNTIF(F81:F92,"○")<=8,4,IF(COUNTIF(F81:F92,"○")>=9,5))))) -> 3 | G80: 評価内容
B81: 2 | C81: 2 | F81: ○ | G81: ① 内装仕上げ：内壁面は防汚性の高い仕上げ方法や建材、塗装、コーティングを採用している。
B82: 3 | C82: 3 | F82: ○ | G82: ② 内装仕上げ：床面は防汚性の高い建材、塗装、コーティングを採用している。
B83: 4 | C83: 4 | F83: ○ | G83: ③ 内装設計：床面は適度な水を使用して洗浄可能な設計・構造を採用している。
B84: 5 | C84: 5 | G84: ④ 内装設計：内壁や床面おいて設計上ホコリの溜まりにくい設計や物を置かない設計を採用している。
B85: 0 | C85: 0 | G85: ⑤ 内装設計：風除室の１次扉と２次扉が同時に開かないように距離を確保し、または土砂などの進入を防ぐ為の設計をしている。
G86: ⑥ 内装設計：維持管理方法が大きく異なる床材を接近させていない。
G87: ⑦ 外装仕上げ：外壁面やガラスは防汚性の高い建材や耐候性塗料や親水性塗料などを施した仕上げを採用している。
G88: ⑧ 外装設計：効果的に水切りなどを外壁面へ設置し、乾湿の作用を防止する、水の溜まらない、壁面が汚れないような配慮・設計を行っている。
G89: ⑨ 外装設計：害鳥（鳩・烏・椋鳥など）への糞害予防、対策を実施している。
G90: ⑩ 外装設計：外部に露出する金属部材にメッキ処理等の特別な防錆対策が取られている。
G91: ⑪ 内装・外構設計：外構、管理用区域を含む動線は極力段差の無い（５mm程度）設計をしている。
G92: ⑫ その他：上記以外の部分にて維持管理に配慮した設計の取り組みをしている。
F93: 合計＝ | G93: =COUNTIF(F81:F92,"○") -> 3
F94: Ⅰ 建築物衛生法における特定建築物の場合に評価する取組み | K94: 特定建築物に該当する場合の取組みで評価する
F95: =IF(H78=$T$4,F78,ROUND(IF(G103<=2,1,IF(G103<=5,2,IF(G103<=8,3,IF(G103<=11,4,IF(G103>=12,5))))),0)) -> 3 | G95: 評価項目 | I95: 評価内容 | N95: 評価ポイント
F96: 3 | G96: 1) 業務仕様 | I96: 清掃管理および設備管理仕様書の基本方針において環境配慮を明示している。 | N96: 3
F97: 1 | G97: 2) 契約形態 | I97: 安定した品質を維持するために業務契約期間を2年以上としている。 | N97: 1
F98: 3 | G98: 3) 業務手順 | I98: 清掃管理と設備管理における業務標準手順書を用意している。 | N98: 3
F99: 0 | G99: 4) インスペクション | I99: 清掃および設備の維持管理状態のインスペクション記録がある。 | N99: 2
F100: 0 | G100: 5) 計画 | I100: 外気に接するガラス･照明の清掃を含めた計画書がある。 | N100: 1
F101: 0 | G101: 6) 業務員への教育 | I101: 年1回以上の環境等をテーマにしたトレーニングの計画と記録がある。 | N101: 2
F102: 0 | G102: 7) EMS | I102: 管理者が外部評価による環境マネジメントシステム(EMS)の認証を得ている。 | N102: 1
...

Sheet 採点Q3
M1: ■建物名称 | N1: =メイン!C11 -> ○○ビル | R1: プルダウン選択肢
D3: Q3 室外環境（敷地内） | I3: 色欄について、プルダウンメニューから選択、または数値・コメントを記入のこと | O3: =IF(メイン!E39=0,"",メイン!E39) | R3: 0 | S3: ○ | U3: =メイン!I39 -> 基本設計段階
R4: 1 | T4: ON | U4: =メイン!I40 -> 実施設計段階
D5: 1 | E5: 生物環境の保全 | R5: 2 | U5: =メイン!I41 -> 竣工段階
M6: 重み係数(既定）＝ | O6: =重み!M110 -> 0.3 | S6: はい
F7: =ROUND(IF(H28<=2,1,IF(H28<=5,2,IF(H28<=8,3,IF(H28<=11,4,IF(H28>=12,5))))),0) -> 3 | G7: 事・学・物・飲・会・病・ホ・工・住 | R7: - | S7: いいえ
F8: =IF(ROUNDDOWN($F$7,0)=$S$10,$U$10,$T$10) -> レベル 1 | G8: 生物環境の保全に関して配慮に欠け、取り組みが不十分である。(評価ポイント0～2)
F9: =IF(ROUNDDOWN($F$7,0)=$S$11,$U$11,$T$11) -> レベル 2 | G9: 生物環境の保全に関して配慮されているが、取り組みが十分とはいえない。(評価ポイント3～5)
F10: =IF(ROUNDDOWN($F$7,0)=$S$12,$U$12,$T$12) -> ■レベル 3 | G10: 生物環境の保全に関して配慮されており、標準的な取り組みが行われている。(評価ポイント6～8) | S10: 1 | T10: レベル 1 | U10: ■レベル 1
F11: =IF(ROUNDDOWN($F$7,0)=$S$13,$U$13,$T$13) -> レベル 4 | G11: 生物環境の保全に関して配慮されており、比較的多くの取り組みが行われている。(評価ポイント9～11) | S11: 2 | T11: レベル 2 | U11: ■レベル 2
F12: =IF(ROUNDDOWN($F$7,0)=$S$14,$U$14,$T$14) -> レベル 5 | G12: 生物環境の保全に関して十分配慮されており、充実した取り組みが行われている。(評価ポイント12以上） | S12: 3 | T12: レベル 3 | U12: ■レベル 3
G13: 評価する取り組み | S13: 4 | T13: レベル 4 | U13: ■レベル 4
G14: 採点 | H14: 評価項目 | J14: 評価内容 | O14: 評価ポイント | S14: 5 | T14: レベル 5 | U14: ■レベル 5
B15: 既存はなし | G15: 1 | H15: I 生物資源の保存 | J15: 1) 地域の生態系にとって有益な生物資源を保存している。 | O15: 1 | S15: 0 | T15: レベル | U15: レベル
G16: 3 | H16: II 緑の量の確保 | J16: 1) 外構緑化指数が、10％以上20％未満を示す規模の外構緑化を行い、なおかつ中高木を植栽している。（1ポイント） | O16: 1～3
J17: 外構緑化指数が、20％以上50％未満を示す規模の外構緑化を行っている。 （2ポイント）
J18: 外構緑化指数が、50%以上を示す規模の外構緑化を行っている。（3ポイント）
G19: 2 | J19: 2)建物緑化指数が、5％以上20％未満を示す規模の建築物の緑化を行っている。 （1ポイント） | O19: 1～2
J20: 建物緑化指数が、20％以上を示す規模の建築物の緑化を行っている。 （2ポイント）
G21: 1 | H21: III 緑の質の維持 | J21: 1)自生種の保全に配慮した緑地が形成されている。 | O21: 1
G22: 0 | J22: 2)敷地や建物の植栽条件に応じた適切な緑地が形成されている。 | O22: 1
G23: 0 | J23: 3)野生小動物の生息域の確保に配慮した緑地が形成されている。 | O23: 1
G24: 0 | H24: IV 生物資源の管理と利用 | J24: 1)設計当初の緑化計画目標・方針、敷地及びその周辺における生物環境に関わる立地環境特性等を把握・確認し、管理・運営方針を継続的に見直している。 | O24: 1
G25: 0 | J25: 2)緑地等の適切な育成管理・維持管理の実施に加え、極力農薬等化学物質を使用しない維持管理手法を採用している。 | O25: 1
G26: 0 | J26: 3)建物利用者や地域住民が生物とふれあい自然に親しめる環境や施設等を確保している。 | O26: 1
G27: 0 | H27: V その他 | J27: 1)上記の評価項目以外に生物環境の保全と創出に資する独自の取り組みを行っている。 | O27: 1
G28: 合計＝ | H28: =SUM(G15:G27) -> 7
D30: 2 | E30: まちなみ・景観への配慮
M31: 重み係数(既定）＝ | O31: =重み!M111 -> 0.4
F32: =IF(I39="ON",G39,ROUND(IF(H50=0,1,IF(H50<=2,2,IF(H50<=3,3,IF(H50<=4,4,IF(H50>=5,5))))),0)) -> 3 | G32: 事・学・物・飲・会・病・ホ・工・住
F33: =IF(ROUNDDOWN($F$32,0)=$S$10,$U$10,$T$10) -> レベル 1 | G33: (評価ポイント0)
F34: =IF(ROUNDDOWN($F$32,0)=$S$11,$U$11,$T$11) -> レベル 2 | G34: 周辺のまちなみや景観に対して、取組みが十分とはいえない。(評価ポイント1～2）
F35: =IF(ROUNDDOWN($F$32,0)=$S$12,$U$12,$T$12) -> ■レベル 3 | G35: 周辺のまちなみや景観に対して、標準的な配慮が行われている。(評価ポイント3)
F36: =IF(ROUNDDOWN($F$32,0)=$S$13,$U$13,$T$13) -> レベル 4 | G36: 周辺のまちなみや景観に対して、標準以上の配慮が行われている。(評価ポイント4)
F37: =IF(ROUNDDOWN($F$32,0)=$S$14,$U$14,$T$14) -> レベル 5 | G37: 周辺のまちなみや景観に対して、充実した取組みが行われている。 （評価ポイント5以上、又は地域のまちなみ・景観に関する賞を受賞している）
G39: 3 | H39: ← 直接入力
G40: ①公共空間からほとんど見えないなど、まちなみ・景観に配慮しようがない場合はレベル3とする。 ②地域に独自のルール（まちなみガイドライン等）があり、それに基づいた取組みを行っている場合には、その内容を評価する。 ③地域の景観賞、受賞理由に景観が明記されている賞を受賞しているなど一定の評価を得ていると認められる場合、レベル５とする。
G41: 評価する取り組み
G42: 採点 | H42: 評価項目 | J42: 評価内容 | O42: 評価ポイント
G43: 2 | H43: 1）建物の配置・形態等のまちなみへの調和 | J43: 建物高さ、壁面位置、外装･屋根･庇･開口部･塀等の形状や色彩において、周辺のまちなみや風景にバランスよく調和させている。 | O43: 2
G44: 1 | H44: 2）植栽による良好な景観形成 | J44: 植栽により、良好な景観を形成している。 | O44: 1
G45: 0 | H45: 3）景観の歴史の継承 | J45: 歴史的建造物の外装、既存の自然環境等を保存、復元、再生することにより、景観的に地域の歴史性を継承している。 | O45: 1
G46: 0 | H46: 4）地域性のある素材による良好な景観形成 | J46: 地域性のある素材を外装材に使用して、良好な景観を形成している。 | O46: 1
G47: 0 | H47: 5）周辺の主要な視点場からの良好な景観形成 | J47: 周辺にある公園や広場等の人が集まる場所や遠くから対象建物を含む一帯を眺める地点（視点場）からの良好な景観を形成している。 | O47: 1
G48: 0 | H48: 6）その他（記述） | J48: その他（記述） | O48: 1
G50: 合計＝ | H50: =SUM(G43:G49) -> 3
D53: 3 | E53: 地域性・アメニティへの配慮
D54: 3.1 | E54: 地域性への配慮、快適性の向上
B55: 既存 | M55: 重み係数(既定）＝ | O55: =重み!M113 -> 0.5
B56: 式修正 | C56: → | F56: =ROUND(IF(H83<1,1,IF(H83<=2,2,IF(H83<=4,3,IF(H83=5,4,IF(H83>=6,5))))),0) -> 3 | G56: 事・学・物・飲・会・病・ホ・工・住
F57: =IF(ROUNDDOWN($F$56,0)=$S$10,$U$10,$T$10) -> レベル 1 | G57: 地域性・アメニティへの配慮に関して取組みを行っていない。(評価ポイント0)
F58: =IF(ROUNDDOWN($F$56,0)=$S$11,$U$11,$T$11) -> レベル 2 | G58: 地域性・アメニティへの配慮に関して取組みが十分とはいえない。(評価ポイント1～2)
F59: =IF(ROUNDDOWN($F$56,0)=$S$12,$U$12,$T$12) -> ■レベル 3 | G59: 地域性・アメニティへの配慮に関して標準的な取組みが行われている。(評価ポイント3～4)
F60: =IF(ROUNDDOWN($F$56,0)=$S$13,$U$13,$T$13) -> レベル 4 | G60: 地域性・アメニティへの配慮に関して比較的多くの取組みが行われている。(評価ポイント5)
F61: =IF(ROUNDDOWN($F$56,0)=$S$14,$U$14,$T$14) -> レベル 5 | G61: 地域性・アメニティへの配慮に関して充実した取組みが行われている。(評価ポイント6以上）
G62: 評価する取り組み
G63: 採点 | H63: 評価項目 | J63: 評価内容 | O63: 評価ポイント
G64: 1 | H64: I 地域固有の風土、歴史、文化の 継承 | J64: 1）歴史的な建築空間等の保全 歴史的な建築内外部空間や遺構を保存、復元、再生し、地域文化に貢献している。（まちなみ・景観で評価している部分はここで重複して評価しない） | O64: 1
G65: 1 | J65: 2）地域性のある材料の使用 建物の構造材や内装材又は外構に地域性のある材料を一部使用している。（まちなみ・景観で評価している部分はここで重複して評価しない） | O65: 1
G66: 1 | H66: II 空間・施設機能の提供による地域 貢献 | J66: 3）空間提供による地域貢献 | O66: 1
J67: アルコーブ・ピロティ・庇などの空間を設けるなどの建築的な工夫を取入れて、雨宿り、待合わせに供する等、都市空間の活動上のアメニティ向上に貢献している。 または、
J68: 広場や歩道状空地、路地などのスペースを確保し、憩いの場に供するなど地域の活動上のアメニティ向上に貢献している。
G69: 0 | J69: 4）施設機能提供による地域貢献 建物の一部に集会所、地域に開放された展示室やホール、コミュニティセンター、学校のコミュニティ利用などの公共的施設・機能を設けることで、地域の活動やにぎわいに貢献している。 | O69: 1
J70: 例えば、環境教育を地域住民・NPO・企業と連携して行えるような地域に開放できる室があり、地域の生態系、環境の保全、エコスクール等について学習できる場として貢献している
G71: 0 | H71: III 建物内外を連関させる豊かな中間 領域の形成 | J71: 5）建物内外を連関させる豊かな中間領域の形成 | O71: 1
J72: 中庭やテラス、バルコニー、サンルーム、アルコーブ、屋根付広場、風光ボイド、アトリウム、等のように風や光が通り抜ける開放的な空間をうまく内部空間と連続させている。 または、
J73: 玄関廻り、バルコニー廻り等のプライバシーと公共性の接点の部分に、風光ボイド、花台、パーゴラ、奥行きのあるバルコニー等のしつらえによって、生活感が滲み出るような豊かな中間領域を形成している。
G74: 0 | H74: IV 防犯性の配慮 | J74: 6）防犯性の配慮 | O74: 1
J75: 建物外部の広場などのスペースにおいて、視線を遮らない様な樹木の配置、夜間照明の設置、防犯カメラの設置、防犯に役立つ窓の配置などを行い、防犯性に配慮している。 または、
J76: 広場や歩道状空地がない場合、建物周囲において、視線の行き届かない袋小路や通路などの死角空間を作らないようにし、また防犯に役立つ窓の配置をするなどして、防犯性に配慮している。
J77: または、 敷地周囲に境界壁等を設ける場合、視線を遮るような連続した塀等を作らず，見通しの良いフェンスや背の低い生垣等を設けて防犯性・防災性に配慮している。
B78: 新築はなし | G78: 0 | H78: V 屋外施設等の適切な維持管理（植栽管理を除く） | J78: 7) 屋外施設等の適切な維持管理の実施 屋外施設等（舗装・ファニチャー等）について適切な維持管理（清掃・洗浄・補修等）が実施されている。 | O78: 1
G79: 0 | H79: VI 建物利用者等の参加性 | J79: 8）建物利用者等の参加性 施設利用者満足度評価（POE）の実施、コーポラティブ住宅等、設計プロセスに建物利用者が参加している。 | O79: 1
J80: または 居住者や入居者が植栽管理・清掃活動、運用計画の立案を直接行うなど、建物の維持管理に対して居住者が参加している。
G81: 0 | H81: VII その他 | J81: 9）その他（記述） | O81: 1
G83: 合計＝ | H83: =SUM(G64:G82) -> 3
D85: 3.2 | E85: 敷地内温熱環境の向上
M86: 重み係数(既定）＝ | O86: =重み!M114 -> 0.5
F87: =ROUND(IF(H110=0,1,IF(H110<=5,2,IF(H110<=11,3,IF(H110<=17,4,IF(H110>=18,5))))),0) -> 3 | G87: 事・学・物・飲・会・病・ホ・工・住
F88: =IF(ROUNDDOWN($F$87,0)=$S$10,$U$10,$T$10) -> レベル 1 | G88: 評価する取組み表の評価ポイントの合計値が0ポイント
F89: =IF(ROUNDDOWN($F$87,0)=$S$11,$U$11,$T$11) -> レベル 2 | G89: 評価する取組み表の評価ポイントの合計値が1～5ポイント
F90: =IF(ROUNDDOWN($F$87,0)=$S$12,$U$12,$T$12) -> ■レベル 3 | G90: 評価する取組み表の評価ポイントの合計値が6～11ポイント
F91: =IF(ROUNDDOWN($F$87,0)=$S$13,$U$13,$T$13) -> レベル 4 | G91: 評価する取組み表の評価ポイントの合計値が12～17ポイント
F92: =IF(ROUNDDOWN($F$87,0)=$S$14,$U$14,$T$14) -> レベル 5 | G92: 評価する取組み表の評価ポイントの合計値が18ポイント以上
G93: 評価する取り組み
G94: 採点 | H94: 評価項目 | J94: 評価内容 | O94: 評価ポイント
G95: 2 | H95: I 敷地内の歩行者空間等へ風を導き、暑熱環境を緩和する | J95: 1)敷地周辺の風の状況を把握し、敷地内の歩行者空間等へ風を導く建築物の配置・形状計画とする | O95: 2
G96: 3 | J96: 2)芝生・草地・低木等の緑地や通路等の空地を設けることにより、風の通り道を確保する。 | O96: 1～3
J97: 空地率が、 ・40％以上60％未満の場合 (1ポイント) ・60％以上80％未満の場合 (2ポイント) ・80％以上 (3ポイント)
G98: 1 | H98: II夏期における日陰を形成し、敷地内歩行者空間等の暑熱環境を緩和する | J98: 1)中・高木の植栽やピロティ、庇、パーゴラ等を設けることにより、日陰の形成に努める。 | O98: 1～3
J99: 中・高木、ピロティ等の水平投影面積率が、 ・10％以上20％未満の場合 (1ポイント) ・20％以上30％未満の場合 (2ポイント) ・30％以上の場合 (3ポイント)
G100: 0 | H100: III敷地内に緑地や水面等を確保し、敷地内歩行者空間等の暑熱環境を緩和する | J100: 1)緑地や水面を確保することにより、地表面温度や地表面近傍の気温等の上昇を抑制する。 | O100: 1～3
J101: 緑被率、水被率、中・高木の水平投影面積率の合計が、 ・10％以上20％未満の場合 (1ポイント) ・20％以上30％未満の場合 (2ポイント) ・30％以上の場合 (3ポイント)
G102: 0 | J102: 2)敷地内の舗装面積を小さくするよう努める。 | O102: 1～3
J103: 舗装面積率が、 ・20％以上30％未満の場合 (1ポイント) ・10％以上20％未満の場合 (2ポイント) ・10％未満の場合 (3ポイント)
G104: 0 | H104: IV建築外装材料に配慮し、敷地内歩行空間等の暑熱環境を緩和する | J104: 1)屋上(人工地盤を含む)のうち、人が出入りできる部分の緑化に努める。 | O104: 2～3
J105: ・人が出入りできる屋上があり、一部緑化している場合(2ポイント) ・人が出入りできる屋上を広範囲で緑化している場合(3ポイント)
G106: 0 | J106: 2)外壁面の材料に配慮する。 | O106: 1～3
J107: 外壁面対策面積率が、 ・10％未満の場合で何らかの対策がある場合 (1ポイント) ・10％以上20％未満の場合 (2ポイント) ・20％以上の場合 (3ポイント)
G108: 0 | H108: V建築設備に伴う排熱の位置等に配慮し、敷地内歩行者空間等の暑熱環境を緩和する | J108: 1)主たる建築設備(空調設備)に伴う排熱は、建築物の高い位置からの放出に努める。 ・排熱を伴う冷却塔や室外機等について、設備容量の50％程度以上をGL＋10m以上 の位置に設置 (1ポイント) ・冷却塔や室外機を設置しない、またはほとんどをGL＋10m以上の位置に設置 (2ポイント) | O108: 1～2
...

Sheet 採点LR1
M1: ■建物名称 | N1: =メイン!C11 -> ○○ビル | R1: プルダウン選択肢
D3: LR1 エネルギー | I3: 色欄について、プルダウンメニューから選択、または数値・コメントを記入のこと | O3: =IF(メイン!E39=0,"",メイン!E39) | R3: <評価しない> | S3: ○ | U3: =メイン!I39 -> 基本設計段階
T4: ON | U4: =メイン!I40 -> 実施設計段階
U5: =メイン!I41 -> 竣工段階
D6: 1 | E6: 建物外皮の熱負荷抑制
B7: 学校版基準 | I7: 重み係数(既定）＝ | J7: =重み!M110 -> 0.3
B8: 0 | F8: 3 | G8: 小中学校
B9: - | C9: 1 | G9: 一般地域 | I9: 寒冷地域 | K9: 暑熱地域
B10: 2 | C10: 3 | F10: =IF(F8=$S$15,$T$10,IF(ROUNDDOWN(F8,0)=$S$10,$U$10,$T$10)) -> レベル 1 | G10: (該当するレベルなし) | I10: (該当するレベルなし) | K10: (該当するレベルなし) | S10: 1 | T10: レベル 1 | U10: ■レベル 1
B11: 3 | C11: 3 | F11: =IF(F8=$S$15,$T$11,IF(ROUNDDOWN(F8,0)=$S$11,$U$11,$T$11)) -> レベル 2 | G11: レベル３に満たない | I11: レベル３に満たない | K11: レベル３に満たない | S11: 2 | T11: レベル 2 | U11: ■レベル 2
B12: 4 | C12: 4 | F12: =IF(F8=$S$15,$T$12,IF(ROUNDDOWN(F8,0)=$S$12,$U$12,$T$12)) -> ■レベル 3 | G12: 厚さが20mm以上の吹付け硬質ｳﾚﾀﾝﾌｫｰﾑ断熱材その他これに相当する断熱性能を使用し、且つ複層ガラスを使用している | I12: 厚さが40mm以上の吹付け硬質ｳﾚﾀﾝﾌｫｰﾑ断熱材その他これに相当する断熱性能を使用し、且つ複層ガラスを使用している | K12: 熱反ガラスを使用し、且つ水平庇１．０ｍ以上が計画されている。又は、高性能熱反ガラスを使用し、かつ水平庇0.5～1.0ｍが計画されている。 | S12: 3 | T12: レベル 3 | U12: ■レベル 3
B13: 5 | C13: 5 | F13: =IF(F8=$S$15,$T$13,IF(ROUNDDOWN(F8,0)=$S$13,$U$13,$T$13)) -> レベル 4 | G13: 厚さが20mm以上の吹付け硬質ｳﾚﾀﾝﾌｫｰﾑ断熱材その他これに相当する断熱性能を使用し、且つ低放射複層ガラスを使用している | I13: 厚さが40mm以上の吹付け硬質ｳﾚﾀﾝﾌｫｰﾑ断熱材その他これに相当する断熱性能を使用し、且つ低放射複層ガラスを使用している | K13: 高性能熱反ガラスを使用し、且つ水平庇１．０ｍ以上が計画されている。 | S13: 4 | T13: レベル 4 | U13: ■レベル 4
B14: 0 | C14: 0 | F14: =IF(F8=$S$15,$T$14,IF(ROUNDDOWN(F8,0)=$S$14,$U$14,$T$14)) -> レベル 5 | G14: レベル４に加え、ダブルスキン等の断熱に有効な手法が採用されている。 | I14: レベル４に加え、ダブルスキン等の断熱に有効な手法が採用されている。 | K14: レベル４に加え、外ルーバー等の日射遮蔽に有効な手法が採用されている。 | S14: 5 | T14: レベル 5 | U14: ■レベル 5
F15: 建物全体 | I15: 重み係数(既定）＝ | J15: =重み!M118 -> 0.2 | S15: 0 | T15: レベル | U15: レベル
F16: =IF(G32="ON",F32,ROUNDDOWN(計画書!H18,1)) -> 5 | G16: =ROUNDDOWN(計画書!J15,1) -> 1 | H16: 事・学・物・飲・会・病・ホ | O16: =メイン!J66-メイン!J60-K25 -> 12000
H17: [BPI]での評価 | L17: モデル建物法[BPIm]での評価
H18: １～７地域 | J18: ８地域 | L18: １～７地域 | N18: ８地域
F19: =IF(F16=$S$15,$T$10,IF(ROUNDDOWN(F16,0)=$S$10,$U$10,$T$10)) -> レベル 1 | G19: =IF(G16=$S$15,$T$10,IF(ROUNDDOWN(G16,0)=$S$10,$U$10,$T$10)) -> ■レベル 1 | H19: レベル1: [BPI] ≧ 1.03 | J19: レベル1: [BPI] ≧ 1.03 | L19: 1.00 ＜ [BPIm] | N19: 1.00 ＜ [BPIm]
F20: =IF(F16=$S$15,$T$11,IF(ROUNDDOWN(F16,0)=$S$11,$U$11,$T$11)) -> レベル 2 | G20: =IF(G16=$S$15,$T$11,IF(ROUNDDOWN(G16,0)=$S$11,$U$11,$T$11)) -> レベル 2 | H20: レベル2: [BPI] ＝ 1.00 | I20: ＜各レベル間を | J20: レベル2: [BPI] ＝ 1.00 | K20: ＜各レベル間を | L20: 0.97 ＜ [BPIm] ≦1.00 | N20: 0.97 ＜ [BPIm] ≦ 1.00
F21: =IF(F16=$S$15,$T$12,IF(ROUNDDOWN(F16,0)=$S$12,$U$12,$T$12)) -> レベル 3 | G21: =IF(G16=$S$15,$T$12,IF(ROUNDDOWN(G16,0)=$S$12,$U$12,$T$12)) -> レベル 3 | H21: レベル3: [BPI] ＝ 0.97 | I21: 直線補完し | J21: レベル3: [BPI] ＝ 0.97 | K21: 直線補完し | L21: 0.90 ＜ [BPIm] ≦ 0.97 | N21: 0.93 ＜ [BPIm] ≦ 0.97
F22: =IF(F16=$S$15,$T$13,IF(ROUNDDOWN(F16,0)=$S$13,$U$13,$T$13)) -> レベル 4 | G22: =IF(G16=$S$15,$T$13,IF(ROUNDDOWN(G16,0)=$S$13,$U$13,$T$13)) -> レベル 4 | H22: レベル4: [BPI] ＝ 0.90 | I22: 小数点を評価＞ | J22: レベル4: [BPI] ＝ 0.93 | K22: 小数点を評価＞ | L22: [BPIm] ≦ 0.90 | N22: [BPIm] ≦ 0.93
F23: =IF(F16=$S$15,$T$14,IF(ROUNDDOWN(F16,0)=$S$14,$U$14,$T$14)) -> ■レベル 5 | G23: =IF(G16=$S$15,$T$14,IF(ROUNDDOWN(G16,0)=$S$14,$U$14,$T$14)) -> レベル 5 | H23: レベル5: [BPI] ≦ 0.80 | J23: レベル5: [BPI] ≦ 0.85 | L23: （該当するレベルなし） | N23: （該当するレベルなし）
G25: =ROUNDDOWN(計画書!J16,1) -> 5 | H25: 住宅 | K25: =メイン!C64 -> 2500
G26: =IF(G25=$S$15,$T$10,IF(ROUNDDOWN(G25,0)=$S$10,$U$10,$T$10)) -> レベル 1 | H26: 日本住宅性能表示基準「5-1断熱等性能等級」における等級１に相当
G27: =IF(G25=$S$15,$T$11,IF(ROUNDDOWN(G25,0)=$S$11,$U$11,$T$11)) -> レベル 2 | H27: 日本住宅性能表示基準「5-1断熱等性能等級」における等級２に相当
G28: =IF(G25=$S$15,$T$12,IF(ROUNDDOWN(G25,0)=$S$12,$U$12,$T$12)) -> レベル 3 | H28: 日本住宅性能表示基準「5-1断熱等性能等級」における等級３に相当
G29: =IF(G25=$S$15,$T$13,IF(ROUNDDOWN(G25,0)=$S$13,$U$13,$T$13)) -> レベル 4 | H29: 日本住宅性能表示基準「5-1断熱等性能等級」における等級４に相当
G30: =IF(G25=$S$15,$T$14,IF(ROUNDDOWN(G25,0)=$S$14,$U$14,$T$14)) -> ■レベル 5 | H30: レベル４を超える水準の断熱性能を満たす
F31: 直接入力
F32: 3
D34: 2 | E34: 自然エネルギーの利用
D35: 2.1 | E35: 定量評価 | J35: =IF(OR(F37=0,AND(J36=0,O37=0)),$R$3,"") -> <評価しない>
I36: 重み係数(既定）＝ | J36: =重み!M120 -> 0
F37: =IF(I44<1,3,IF(I44<15,4,5)) -> 3 | G37: 事・学・物・飲・会・病・ホ・工 | O37: =計画書!H117 -> 0
F38: =IF(F37=$S$15,$T$10,IF(ROUNDDOWN(F37,0)=$S$10,$U$10,$T$10)) -> レベル 1 | G38: （該当するレベルなし） | N38: 自然エネルギーの直接利用量（採光や通風など）を評価する。太陽光発電やソーラーパネル等などの電気や熱に変換して利用するものについては、「3．設備システムの高効率化」で評価する。
F39: =IF(F37=$S$15,$T$11,IF(ROUNDDOWN(F37,0)=$S$11,$U$11,$T$11)) -> レベル 2 | G39: （該当するレベルなし）
F40: =IF(F37=$S$15,$T$12,IF(ROUNDDOWN(F37,0)=$S$12,$U$12,$T$12)) -> ■レベル 3 | G40: 0MJ/㎡・年≦ [利用量] ＜1MJ/㎡・年 ※利用なし、モニュメントの計画含む
F41: =IF(F37=$S$15,$T$13,IF(ROUNDDOWN(F37,0)=$S$13,$U$13,$T$13)) -> レベル 4 | G41: 1MJ/㎡・年≦ [利用量] ＜15MJ/㎡･年
F42: =IF(F37=$S$15,$T$14,IF(ROUNDDOWN(F37,0)=$S$14,$U$14,$T$14)) -> レベル 5 | G42: 15MJ/㎡・年≦ [利用量]
G44: 自然エネルギー直接利用量 | I44: 0 | J44: MＪ／年㎡ （変換利用量は含まない）
D45: 2.2 | E45: 定性評価 | J45: =IF(OR(F47=0,AND(J46=0,O46=0)),$R$3,"")
I46: 重み係数(既定）＝ | J46: =重み!M121 -> 1
F47: =IF((J47+O47)=0,0,IF(AND(G47=0,O47>0),L47,G47*J47/(J47+O47)+L47*O47/(J47+O47))) -> 3 | G47: =IF(K56=B57,0,IF(COUNTIF(H57:H60,"○")<1,3,IF(COUNTIF(H57:H60,"○")>=1,IF(I54<15,4,5)))) -> 3 | H47: 事・学（大学等）・物・飲・会・病・ホ・工 | J47: =計画書!H120 -> 8000 | K47: 備考 | L47: 3 | M47: 学(小中高)・住 | O47: =計画書!H119 -> 6500
B48: - | C48: - | F48: =IF(F47=$S$15,"",IF(ROUNDDOWN(F47,0)=$S$10,$U$10,$T$10)) -> レベル 1 | G48: =IF(G47=$S$15,"",IF(ROUNDDOWN(G47,0)=$S$10,$U$10,$T$10)) -> レベル 1 | H48: (該当するレベルなし) | K48: 工場の生産エリアへの利用量は、 | L48: =IF(L47=$S$15,"",IF(ROUNDDOWN(L47,0)=$S$10,$U$10,$T$10)) -> レベル 1 | M48: (該当するレベルなし)
B49: - | C49: 2 | F49: =IF(F47=$S$15,"",IF(ROUNDDOWN(F47,0)=$S$11,$U$11,$T$11)) -> レベル 2 | G49: =IF(G47=$S$15,"",IF(ROUNDDOWN(G47,0)=$S$11,$U$11,$T$11)) -> レベル 2 | H49: (該当するレベルなし) | K49: 評価しない。 | L49: =IF(L47=$S$15,"",IF(ROUNDDOWN(L47,0)=$S$11,$U$11,$T$11)) -> レベル 2 | M49: レベル３に対する、採光・通風が行えない。
B50: 3 | C50: 3 | F50: =IF(F47=$S$15,"",IF(ROUNDDOWN(F47,0)=$S$12,$U$12,$T$12)) -> ■レベル 3 | G50: =IF(G47=$S$15,"",IF(ROUNDDOWN(G47,0)=$S$12,$U$12,$T$12)) -> ■レベル 3 | H50: 評価する取組みのうち、何れの手法も採用していない。または、何れかの手法が採用されているが、有効性は検討されていない。 | K50: 生産エリアのみの工場は対象外とする。 | L50: =IF(L47=$S$15,"",IF(ROUNDDOWN(L47,0)=$S$12,$U$12,$T$12)) -> ■レベル 3 | M50: 教室・専有部のほぼ全体（80%以上）が、外皮に２方向面しており、有効な採光・通風が確保されている。
B51: 4 | C51: 4 | F51: =IF(F47=$S$15,"",IF(ROUNDDOWN(F47,0)=$S$13,$U$13,$T$13)) -> レベル 4 | G51: =IF(G47=$S$15,"",IF(ROUNDDOWN(G47,0)=$S$13,$U$13,$T$13)) -> レベル 4 | H51: 評価する取組みのうち、何れかの手法が有効性を検討した上で採用されている。（但し、モニュメントの計画を除く。） | K51: （評価する取組み欄で「対象外」を選択） | L51: =IF(L47=$S$15,"",IF(ROUNDDOWN(L47,0)=$S$13,$U$13,$T$13)) -> レベル 4 | M51: 上記の他、換気ボイドなど、効果を促進させる建築的工夫がなされ、その影響範囲が、建物の過半（50%以上）に及ぶもの
B52: 5 | C52: 5 | F52: =IF(F47=$S$15,"",IF(ROUNDDOWN(F47,0)=$S$14,$U$14,$T$14)) -> レベル 5 | G52: =IF(G47=$S$15,"",IF(ROUNDDOWN(G47,0)=$S$14,$U$14,$T$14)) -> レベル 5 | H52: レベル４に加え、利用量が15MJ/㎡・年以上となる場合。 | L52: =IF(L47=$S$15,"",IF(ROUNDDOWN(L47,0)=$S$14,$U$14,$T$14)) -> レベル 5 | M52: 上記の工夫が、建物の大半（80%以上）に及ぶもの
B53: 0 | C53: 0
G54: 自然エネルギー直接利用量 | I54: 0 | J54: MＪ／年㎡ （変換利用量は含まない）
B56: 評価対象 | G56: NO. | H56: 採用項目 | I56: 評価する取組み | K56: 評価対象 | L56: ←対象外の場合に選択
B57: 0 | C57: 0 | G57: 1 | I57: 採光利用：照明設備に代わり、太陽光を利用した、自然採光システムが計画されている事。（例）ライトシェルフ、トップライト、ハイサイドライトなど
G58: 2 | I58: 通風利用：空調設備に代わり、冷房負荷低減に有効な自然通風・自然換気システムが計画されている事。（例）自動ダンパや手動の開閉口または開閉窓（運用管理方法を計画したもの）、ナイトパージ、アトリウムと連携した換気システム、換気塔ソーラーチムニーなど
G59: 3 | I59: 地熱利用：熱源や空調設備に代わり、冷暖房負荷低減に有効な地熱利用システムが計画されている事。（例）クール＆ヒートチューブ・ピットなど
G60: 4 | I60: その他：その他、自然を活用した有効なシステムが計画されていること。
D62: 3 | E62: 設備システムの高効率化 | J62: =IF(OR(F65=0,AND(J64=0,K65=0)),$R$3,"") -> #N/A
G63: 3.1 設計仕様に基づく評価
F64: 建物全体 | G64: 非住宅部分 | I64: 重み係数(既定）＝ | J64: =重み!M124 -> 0.5
F65: =IF((K65+O73)=0,0,F92*K65/(K65+O73)+F74*O73/(K65+O73)) -> #N/A | G65: =ROUNDDOWN(計画書!H37,1) -> 0 | H65: 事・学・物・飲・会・病・ホ・工 | K65: =メイン!J66-O73 -> 12000
F66: =IF((J66+O66)=0,0,IF(AND(G66=0,O66>0),L66,G66*J66/(J66+O66)+L66*O66/(J66+O66))) -> #VALUE! | H66: 事・学・工 | J66: 物・飲・会・病・ホ
F67: =IF(F65=$S$15,$T$10,IF(ROUNDDOWN(F65,0)=$S$10,$U$10,$T$10)) -> #N/A | G67: =IF(G65=$S$15,"",IF(ROUNDDOWN(G65,0)=$S$10,$U$10,$T$10)) | H67: ＜用途①＞ レベル1: [BEI][BEIm] ≧ 1.10 レベル2: [BEI][BEIm] ＝ 1.00 レベル3: [BEI][BEIm] ＝ 0.80 レベル4: [BEI][BEIm] ＝ 0.70 レベル5: [BEI][BEIm] ≦ 0.60 各レベル間はBEIまたはBEImにより、小数点一桁までの直線補間で評価する。 | J67: ＜用途②＞ レベル1: [BEI][BEIm] ≧ 1.10 レベル2: [BEI][BEIm] ＝ 1.00 レベル3: [BEI][BEIm] ＝ 0.80 レベル4: [BEI][BEIm] ＝ 0.75 レベル5: [BEI][BEIm] ≦ 0.70 各レベル間はBEIまたはBEImにより、小数点一桁までの直線補間で評価する。
F68: =IF(F65=$S$15,$T$11,IF(ROUNDDOWN(F65,0)=$S$11,$U$11,$T$11)) -> #N/A | G68: =IF(G65=$S$15,"",IF(ROUNDDOWN(G65,0)=$S$11,$U$11,$T$11))
F69: =IF(F65=$S$15,$T$12,IF(ROUNDDOWN(F65,0)=$S$12,$U$12,$T$12)) -> #N/A | G69: =IF(G65=$S$15,"",IF(ROUNDDOWN(G65,0)=$S$12,$U$12,$T$12))
F70: =IF(F65=$S$15,$T$13,IF(ROUNDDOWN(F65,0)=$S$13,$U$13,$T$13)) -> #N/A | G70: =IF(G65=$S$15,"",IF(ROUNDDOWN(G65,0)=$S$13,$U$13,$T$13))
F71: =IF(F65=$S$15,$T$14,IF(ROUNDDOWN(F65,0)=$S$14,$U$14,$T$14)) -> #N/A | G71: =IF(G65=$S$15,"",IF(ROUNDDOWN(G65,0)=$S$14,$U$14,$T$14))
F73: 住 | O73: =メイン!C64 -> 2500
F74: =ROUNDDOWN(計画書!H37,1) -> 0 | J74: =計画書!M29 -> 0 | O74: =計画書!N29 -> 0
F75: =IF(F74=$S$15,"",IF(ROUNDDOWN(F74,0)=$S$10,$U$10,$T$10)) | G75: =IF(G74=$S$15,"",IF(ROUNDDOWN(G74,0)=$S$10,$U$10,$T$10)) | H75: ＜用途③＞ レベル1: [BEI] ≧ 1.20 レベル2: [BEI] ＝ 1.10 レベル3: [BEI] ＝ 1.00 レベル4: [BEI] ＝ 0.90 レベル5: [BEI] ≦ 0.85 | K75: =IF(K74=$S$15,"",IF(ROUNDDOWN(K74,0)=$S$10,$U$10,$T$10))
F76: =IF(F74=$S$15,"",IF(ROUNDDOWN(F74,0)=$S$11,$U$11,$T$11)) | G76: =IF(G74=$S$15,"",IF(ROUNDDOWN(G74,0)=$S$11,$U$11,$T$11)) | J76: ＜各レベル間を | K76: =IF(K74=$S$15,"",IF(ROUNDDOWN(K74,0)=$S$11,$U$11,$T$11))
F77: =IF(F74=$S$15,"",IF(ROUNDDOWN(F74,0)=$S$12,$U$12,$T$12)) | G77: =IF(G74=$S$15,"",IF(ROUNDDOWN(G74,0)=$S$12,$U$12,$T$12)) | J77: 直線補完し | K77: =IF(K74=$S$15,"",IF(ROUNDDOWN(K74,0)=$S$12,$U$12,$T$12))
F78: =IF(F74=$S$15,"",IF(ROUNDDOWN(F74,0)=$S$13,$U$13,$T$13)) | G78: =IF(G74=$S$15,"",IF(ROUNDDOWN(G74,0)=$S$13,$U$13,$T$13)) | J78: 小数点を評価＞ | K78: =IF(K74=$S$15,"",IF(ROUNDDOWN(K74,0)=$S$13,$U$13,$T$13))
F79: =IF(F74=$S$15,"",IF(ROUNDDOWN(F74,0)=$S$14,$U$14,$T$14)) | G79: =IF(G74=$S$15,"",IF(ROUNDDOWN(G74,0)=$S$14,$U$14,$T$14)) | K79: =IF(K74=$S$15,"",IF(ROUNDDOWN(K74,0)=$S$14,$U$14,$T$14))
G81: 算定プログラムを使わない場合の評価
G82: 「住宅部分の外壁、窓等を通しての熱の損失の防止に関する基準及び一次エネルギー消費量に関する基準（平成28年国土交通省
G83: 告示266号）」に定められる「外壁、窓等を通しての熱の損失の防止に関する基準」および「一次エネルギー消費量に関する基準」
G84: の双方を満たす場合は「レベル３」とする。 上記を満たさない場合は、「レベル１」とする。
F86: 3.2 実績値を用いた総合評価 | J86: =IF(境界値!I14>=0.8,R3,"")
F87: （１） 設計仕様に基づく評価の補正
F88: =計画書!J37 -> 1 | G88: [3.1a、3.1bによる設備システムの高効率化のスコア]が2.0点未満 | K88: 1
G89: [3,1a、3.1bによる設備システムの高効率化のスコア]が2.0点以上 | K89: スコア-1.0
F91: （２） 実測結果に基づく評価 | I91: =計画書!L37 -> #N/A | J91: =計画書!M37 -> #N/A
F92: =ROUNDDOWN(計画書!P37,1) -> #N/A | G92: （１）によるスコア | H92: 加点あり | I92: 上下なし | J92: 減点あり
G93: 1.0以上1.5未満 | H93: 2 | I93: 1 | J93: 1
G94: 1.5以上2.0未満 | H94: 2.5 | I94: 1.5 | J94: 1
G95: 2.0以上2.5未満 | H95: 3 | I95: 2 | J95: 1
G96: 2.5以上3.0未満 | H96: 3.5 | I96: 2.5 | J96: 1.5
G97: 3.0以上3.5未満 | H97: 4 | I97: 3 | J97: 2
G98: 3.5以上4.0未満 | H98: 4.5 | I98: 3.5 | J98: 2.5
G99: 4 | H99: 5 | I99: 4 | J99: 3
F100: 3.1 空調設備
B101: 学校版基準 | F101: 基本設計段階 | I101: 重み係数(既定）＝ | J101: 0.5
B102: 0 | F102: 0 | G102: 小中学校 | N102: 備考
B103: - | C103: 1 | F103: =IF(F102=$S$15,"",IF(ROUNDDOWN(F102,0)=$S$10,$U$10,$T$10)) | G103: (該当するレベルなし)
B104: 2 | C104: 3 | F104: =IF(F102=$S$15,"",IF(ROUNDDOWN(F102,0)=$S$11,$U$11,$T$11)) | G104: レベル３に満たない
B105: 3 | C105: 3 | F105: =IF(F102=$S$15,"",IF(ROUNDDOWN(F102,0)=$S$12,$U$12,$T$12)) | G105: 冷暖房平均COPが1.25以上の熱源機器を採用
B106: 4 | C106: 4 | F106: =IF(F102=$S$15,"",IF(ROUNDDOWN(F102,0)=$S$13,$U$13,$T$13)) | G106: レベル３に加え、空調対象面積の50％以上に全熱交換器を採用
B107: 5 | C107: 5 | F107: =IF(F102=$S$15,"",IF(ROUNDDOWN(F102,0)=$S$14,$U$14,$T$14)) | G107: レベル４に加え、地中熱や井水、太陽熱、顕熱潜熱分離等の更なる効率化が図られている。
B108: 0 | C108: 0
F109: 3.2 換気設備 | H109: <評価しない>
F111: 3.3 照明設備
...

Sheet 計画書
C2: ■LR1 「省エネルギー計画書」等からの必要事項の転記 | M2: ■建物名称 | N2: =メイン!C11 -> ○○ビル
C5: 1 | D5: 外壁、窓等を通しての熱の損失の防止に関する事項 | U5: =IF($H$6<=V10,U11,IF($H$6<=V9,U10,IF($H$6<=V8,U9,IF($H$6<=V7,U8,1)))) -> 5 | W5: =VLOOKUP($U$5,U7:X11,3) -> -10 | X5: =VLOOKUP($U$5,U7:X11,4) -> 13 | Y5: =IF($H$6<=Z10,Y11,IF($H$6<=Z9,Y10,IF($H$6<=Z8,Y9,IF($H$6<=Z7,Y8,1)))) -> 5 | AA5: =VLOOKUP($Y$5,Y7:AB11,3) -> -12.5 | AB5: =VLOOKUP($Y$5,Y7:AB11,4) -> 15.625
E6: 非住宅部分 | G6: [BPI][BPIm] = | J6: =メイン!F12 -> 0 | L6: ＜１～７地域＞ | M6: =IF(H6="",1,IF(H6<=V11,U11,IF(H6>=V7,U7,H6*W5+X5))) -> 1 | T6: 対象外 | U6: レベル | V6: 1～7地域 | W6: a（傾き） | X6: ｂ（切片） | Y6: レベル | Z6: ８地域 | AA6: a（傾き） | AB6: ｂ（切片）
L7: ＜８地域＞ | M7: =IF(H6="",1,IF(H6<=Z11,Y11,IF(H6>=Z7,Y7,H6*AA5+AB5))) -> 1 | T7: 等級1 | U7: 1 | V7: 1.03 | W7: 0 | X7: 1 | Y7: 1 | Z7: 1.03 | AA7: 0 | AB7: 1
T8: 等級2 | U8: 2 | V8: 1 | W8: =(U8-U7)/(V8-V7) -> -33.333333 | X8: =U8-W8*V8 -> 35.333333 | Y8: 2 | Z8: 1 | AA8: =(Y8-Y7)/(Z8-Z7) -> -33.333333 | AB8: =Y8-AA8*Z8 -> 35.333333
E9: 住宅部分 | G9: 品確法 | H9: 等級4を超える | I9: 相当 ※1、2 | T9: 等級3 | U9: 3 | V9: 0.97 | W9: =(U9-U8)/(V9-V8) -> -33.333333 | X9: =U9-W9*V9 -> 35.333333 | Y9: 3 | Z9: 0.97 | AA9: =(Y9-Y8)/(Z9-Z8) -> -33.333333 | AB9: =Y9-AA9*Z9 -> 35.333333
E10: ※1 | F10: 各住戸の相当する等級が異なる場合には、住戸毎に評価を行い、算定されたレベルを住戸数で加重平均し、四捨五入で最も近いレベルを選択する。ただし、レベル5の「等級4を超える水準」については、各住戸の平均外皮性能値に基づき評価するため、加重平均を行う必要はない。 | T10: 等級4 | U10: 4 | V10: 0.9 | W10: =(U10-U9)/(V10-V9) -> -14.285714 | X10: =U10-W10*V10 -> 16.857143 | Y10: 4 | Z10: 0.93 | AA10: =(Y10-Y9)/(Z10-Z9) -> -25 | AB10: =Y10-AA10*Z10 -> 27.25
E11: ※2 | F11: 等級４を超える水準 | T11: 等級4を超える | U11: 5 | V11: 0.8 | W11: =(U11-U10)/(V11-V10) -> -10 | X11: =U11-W11*V11 -> 13 | Y11: 5 | Z11: 0.85 | AA11: =(Y11-Y10)/(Z11-Z10) -> -12.5 | AB11: =Y11-AA11*Z11 -> 15.625
F12: ＜１～７地域＞ | G12: 各住戸のUA値について①又は②の基準を満たし、且つ、ηAC値について等級4相当を満たすこと。 ①住戸の設計UA値が基準UA値に0.85を乗じた値以下であること。 ②外気に接する床の部位熱貫流率が下の値に0.85を乗じた値以下であり、かつ、住戸の設計UA値が基準UA値に0.9を乗じた値以下であること。 1～2地域；0.27、3地域；0.32、4～7地域；0.37 | T12: 等級未入力
F13: ＜８地域＞ | G13: 各住戸の開口部の平均日射熱取得率が12以下となること。 | T13: BPI未入力
G14: 床面積(㎡) | H14: 床面積比率
F15: 非住宅部分 | H15: =IF(G15+G16=0,0,G15/(G15+G16)) -> 0 | J15: =IF(H6="",1,IF(J6=Z6,M7,M6)) -> 1
F16: 住宅部分 | G16: =IF(H9=T6,0,メイン!C64) -> 2500 | H16: =IF(G15+G16=0,0,G16/(G15+G16)) -> 1 | J16: =IF(H9="",$T12,IF(H9=T11,U11,IF(H9=T10,U10,IF(H9=T9,U9,IF(H9=T8,U8,U7))))) -> 5
D18: LR1/1. 建物外皮の熱負荷抑制 | H18: =SUMPRODUCT(H15:H16,J15:J16) -> 5
C21: 2 | D21: 一次エネルギー消費性能（BEI等の転記）
D23: 建物全体のBEI | G23: [BEI][BEIm] = | J23: =IF(H35=0,0,IF($H$23<=V35,U35,IF(H23>=V31,U31,H23*W29+X29))) -> 5 | K23: 下記（１）（２）（３）で評価する場合は空欄
E24: <運用期間が1年未満の場合>
E25: 期間積算の基準一次エネルギー消費量に対する設計一次エネルギー消費量の比率 [BEITC] を[BEI]欄に入力
E27: 非住宅部分のBEI | G27: [BEI][BEIm] = | J27: 非住宅建築物は、建物全体のBEIと同じ数値を入力
J28: 下記（１）（２）（３）で評価する場合は複合用途の内の非住宅部分の（１）（２）の
J29: [BEI] [BEIm]の値を入力（LCCO2評価用） | U29: =IF($H$23<=V35,U35,IF($H$23<=V34,U34,IF($H$23<=V33,U33,IF($H$23<=V32,U32,U31)))) -> 5 | W29: =VLOOKUP($U$29,U31:X35,3) -> 0 | X29: =VLOOKUP($U$29,U31:X35,4) -> 0
E30: 以下の場合は、建物全体のBEI（BEIm）での評価になります。 ・非住宅建築物で、標準入力法(BEI)で評価した場合 ・非住宅建築物で、モデル建物法（BEIm）で評価した場合 ・住宅用途ないしは住宅を含む複合用途で、 専有部を算定プログラム（BEI）、共用部と非住宅部分を標準入力法（BEI）で評価した場合（共用部を評価しない場合も含む） | U30: レベル | V30: 評価建物 | W30: a（傾き） | X30: ｂ（切片）
D31: ■用途別BEI設定値 | G31: 床面積(㎡) | H31: 床面積比率 | J31: ﾚﾍﾞﾙ１ | K31: ﾚﾍﾞﾙ２ | L31: ﾚﾍﾞﾙ３ | M31: ﾚﾍﾞﾙ４ | N31: ﾚﾍﾞﾙ５ | U31: 1 | V31: =J35 -> 1.1172414 | W31: =(U32-U31)/(V32-V31) -> -10 | X31: =U32-W31*V32 -> 12.172414
F32: 事・学・工 | G32: =メイン!C47+メイン!C49+メイン!C60 -> 9000 | H32: =IF($G$35=0,0,G32/$G$35) -> 0.62068966 | J32: 1.1 | K32: 1 | L32: 0.8 | M32: 0.7 | N32: 0.6 | U32: 2 | V32: =K35 -> 1.0172414 | W32: =(U33-U32)/(V33-V32) -> -5.4716981 | X32: =U33-W32*V33 -> 7.5660377
F33: 物・飲・会・病・ホ | G33: =メイン!C54+メイン!C56+メイン!C57+メイン!C61+メイン!C62 -> 3000 | H33: =IF($G$35=0,0,G33/$G$35) -> 0.20689655 | J33: 1.1 | K33: 1 | L33: 0.8 | M33: 0.75 | N33: 0.7 | U33: 3 | V33: =L35 -> 0.83448276 | W33: =(U34-U33)/(V34-V33) -> -11.153846 | X33: =U34-W33*V34 -> 12.307692
F34: 住 | G34: =メイン!C64 -> 2500 | H34: =IF($G$35=0,0,G34/$G$35) -> 0.17241379 | J34: 1.2 | K34: 1.1 | L34: 1 | M34: 0.9 | N34: 0.85 | U34: 4 | V34: =M35 -> 0.74482759 | W34: =(U35-U34)/(V35-V34) -> -12.340426 | X34: =U35-W34*V35 -> 13.191489
F35: 評価建物 | G35: =SUM(G32:G34) -> 14500 | H35: =SUM(H32:H34) -> 1 | J35: =SUMPRODUCT(J32:J34,$H$32:$H$34) -> 1.1172414 | K35: =SUMPRODUCT(K32:K34,$H$32:$H$34) -> 1.0172414 | L35: =SUMPRODUCT(L32:L34,$H$32:$H$34) -> 0.83448276 | M35: =SUMPRODUCT(M32:M34,$H$32:$H$34) -> 0.74482759 | N35: =SUMPRODUCT(N32:N34,$H$32:$H$34) -> 0.6637931 | U35: 5 | V35: =N35 -> 0.6637931
D37: LR1/3.設備システムの高効率化 | H37: =IF(H23="",J77,J23) -> 0 | I37: 3.2(1) | J37: =IF(H37-1<1,1,H37-1) -> 1 | K37: (2) | L37: =境界値!I51 -> #N/A | M37: =IF(L37=1,"レベル上げる",IF(L37=-1,"レベル下げる","上下なし")) -> #N/A | O37: (3) | P37: =IF(境界値!I14>=0.8,H37,IF(0.5*ROUNDDOWN(J37/0.5,0)+L37<1,1,0.5*ROUNDDOWN(J37/0.5,0)+L37)) -> #N/A
D39: 次の場合は、以下の（１）（２）（３）で評価してください。 ・住宅を含む複合用途で、共用部を標準入力法（BEI）、非住宅部分をモデル建物法（BEIm）で評価した場合 ・住宅用途ないしは住宅を含む複合用途で、専有部を住宅仕様基準で評価した場合
D40: （１）BEIによる評価
G41: [BEI] = | J41: =IF(H41="",S41,IF(H41<=V48,U48,IF(H41>=V44,U44,H41*W42+X42))) -> BEI未入力 | K41: 住宅の共用部、住戸部分も含めたBEIを入力 | S41: BEI未入力
E42: ■用途別評価対象面積の入力 | U42: =IF($H$41<=V48,U48,IF($H$41<=V47,U47,IF($H$41<=V46,U46,IF($H$41<=V45,U45,U44)))) -> #DIV/0! | W42: =VLOOKUP($U$42,U44:X48,3) -> #DIV/0! | X42: =VLOOKUP($U$42,U44:X48,4) -> #DIV/0!
F43: 床面積(㎡) | G43: 対象面積(㎡) | H43: 床面積比率 | J43: ﾚﾍﾞﾙ１ | K43: ﾚﾍﾞﾙ２ | L43: ﾚﾍﾞﾙ３ | M43: ﾚﾍﾞﾙ４ | N43: ﾚﾍﾞﾙ５ | U43: レベル | V43: 評価建物 | W43: a（傾き） | X43: ｂ（切片）
E44: 事・学・工 | F44: =G32 -> 9000 | H44: =G44/G47 -> #DIV/0! | J44: 1.1 | K44: 1 | L44: 0.8 | M44: 0.7 | N44: 0.6 | U44: 1 | V44: =J47 -> #DIV/0! | W44: =(U45-U44)/(V45-V44) -> #DIV/0! | X44: =U45-W44*V45 -> #DIV/0!
E45: 物・飲・会・病・ホ | F45: =G33 -> 3000 | H45: =G45/G47 -> #DIV/0! | J45: 1.1 | K45: 1 | L45: 0.8 | M45: 0.75 | N45: 0.7 | U45: 2 | V45: =K47 -> #DIV/0! | W45: =(U46-U45)/(V46-V45) -> #DIV/0! | X45: =U46-W45*V46 -> #DIV/0!
E46: 住 | F46: =G34 -> 2500 | H46: =G46/G47 -> #DIV/0! | J46: 1.2 | K46: 1.1 | L46: 1 | M46: 0.9 | N46: 0.85 | U46: 3 | V46: =L47 -> #DIV/0! | W46: =(U47-U46)/(V47-V46) -> #DIV/0! | X46: =U47-W46*V47 -> #DIV/0!
E47: 評価対象面積 | F47: =SUM(F44:F46) -> 14500 | G47: =SUM(G44:G46) -> 0 | H47: =SUM(H44:H46) -> #DIV/0! | J47: =SUMPRODUCT(J44:J46,$H$44:$H$46) -> #DIV/0! | K47: =SUMPRODUCT(K44:K46,$H$44:$H$46) -> #DIV/0! | L47: =SUMPRODUCT(L44:L46,$H$44:$H$46) -> #DIV/0! | M47: =SUMPRODUCT(M44:M46,$H$44:$H$46) -> #DIV/0! | N47: =SUMPRODUCT(N44:N46,$H$44:$H$46) -> #DIV/0! | U47: 4 | V47: =M47 -> #DIV/0! | W47: =(U48-U47)/(V48-V47) -> #DIV/0! | X47: =U48-W47*V48 -> #DIV/0!
U48: 5 | V48: =N47 -> #DIV/0!
D49: （２）BEImによる評価
G50: [BEIm] = | J50: =IF(H50="",S50,IF(H50<=V57,U57,IF(H50>=V53,U53,H50*W51+X51))) -> BEI未入力 | S50: BEI未入力
E51: ■用途別評価対象面積の入力 | U51: =IF($H$50<=V57,U57,IF($H$50<=V56,U56,IF($H$50<=V55,U55,IF($H$50<=V54,U54,U53)))) -> #DIV/0! | W51: =VLOOKUP($U$51,U53:X57,3) -> #DIV/0! | X51: =VLOOKUP($U$51,U53:X57,4) -> #DIV/0!
F52: 床面積(㎡) | G52: 対象面積(㎡) | H52: 床面積比率 | J52: ﾚﾍﾞﾙ１ | K52: ﾚﾍﾞﾙ２ | L52: ﾚﾍﾞﾙ３ | M52: ﾚﾍﾞﾙ４ | N52: ﾚﾍﾞﾙ５ | U52: レベル | V52: 評価建物 | W52: a（傾き） | X52: ｂ（切片）
E53: 事・学・工 | F53: =F44 -> 9000 | H53: =G53/G56 -> #DIV/0! | J53: 1.1 | K53: 1 | L53: 0.8 | M53: 0.7 | N53: 0.6 | U53: 1 | V53: =J56 -> #DIV/0! | W53: =(U54-U53)/(V54-V53) -> #DIV/0! | X53: =U54-W53*V54 -> #DIV/0!
E54: 物・飲・会・病・ホ | F54: =F45 -> 3000 | H54: =G54/G56 -> #DIV/0! | J54: 1.1 | K54: 1 | L54: 0.8 | M54: 0.75 | N54: 0.7 | U54: 2 | V54: =K56 -> #DIV/0! | W54: =(U55-U54)/(V55-V54) -> #DIV/0! | X54: =U55-W54*V55 -> #DIV/0!
E55: 住 | H55: =G55/G56 -> #DIV/0! | J55: 1.2 | K55: 1.1 | L55: 1 | M55: 0.9 | N55: 0.85 | U55: 3 | V55: =L56 -> #DIV/0! | W55: =(U56-U55)/(V56-V55) -> #DIV/0! | X55: =U56-W55*V56 -> #DIV/0!
E56: 評価対象面積 | F56: =SUM(F53:F55) -> 12000 | G56: =SUM(G53:G55) -> 0 | H56: =SUM(H53:H55) -> #DIV/0! | J56: =SUMPRODUCT(J53:J55,$H$53:$H$55) -> #DIV/0! | K56: =SUMPRODUCT(K53:K55,$H$53:$H$55) -> #DIV/0! | L56: =SUMPRODUCT(L53:L55,$H$53:$H$55) -> #DIV/0! | M56: =SUMPRODUCT(M53:M55,$H$53:$H$55) -> #DIV/0! | N56: =SUMPRODUCT(N53:N55,$H$53:$H$55) -> #DIV/0! | U56: 4 | V56: =M56 -> #DIV/0! | W56: =(U57-U56)/(V57-V56) -> #DIV/0! | X56: =U57-W56*V57 -> #DIV/0!
U57: 5 | V57: =N56 -> #DIV/0!
D58: （３）仕様基準による評価
E59: ■住宅部分（専有部）において算定プログラムを使わない場合、以下の３カ所を必ず選択して下さい。 | S59: 算定プログラムによる評価
E60: 「住宅部分の外壁、窓等を通しての熱の損失の防止に関する基準及び一次エネルギー消費量に関する基準（平成28年国土交通省告示266号）」に定められる「外壁、窓等を通しての熱の損失の防止に関する基準」および「一次エネルギー消費量に関する基準」の双方を満たす場合は「レベル３」、これを満たさない場合は、「レベル１」とする。 | S60: 1
S61: 3
E62: 採点レベル | F62: 算定プログラムによる評価
E64: 暖房方式 | K64: 冷房方式 | S64: Ａ | T64: ａ
F65: Ａ：単位住戸全体を暖房する方式 | L65: ａ ：単位住戸全体を冷房する方式 | S65: Ｂ | T65: ｂ
F66: Ｂ：居室のみを暖房する方式（連続運転） | L66: ｂ ：居室のみを冷房する方式（間歇運転） | S66: Ｃ | T66: －
F67: Ｃ：居室のみを暖房する方式（間歇運転） | L67: －：上記以外（不明な場合を含む） | S67: －
F68: －：上記以外（不明な場合を含む）
I69: 共用部を含む非住宅部分[BEI] = | J69: 0.8
E70: ■評価対象面積の入力 | H70: ㎡ | J70: 仕様基準を適用した住戸の合計面積を入力
D72: ■建物全体のレベル（上記（１）（２）（３）による評価）
G73: 対象面積(㎡) | H73: 床面積比率
F74: （１）BEI | G74: =G47 -> 0 | H74: =G74/G$77 -> #DIV/0! | J74: =J41 -> BEI未入力
F75: （２）BEIｍ | G75: =G56 -> 0 | H75: =G75/G$77 -> #DIV/0! | J75: =J50 -> BEI未入力
F76: （３）仕様基準 | G76: =G70 -> 0 | H76: =G76/G$77 -> #DIV/0! | J76: =F62 -> 算定プログラムによる評価
F77: 評価対象面積合計 | G77: =SUM(G74:G76) -> 0 | H77: =SUM(H74:H76) -> #DIV/0! | J77: =IF(G77=0,0,SUMPRODUCT(H74:H76,J74:J76)) -> 0 | K77: =IF(G77<>G35,"建物全体の面積と評価対象面積の合計があっていません。","") -> 建物全体の面積と評価対象面積の合計があっていません。
C79: 3 | D79: 一次エネルギー消費量の転記
J80: 非住宅部分 | K80: 住宅部分 | N80: 合計
K81: 住戸合計 | L81: 共用部 | M81: 共用部ゲストルーム等 住戸扱い
D82: ■基準一次エネルギー消費量 (その他一次ｴﾈﾙｷﾞｰを含む) | N82: =SUM(J82:M82) -> 0 | O82: GJ/年
D83: ■設計一次エネルギー消費量 (その他一次ｴﾈﾙｷﾞｰを含む) | N83: =SUM(J83:M83) -> 0
D84: ■太陽光発電等エネルギー量（③ｵﾝｻｲﾄの取組） | I84: 総量※ | N84: =SUM(J84:L84) -> 0
I85: うちBEI評価に含まれる量（ex.自家消費分相当） | N85: =SUM(J85:L85) -> 0
E86: ※全量買取制度は評価対象外 | J86: その他エネルギー（家電・調理分）
E87: 注記； | F87: 住宅部分は、運用段階のLCCO2の算定に必要となるため、一次エネルギー消費量を入力する。なお非住宅部分については、LR1/3．設備システムの高効率化、および運用段階のLCCO2の算定ともにBEIを用いているため、一次エネルギー消費量の入力は不要（ただしオンサイトの取組分は要入力）。
C90: LCCO2算定における運用段階のエネルギー消費量(標準計算)
D91: 建築物の取組み（②） | N91: 評価対象 | Q91: 参照値
F92: BEI(2) | G92: 加点有無 | H92: BEI＊ | J92: 自然エネルギー削減量 | L92: 効率的な運用低減率 | N92: GJ/年 | Q92: GJ/年 | S92: BEI未入力
E93: 非住宅部 | G93: =-(境界値!I51-1)*0.1 -> #N/A | H93: =F93+G93 -> #N/A | J93: =(H117*N117+H119*N119+N120*H120)/1000 -> 0 | K93: GJ/年 | L93: =N123 -> 1 | N93: =境界値!J20+境界値!J8 -> 0 | Q93: =(N93/H93+J93)/L93 -> #N/A | T93: =T113/Q93 -> #N/A
S94: 既存 | T94: =CO2データ!N170 -> 0
H95: 用途別面積 | J95: 一次エネルギー消費量 | L95: 換算係数(参照値)
H96: ㎡ | J96: 統計値 MJ/年㎡ | L96: kg-CO2/MJ | S96: 電気％
E97: 事務所 | F97: 事務所 | H97: =メイン!R47 -> 5000 | J97: =CO2データ!H151 -> 1540 | L97: =CO2データ!R151 -> #VALUE! | S97: =CO2データ!N151 -> 0.9
F98: 官公庁 | H98: =メイン!R48 -> 0 | J98: =CO2データ!H152 -> 0 | L98: =CO2データ!R152 -> #VALUE! | S98: =CO2データ!N152 -> 0.83
E99: 学校等 | F99: 幼稚園・保育園 | H99: =メイン!R49 -> 0 | J99: =CO2データ!H153 -> 0 | L99: =CO2データ!R153 -> #VALUE! | S99: =CO2データ!N153 -> 0.71
F100: 小・中学校 | G100: 北海道 | H100: =メイン!R50 -> 0 | J100: =CO2データ!H154 -> 0 | L100: =CO2データ!R154 -> #VALUE! | S100: =CO2データ!N154 -> 0.62299912
G101: その他 | H101: =メイン!R51 -> 4000 | J101: =CO2データ!H155 -> 310 | L101: =CO2データ!R155 -> #VALUE! | S101: =CO2データ!N155 -> 0.75998792
F102: 高校 | H102: =メイン!R52 -> 0 | J102: =CO2データ!H156 -> 0 | L102: =CO2データ!R156 -> #VALUE! | S102: =CO2データ!N156 -> 0.74
F103: 大学・専門学校 | H103: =メイン!R53 -> 0 | J103: =CO2データ!H157 -> 0 | L103: =CO2データ!R157 -> #VALUE! | S103: =CO2データ!N157 -> 0.79
E104: 物販店舗等 | F104: デパート・スーパー | H104: =メイン!R54 -> 0 | J104: =CO2データ!H158 -> 0 | L104: =CO2データ!R158 -> #VALUE! | S104: =CO2データ!N158 -> 0.93
F105: その他物販 | H105: =メイン!R55 -> 0 | J105: =CO2データ!H159 -> 0 | L105: =CO2データ!R159 -> #VALUE! | S105: =CO2データ!N159 -> 0.92
E106: 飲食店 | H106: =メイン!R56 -> 0 | J106: =CO2データ!H160 -> 0 | L106: =CO2データ!R160 -> #VALUE! | S106: =CO2データ!N160 -> 0.5
E107: 集会所等 | F107: 劇場・ホール | H107: =メイン!R57 -> 3000 | J107: =CO2データ!H161 -> 1030 | L107: =CO2データ!R161 -> #VALUE! | S107: =CO2データ!N161 -> 0.76
F108: 展示施設 | H108: =メイン!R58 -> 0 | J108: =CO2データ!H162 -> 0 | L108: =CO2データ!R162 -> #VALUE! | S108: =CO2データ!N162 -> 0.81
F109: スポーツ施設 | H109: =メイン!R59 -> 0 | J109: =CO2データ!H163 -> 0 | L109: =CO2データ!R163 -> #VALUE! | S109: =CO2データ!N163 -> 0.92
E110: 工場 | H110: =メイン!E60 -> 0 | J110: =CO2データ!H164 -> 0 | L110: =CO2データ!R164 -> #VALUE! | S110: =CO2データ!N164 -> 1
E111: 病院 | H111: =メイン!R61 -> 0 | J111: =CO2データ!H165 -> 0 | L111: =CO2データ!R165 -> #VALUE! | S111: =CO2データ!N165 -> 0.65
E112: ホテル・旅館 | H112: =メイン!R62 -> 0 | J112: =CO2データ!H166 -> 0 | L112: =CO2データ!R166 -> #VALUE! | S112: =CO2データ!N166 -> 0.77
E113: 非住宅部分 | F113: 合計 | H113: =SUM(H97:H112) -> 12000 | J113: =SUMPRODUCT(H97:H112,J97:J112)/1000 -> 12030 | K113: (GJ/年） | L113: =SUMPRODUCT(H97:H112,L97:L112)/H113 -> #VALUE! | T113: =SUMPRODUCT(H97:H112,J97:J112,S97:S112)/1000 -> 10220.785
E115: ■自然エネルギーの直接利用量 | H115: 用途別面積
T116: 1
...

Sheet 境界値
L1: ■建物名称 | N1: =メイン!C11 -> ○○ビル
B2: ■エネルギー消費実績に基づくレベルの加点・減点（工場、集合住宅を除く）
K4: 色欄について、プルダウンメニューから選択、または数値を記入
C5: 1. エネルギー消費量実績の入力
D6: 1) 建物全体のエネルギー消費量実績の入力
E7: ①非住宅部分全体（集合住宅除く） | K7: GJ/年 | L7: ※備考； 省エネルギー計算対象の工場用途面積
E8: ②工場部分（省エネルギー計算対象部分）※ | J8: 0 | K8: GJ/年 | L8: =メイン!E60 -> 0 | M8: ㎡
E9: ③評価対象となる建物のエネルギー種別一次エネルギー構成比率（集合住宅除く）※
E10: ※運用CO2算定のための入力項目 | H10: 電気 | I10: ガス | J10: その他
D13: 2) 除外部分の入力 | G13: 室用途 | H13: 除外部分の床面積(㎡) | J13: エネルギー消費量 | L13: ※備考； 非住宅部分の延床面積
G14: 工場 | H14: =メイン!R60 -> 0 | I14: =IF(H14=0,0,+H14/$L$14) -> 0 | K14: GJ/年 | L14: =メイン!C63 -> 12000 | M14: ㎡
G15: 電算室 | I15: =IF(H15=0,0,+H15/$L$14) -> 0 | K15: GJ/年
G16: 厨房 | I16: =IF(H16=0,0,+H16/$L$14) -> 0 | K16: GJ/年
I17: =IF(H17=0,0,+H17/$L$14) -> 0 | K17: GJ/年
I18: =IF(H18=0,0,+H18/$L$14) -> 0 | K18: GJ/年
D20: 3) 実績評価の対象となるエネルギー消費量 | J20: =+J7-SUM(J14:J18) -> 0 | K20: GJ/年
C22: 2. 使用状況に準じた延床面積の構成比率の入力 | J22: 3. 地区の選択
D23: 1) 実績評価の対象面積 | G23: 2) 延床面積の構成比率入力 | K23: 地区選択に基づく境界値aおよびb
D24: 用途 | E24: 用途別面積(㎡) | G24: 用途 | H24: 構成比率 | K24: 用途 | L24: 境界値a | M24: 境界値b | T24: 北海道 | U24: 関西 | V24: e
K25: =VLOOKUP(L22,U24:V30,2) -> #N/A | T25: 東北 | U25: 関東 | V25: c
D26: 事務所 | E26: =メイン!R47 -> 5000 | G26: 事務所 | H26: =IF(E26=0,"",E26/$E$44) -> 0.41666667 | K26: 事務所 | L26: =HLOOKUP(K$25,$G$56:$M$73,P57) -> #N/A | M26: =HLOOKUP(K$25,$G$78:$M$95,P79) -> #N/A | T26: 関東 | U26: 九州 | V26: g
D27: 電算･情報センター | G27: 電算･情報センター | K27: 電算･情報センター | L27: =HLOOKUP(K$25,$G$56:$M$73,P58) -> #N/A | M27: =HLOOKUP(K$25,$G$78:$M$95,P80) -> #N/A | T27: 中部 | U27: 中国・四国 | V27: f
D28: 官公庁 | E28: =メイン!R48 -> 0 | G28: 官公庁 | H28: =IF(E28=0,"",E28/$E$44) | K28: 官公庁 | L28: =HLOOKUP(K$25,$G$56:$M$73,P59) -> #N/A | M28: =HLOOKUP(K$25,$G$78:$M$95,P81) -> #N/A | T28: 関西 | U28: 中部 | V28: d
D29: 幼稚園・保育園 | E29: =メイン!R49 -> 0 | G29: 幼稚園・保育園 | H29: =IF(E29=0,"",E29/$E$44) | K29: 幼稚園・保育園 | L29: =HLOOKUP(K$25,$G$56:$M$73,P60) -> #N/A | M29: =HLOOKUP(K$25,$G$78:$M$95,P82) -> #N/A | T29: 中国・四国 | U29: 東北 | V29: b
D30: 小・中学校 | E30: =メイン!R50+メイン!R51 -> 4000 | G30: 小・中学校 | H30: =IF(E30=0,"",E30/$E$44) -> 0.33333333 | K30: 小・中学校 | L30: =HLOOKUP(K$25,$G$56:$M$73,P61) -> #N/A | M30: =HLOOKUP(K$25,$G$78:$M$95,P83) -> #N/A | T30: 九州 | U30: 北海道 | V30: a
D31: 高等学校 | E31: =メイン!R52 -> 0 | G31: 高等学校 | H31: =IF(E31=0,"",E31/$E$44) | K31: 高等学校 | L31: =HLOOKUP(K$25,$G$56:$M$73,P62) -> #N/A | M31: =HLOOKUP(K$25,$G$78:$M$95,P84) -> #N/A
D32: 大学・専門学校 | E32: =メイン!R53 -> 0 | G32: 大学・専門学校 | H32: =IF(E32=0,"",E32/$E$44) | K32: 大学・専門学校 | L32: =HLOOKUP(K$25,$G$56:$M$73,P63) -> #N/A | M32: =HLOOKUP(K$25,$G$78:$M$95,P85) -> #N/A
D33: 研究機関 | G33: 研究機関 | H33: =IF(E33=0,"",E33/$E$44) | K33: 研究機関 | L33: =HLOOKUP(K$25,$G$56:$M$73,P64) -> #N/A | M33: =HLOOKUP(K$25,$G$78:$M$95,P86) -> #N/A
D34: ﾃﾞﾊﾟｰﾄ･ｽｰﾊﾟｰ | E34: =メイン!R54 -> 0 | G34: ﾃﾞﾊﾟｰﾄ･ｽｰﾊﾟｰ | H34: =IF(E34=0,"",E34/$E$44) | K34: ﾃﾞﾊﾟｰﾄ･ｽｰﾊﾟｰ | L34: =HLOOKUP(K$25,$G$56:$M$73,P65) -> #N/A | M34: =HLOOKUP(K$25,$G$78:$M$95,P87) -> #N/A
D35: 物販店 | E35: =メイン!R55 -> 0 | G35: 物販店 | H35: =IF(E35=0,"",E35/$E$44) | K35: 物販店 | L35: =HLOOKUP(K$25,$G$56:$M$73,P66) -> #N/A | M35: =HLOOKUP(K$25,$G$78:$M$95,P88) -> #N/A
D36: 飲食店 | E36: =メイン!R56 -> 0 | G36: 飲食店 | H36: =IF(E36=0,"",E36/$E$44) | K36: 飲食店 | L36: =HLOOKUP(K$25,$G$56:$M$73,P67) -> #N/A | M36: =HLOOKUP(K$25,$G$78:$M$95,P89) -> #N/A
D37: 劇場・ホール | E37: =メイン!R57 -> 3000 | G37: 劇場・ホール | H37: =IF(E37=0,"",E37/$E$44) -> 0.25 | K37: 劇場・ホール | L37: =HLOOKUP(K$25,$G$56:$M$73,P68) -> #N/A | M37: =HLOOKUP(K$25,$G$78:$M$95,P90) -> #N/A
D38: 展示施設 | E38: =メイン!R58 -> 0 | G38: 展示施設 | H38: =IF(E38=0,"",E38/$E$44) | K38: 展示施設 | L38: =HLOOKUP(K$25,$G$56:$M$73,P69) -> #N/A | M38: =HLOOKUP(K$25,$G$78:$M$95,P91) -> #N/A
D39: スポーツ施設 | E39: =メイン!R59 -> 0 | G39: スポーツ施設 | H39: =IF(E39=0,"",E39/$E$44) | K39: スポーツ施設 | L39: =HLOOKUP(K$25,$G$56:$M$73,P70) -> #N/A | M39: =HLOOKUP(K$25,$G$78:$M$95,P92) -> #N/A
D40: 病院 | E40: =メイン!R61 -> 0 | G40: 病院 | H40: =IF(E40=0,"",E40/$E$44) | K40: 病院 | L40: =HLOOKUP(K$25,$G$56:$M$73,P71) -> #N/A | M40: =HLOOKUP(K$25,$G$78:$M$95,P93) -> #N/A
D41: 福祉施設 | G41: 福祉施設 | H41: =IF(E41=0,"",E41/$E$44) | K41: 福祉施設 | L41: =HLOOKUP(K$25,$G$56:$M$73,P72) -> #N/A | M41: =HLOOKUP(K$25,$G$78:$M$95,P94) -> #N/A
D42: ホテル | E42: =メイン!R62 -> 0 | G42: ホテル | H42: =IF(E42=0,"",E42/$E$44) | K42: ホテル | L42: =HLOOKUP(K$25,$G$56:$M$73,P73) -> #N/A | M42: =HLOOKUP(K$25,$G$78:$M$95,P95) -> #N/A
D44: 合計 | E44: =SUM(E25:E43) -> 12000 | G44: 合計 | H44: =SUM(H26:H42) -> 1 | K44: 合計 | L44: =SUMPRODUCT(H26:H42,L26:L42) -> #N/A | M44: =SUMPRODUCT(H26:H42,M26:M42) -> #N/A
D45: （メインシートより）
C47: 4. エネルギー消費実績に基づくレベルの上下
D48: 1) 実績評価の対象面積（工場、集合住宅を除く） | I48: =L14-SUM(H14:H18) -> 12000 | J48: ㎡
D49: 2) 延床面積あたりのエネルギー消費量実績 | I49: =J20/I48*1000 -> 0 | J49: MJ/㎡年
D50: 3) 境界値 | H50: 境界値 a | I50: =L44 -> #N/A | J50: MJ/㎡年 | K50: 境界値 b | L50: =M44 -> #N/A | M50: MJ/㎡年
D51: 4) エネルギー消費実績に基づくレベルの上下 | I51: =IF(I14>=0.8,1,IF(I48=0,0,IF(I49>L50,-1,IF(I49<I50,1,0)))) -> #N/A | J51: =IF(I51=1,"レベル上げる",IF(I51=-1,"レベル下げる","上下なし")) -> #N/A | K51: ※加点条件；[実績値]<境界値a、 減点条件；[実績値]>境界値b
E53: ■エネルギー消費実績に基づく加点・減点の判断基準値 [MJ/㎡年]
E54: 境界値a
E55: 用途 | G55: 北海道 | H55: 東北 | I55: 関東 | J55: 中部 | K55: 関西 | L55: 中国・四国 | M55: 九州
G56: a | H56: b | I56: c | J56: d | K56: e | L56: f | M56: g
E57: 事務所 | G57: 1900 | H57: 1900 | I57: 1900 | J57: 1900 | K57: 1900 | L57: 1900 | M57: 1900 | P57: 2
E58: 電算･情報センター | P58: 3
E59: 官公庁 | G59: 1100 | H59: 1100 | I59: 1100 | J59: 1100 | K59: 1100 | L59: 1100 | M59: 1100 | P59: 4
E60: 幼稚園・保育園 | G60: 520 | H60: 520 | I60: 520 | J60: 520 | K60: 520 | L60: 520 | M60: 520 | P60: 5
E61: 小・中学校 | G61: 510 | H61: 270 | I61: 270 | J61: 270 | K61: 270 | L61: 270 | M61: 270 | P61: 6
E62: 高等学校 | G62: 330 | H62: 330 | I62: 330 | J62: 330 | K62: 330 | L62: 330 | M62: 330 | P62: 7
E63: 大学・専門学校 | G63: 1000 | H63: 1000 | I63: 1000 | J63: 1000 | K63: 1000 | L63: 1000 | M63: 1000 | P63: 8
E64: 研究機関 | P64: 9
E65: ﾃﾞﾊﾟｰﾄ･ｽｰﾊﾟｰ | G65: 2900 | H65: 2900 | I65: 2900 | J65: 2900 | K65: 2900 | L65: 2900 | M65: 2900 | P65: 10
E66: 物販店 | G66: 2400 | H66: 2400 | I66: 2400 | J66: 2400 | K66: 2400 | L66: 2400 | M66: 2400 | P66: 11
E67: 飲食店 | G67: 2900 | H67: 2900 | I67: 2900 | J67: 2900 | K67: 2900 | L67: 2900 | M67: 2900 | P67: 12
E68: 劇場・ホール | G68: 1400 | H68: 1400 | I68: 1400 | J68: 1400 | K68: 1400 | L68: 1400 | M68: 1400 | P68: 13
E69: 展示施設 | G69: 1300 | H69: 1300 | I69: 1300 | J69: 1300 | K69: 1300 | L69: 1300 | M69: 1300 | P69: 14
E70: スポーツ施設 | G70: 1450 | H70: 1450 | I70: 1450 | J70: 1450 | K70: 1450 | L70: 1450 | M70: 1450 | P70: 15
E71: 病院 | G71: 2450 | H71: 2450 | I71: 2450 | J71: 2450 | K71: 2450 | L71: 2450 | M71: 2450 | P71: 16
E72: 福祉施設 | P72: 17
E73: ホテル | G73: 2750 | H73: 2750 | I73: 2750 | J73: 2750 | K73: 2750 | L73: 2750 | M73: 2750 | P73: 18
E76: 境界値b
E77: 用途 | G77: 北海道 | H77: 東北 | I77: 関東 | J77: 中部 | K77: 関西 | L77: 中国・四国 | M77: 九州
G78: a | H78: b | I78: c | J78: d | K78: e | L78: f | M78: g
E79: 事務所 | G79: 3250 | H79: 3250 | I79: 3250 | J79: 3250 | K79: 3250 | L79: 3250 | M79: 3250 | P79: 2
E80: 電算･情報センター | P80: 3
E81: 官公庁 | G81: 1600 | H81: 1600 | I81: 1600 | J81: 1600 | K81: 1600 | L81: 1600 | M81: 1600 | P81: 4
E82: 幼稚園・保育園 | G82: 1400 | H82: 1400 | I82: 1400 | J82: 1400 | K82: 1400 | L82: 1400 | M82: 1400 | P82: 5
E83: 小・中学校 | G83: 800 | H83: 460 | I83: 460 | J83: 460 | K83: 460 | L83: 460 | M83: 460 | P83: 6
E84: 高等学校 | G84: 630 | H84: 630 | I84: 630 | J84: 630 | K84: 630 | L84: 630 | M84: 630 | P84: 7
E85: 大学・専門学校 | G85: 2300 | H85: 2300 | I85: 2300 | J85: 2300 | K85: 2300 | L85: 2300 | M85: 2300 | P85: 8
E86: 研究機関 | P86: 9
E87: ﾃﾞﾊﾟｰﾄ･ｽｰﾊﾟｰ | G87: 4600 | H87: 4600 | I87: 4600 | J87: 4600 | K87: 4600 | L87: 4600 | M87: 4600 | P87: 10
E88: 物販店 | G88: 3750 | H88: 3750 | I88: 3750 | J88: 3750 | K88: 3750 | L88: 3750 | M88: 3750 | P88: 11
E89: 飲食店 | G89: 4600 | H89: 4600 | I89: 4600 | J89: 4600 | K89: 4600 | L89: 4600 | M89: 4600 | P89: 12
E90: 劇場・ホール | G90: 2900 | H90: 2900 | I90: 2900 | J90: 2900 | K90: 2900 | L90: 2900 | M90: 2900 | P90: 13
E91: 展示施設 | G91: 2200 | H91: 2200 | I91: 2200 | J91: 2200 | K91: 2200 | L91: 2200 | M91: 2200 | P91: 14
E92: スポーツ施設 | G92: 2900 | H92: 2900 | I92: 2900 | J92: 2900 | K92: 2900 | L92: 2900 | M92: 2900 | P92: 15
E93: 病院 | G93: 3800 | H93: 3800 | I93: 3800 | J93: 3800 | K93: 3800 | L93: 3800 | M93: 3800 | P93: 16
E94: 福祉施設 | P94: 17
E95: ホテル | G95: 3800 | H95: 3800 | I95: 3800 | J95: 3800 | K95: 3800 | L95: 3800 | M95: 3800 | P95: 18

Sheet 採点LR2
L1: ■建物名称 | M1: =メイン!C11 -> ○○ビル | R1: プルダウン選択肢
D3: LR2 資源・マテリアル | J3: 色欄について、プルダウンメニューから選択、または数値・コメントを記入のこと | O3: =IF(メイン!E39=0,"",メイン!E39) | R3: ○ | T3: =メイン!I39 -> 基本設計段階
S4: ON | T4: =メイン!I40 -> 実施設計段階
D5: 1 | E5: 水資源保護 | T5: =メイン!I41 -> 竣工段階
D6: 1.1 | E6: 節水 | R6: はい
I7: 重み係数(既定）＝ | J7: =重み!M142 -> 0.4 | R7: いいえ
F8: 3 | G8: 事・学・物・飲・会・病・ホ･工・住
B9: 1 | C9: 1 | F9: =IF(F8=$S$16,$T$10,IF(ROUNDDOWN(F8,0)=$S$10,$U$10,$T$10)) -> レベル 1 | G9: 節水の仕組みなし。
B10: - | C10: 2 | F10: =IF(F8=$S$16,$T$11,IF(ROUNDDOWN(F8,0)=$S$11,$U$11,$T$11)) -> レベル 2 | G10: (該当するレベルなし) | S10: 1 | T10: レベル 1 | U10: ■レベル 1
B11: 3 | C11: 3 | F11: =IF(F8=$S$16,$T$12,IF(ROUNDDOWN(F8,0)=$S$12,$U$12,$T$12)) -> ■レベル 3 | G11: 主要水栓に節水コマなどが取り付けられている。 | S11: 2 | T11: レベル 2 | U11: ■レベル 2
B12: 4 | C12: 4 | F12: =IF(F8=$S$16,$T$13,IF(ROUNDDOWN(F8,0)=$S$13,$U$13,$T$13)) -> レベル 4 | G12: 節水コマに加えて、省水型機器（例えば擬音、節水型便器など）などを用いている。 | S12: 3 | T12: レベル 3 | U12: ■レベル 3
B13: - | C13: 5 | F13: =IF(F8=$S$16,$T$14,IF(ROUNDDOWN(F8,0)=$S$14,$U$14,$T$14)) -> レベル 5 | G13: (該当するレベルなし) | S13: 4 | T13: レベル 4 | U13: ■レベル 4
B14: 0 | C14: 0 | S14: 5 | T14: レベル 5 | U14: ■レベル 5
D15: 1.2 | E15: 雨水利用・雑排水等の利用
F16: 1.2.1 雨水利用率 | K16: 1.2.2 雑排水等利用率 | S16: 0 | T16: レベル | U16: レベル
B17: 1.2.1 | C17: 1.2.2 | I17: 重み係数(既定）＝ | J17: =重み!M144 -> 0.7 | N17: 重み係数(既定）＝ | O17: =重み!M145 -> 0.3
B18: 小中高は既存も新築の基準 | F18: 3 | G18: 事・学・物・飲・会・病・ホ・工・住 | K18: 3 | L18: 事・学・物・飲・会・病・ホ・工
B19: - | C19: - | F19: =IF(F18=$S$16,$T$10,IF(ROUNDDOWN(F18,0)=$S$10,$U$10,$T$10)) -> レベル 1 | G19: (該当するレベルなし) | K19: =IF(K18=$S$16,$T$10,IF(ROUNDDOWN(K18,0)=$S$10,$U$10,$T$10)) -> レベル 1 | L19: (該当するレベルなし)
B20: - | C20: - | F20: =IF(F18=$S$16,$T$11,IF(ROUNDDOWN(F18,0)=$S$11,$U$11,$T$11)) -> レベル 2 | G20: (該当するレベルなし) | K20: =IF(K18=$S$16,$T$11,IF(ROUNDDOWN(K18,0)=$S$11,$U$11,$T$11)) -> レベル 2 | L20: (該当するレベルなし)
B21: 3 | C21: 3 | F21: =IF(F18=$S$16,$T$12,IF(ROUNDDOWN(F18,0)=$S$12,$U$12,$T$12)) -> ■レベル 3 | G21: ［雨水利用率］ ＝0％ 又は雨水を利用しているが、実測値がない場合 | K21: =IF(K18=$S$16,$T$12,IF(ROUNDDOWN(K18,0)=$S$12,$U$12,$T$12)) -> ■レベル 3 | L21: 雑排水等を利用しているが実測値がない、または雑排水等を利用していない。
B22: 4 | C22: 4 | F22: =IF(F18=$S$16,$T$13,IF(ROUNDDOWN(F18,0)=$S$13,$U$13,$T$13)) -> レベル 4 | G22: 雨水利用をしており、実測値がある | K22: =IF(K18=$S$16,$T$13,IF(ROUNDDOWN(K18,0)=$S$13,$U$13,$T$13)) -> レベル 4 | L22: 雑排水等を利用しており実測値がある。
B23: 5 | C23: 5 | F23: =IF(F18=$S$16,$T$14,IF(ROUNDDOWN(F18,0)=$S$14,$U$14,$T$14)) -> レベル 5 | G23: 20％≦ ［雨水利用率］ | K23: =IF(K18=$S$16,$T$14,IF(ROUNDDOWN(K18,0)=$S$14,$U$14,$T$14)) -> レベル 5 | L23: 雑排水等の利用率が50%以上。
B24: 0 | C24: 0 | G24: 雨水利用率＝ | H24: 雨水利用予測量（m³）
H25: 全体の用水予測量（上水+雨水利用量+雑排水利用量）（m³）
D26: 2 | E26: 非再生性資源の使用量削減
D27: 2.1 | E27: 材料使用量の削減
C28: 学校版基準 | N28: 重み係数(既定）＝ | O28: =重み!M147 -> 0.1
C29: 0 | F29: =IF(C29=1,M29,IF(G37=$R$3,0,ROUND(IF(H46=0,2,IF(H46>=5,5,IF(H46>=3,4,IF(H46>=1,3)))),0))) -> 3 | G29: 事・学・物・飲・会・病・ホ・工・住 | K29: 備考 | M29: 0 | N29: 学(小中高)
C30: - | F30: =IF(F29=$S$16,$T$10,IF(ROUNDDOWN(F29,0)=$S$10,$U$10,$T$10)) -> レベル 1 | G30: (該当するレベルなし) | K30: 主要構造部が木造躯体の時は評価対象外とする。 | M30: =IF(M29=$S$16,$T$10,IF(ROUNDDOWN(M29,0)=$S$10,$U$10,$T$10)) -> レベル 1 | N30: (該当するレベルなし)
C31: - | F31: =IF(F29=$S$16,$T$11,IF(ROUNDDOWN(F29,0)=$S$11,$U$11,$T$11)) -> レベル 2 | G31: 主要構造部が非木造躯体（RC造/SRC造/S造）である場合で、評価する取組み表の評価ポイントの合計値が0ポイント | M31: =IF(M29=$S$16,$T$11,IF(ROUNDDOWN(M29,0)=$S$11,$U$11,$T$11)) -> レベル 2 | N31: (該当するレベルなし)
C32: 3 | F32: =IF(F29=$S$16,$T$12,IF(ROUNDDOWN(F29,0)=$S$12,$U$12,$T$12)) -> ■レベル 3 | G32: 主要構造部が非木造躯体（RC造/SRC造/S造）である場合で、評価する取組み表の評価ポイントの合計値が1ポイント以上 | M32: =IF(M29=$S$16,$T$12,IF(ROUNDDOWN(M29,0)=$S$12,$U$12,$T$12)) -> レベル 3 | N32: 学校施設として標準的な取り組みをしている
C33: - | F33: =IF(F29=$S$16,$T$13,IF(ROUNDDOWN(F29,0)=$S$13,$U$13,$T$13)) -> レベル 4 | G33: 主要構造部が非木造躯体（RC造/SRC造/S造）である場合で、評価する取組み表の評価ポイントの合計値が3ポイント以上 | M33: =IF(M29=$S$16,$T$13,IF(ROUNDDOWN(M29,0)=$S$13,$U$13,$T$13)) -> レベル 4 | N33: (該当するレベルなし)
C34: 5 | F34: =IF(F29=$S$16,$T$14,IF(ROUNDDOWN(F29,0)=$S$14,$U$14,$T$14)) -> レベル 5 | G34: 主要構造部が非木造躯体（RC造/SRC造/S造）である場合で、評価する取組み表の評価ポイントの合計値が5ポイント以上 | M34: =IF(M29=$S$16,$T$14,IF(ROUNDDOWN(M29,0)=$S$14,$U$14,$T$14)) -> レベル 5 | N34: 主要構造部に強度の高い材料を使用することにより、使用材料の軽減化を図っている
C35: 0 | G35: 評価する取り組み
G36: 採点 | H36: 評価項目 | K36: 評価内容 | O36: 評価ポイント
H37: 主要構造部が木造躯体の時
B38: 0 | C38: 0 | G38: 1 | H38: 主要構造躯体のコンクリート基準強度Fc及び主筋鉄筋の基準強度F>単位:N/mm2 | K38: Fc=36以上60未満 かつF=390以上 | O38: 1
B39: 1 | C39: 1 | K39: Fc=60以上100未満 かつF=490以上 | O39: 3
B40: 3 | C40: 2 | K40: Fc=100以上 かつF=590以上 | O40: 4
B41: 4 | C41: 3 | G41: 0 | K41: F=325以上 355未満 | O41: 1
C42: 4 | H42: 主要構造躯体の鉄骨の基準強度F>単位:N/mm2 | K42: F=355以上 440未満 | O42: 3
C43: 5 | K43: F=440以上 | O43: 4
C44: 6 | G44: 0 | H44: 主要構造躯体におけるその他の対策 | K44: プレストレスコンクリートの使用 （部材断面を小さくする事で、使用材料の削減に寄与） | O44: 1
C45: 7 | K45: その他これに準ずるもの | O45: 取組み毎に 1ポイント
C46: 8 | G46: 合計＝ | H46: =IF(G37=$R3,0,SUM(G38:G45)) -> 1
C47: 9
D49: 2.2 | E49: 既存建築躯体等の継続使用
I50: 重み係数(既定）＝ | J50: =重み!M148 -> 0.2
F51: 3 | G51: 事・学・物・飲・会・病・ホ・工・住
B52: - | C52: 1 | F52: =IF(F51=$S$16,$T$10,IF(ROUNDDOWN(F51,0)=$S$10,$U$10,$T$10)) -> レベル 1 | G52: (該当するレベルなし)
B53: - | C53: 2 | F53: =IF(F51=$S$16,$T$11,IF(ROUNDDOWN(F51,0)=$S$11,$U$11,$T$11)) -> レベル 2 | G53: (該当するレベルなし)
B54: 3 | C54: 3 | F54: =IF(F51=$S$16,$T$12,IF(ROUNDDOWN(F51,0)=$S$12,$U$12,$T$12)) -> ■レベル 3 | G54: 従来敷地に建っていた建物の躯体等が再利用されていない。
B55: - | C55: 4 | F55: =IF(F51=$S$16,$T$13,IF(ROUNDDOWN(F51,0)=$S$13,$U$13,$T$13)) -> レベル 4 | G55: (該当するレベルなし)
B56: 5 | C56: 5 | F56: =IF(F51=$S$16,$T$14,IF(ROUNDDOWN(F51,0)=$S$14,$U$14,$T$14)) -> レベル 5 | G56: 従来敷地に建っていた建物の躯体等が再利用されている。
B57: 0 | C57: 0
D58: 2.3 | E58: 躯体材料におけるリサイクル材の使用
I59: 重み係数(既定）＝ | J59: =重み!M149 -> 0.2
F60: 3 | G60: 事・学・物・飲・会・病・ホ・工・住 | N60: 備考
B61: - | C61: 1 | F61: =IF(F60=$S$16,$T$10,IF(ROUNDDOWN(F60,0)=$S$10,$U$10,$T$10)) -> レベル 1 | G61: (該当するレベルなし) | N61: レベル５は、スコアシートに採用したリサイクル資材名を記述
B62: - | C62: 2 | F62: =IF(F60=$S$16,$T$11,IF(ROUNDDOWN(F60,0)=$S$11,$U$11,$T$11)) -> レベル 2 | G62: (該当するレベルなし)
B63: 3 | C63: 3 | F63: =IF(F60=$S$16,$T$12,IF(ROUNDDOWN(F60,0)=$S$12,$U$12,$T$12)) -> ■レベル 3 | G63: 構造耐力上主要な部分にリサイクル資材をひとつも用いていない。
B64: - | C64: 4 | F64: =IF(F60=$S$16,$T$13,IF(ROUNDDOWN(F60,0)=$S$13,$U$13,$T$13)) -> レベル 4 | G64: (該当するレベルなし)
B65: 5 | C65: 5 | F65: =IF(F60=$S$16,$T$14,IF(ROUNDDOWN(F60,0)=$S$14,$U$14,$T$14)) -> レベル 5 | G65: 構造耐力上主要な部分にリサイクル資材を用いている。
B66: 0 | C66: 0 | G66: 該当資材がグリーン購入法における「特定調達品目」または「エコマーク商品」に認定されている場合、採用とみなす。
G67: リサイクル資材の種類と採用した部位（30字以内）
G69: リサイクル資材の例
G70: 品目名
G71: ①グリーン調達品目（公共工事）
H72: 高炉スラグ骨材 | K72: フライアッシュセメント
H73: フェロニッケルスラグ骨材 | K73: エコセメント
H74: 銅スラグ骨材 | K74: 製材
H75: 電気炉酸化スラグ骨材
H76: 高炉セメント
G77: ②エコマークを取得した「木材などを使用したボード」（エコマーク商品類型111）
G78: ③エコマークを取得した「間伐材、再・未利用木材などを使用した製品」（エコマーク商品類型115）
G79: 尚、認定されたリサイクル資材は随時更新されているので、下記のHPを確認し評価を行うこと。
G80: ・グリーン購入法特定調達物品情報提供システム （http://www.env.go.jp/policy/hozen/green/g-law/gpl-db/index.html）
G81: ・エコマーク事務局HP（財団法人日本環境協会） （http://www.ecomark.jp/search/search.php）
D83: 2.4 | E83: 躯体材料以外におけるリサイクル材の使用
I84: 重み係数(既定）＝ | J84: =重み!M150 -> 0.2
F85: 3 | G85: 事・学・物・飲・会・病・ホ・工・住 | N85: 備考
B86: 1 | C86: 1 | F86: =IF(F85=$S$16,$T$10,IF(ROUNDDOWN(F85,0)=$S$10,$U$10,$T$10)) -> レベル 1 | G86: リサイクル資材を用いていない。 | N86: レベル３以上は、スコアシートに採用したリサイクル資材名を記述
B87: - | C87: 2 | F87: =IF(F85=$S$16,$T$11,IF(ROUNDDOWN(F85,0)=$S$11,$U$11,$T$11)) -> レベル 2 | G87: (該当するレベルなし)
B88: 3 | C88: 3 | F88: =IF(F85=$S$16,$T$12,IF(ROUNDDOWN(F85,0)=$S$12,$U$12,$T$12)) -> ■レベル 3 | G88: リサイクル資材を１品目用いている。
B89: 4 | C89: 4 | F89: =IF(F85=$S$16,$T$13,IF(ROUNDDOWN(F85,0)=$S$13,$U$13,$T$13)) -> レベル 4 | G89: リサイクル資材を２品目用いている。
B90: 5 | C90: 5 | F90: =IF(F85=$S$16,$T$14,IF(ROUNDDOWN(F85,0)=$S$14,$U$14,$T$14)) -> レベル 5 | G90: リサイクル資材を３品目以上用いている。
B91: 0 | C91: 0 | G91: 該当資材がグリーン購入法における「特定調達品目」または「エコマーク商品」に認定されている場合、採用とみなす。
G92: リサイクル資材の種類と採用した部位（30字以内）
G94: リサイクル資材の例
G95: 品目名
G96: グリーン調達品目
H97: 建設汚泥再生処理土 | L97: 再生材料を用いた舗装用ブロック（焼成）
H98: 土工用高炉水砕フラグ | L98: 再生材料を用いた舗装用ブロック（プレキャスト無筋コンクリート）
H99: 銅スラグを用いたケーソン中詰め材 | L99: 陶磁器質タイル
H100: フェロニッケルスラグを用いたケーソン中詰め材 | L100: 製材
H101: 地盤改良用製鋼スラグ | L101: 集成材
H102: 再生加熱アスファルト混合物 | L102: 合板
H103: 鉄鋼スラグ混入アスファルト混合物 | L103: 単板積層材
H104: 鉄鋼スラグ混入路盤材 | L104: フローリング
H105: 鉄鋼ズラグブロック | L105: パーティクルボード
...

Sheet 採点LR3
M1: ■建物名称 | N1: =メイン!C11 -> ○○ビル
D3: LR3 敷地外環境 | J3: 色欄について、プルダウンメニューから選択、または数値・コメントを記入のこと | O3: =IF(メイン!E39=0,"",メイン!E39) | R3: プルダウン選択肢 | U3: =メイン!I39 -> 基本設計段階
R4: 0 | T4: ON | U4: =メイン!I40 -> 実施設計段階
D5: 1 | E5: 地球温暖化への配慮 | R5: 1 | U5: =メイン!I41 -> 竣工段階
H6: 重み係数(既定）＝ | J6: =重み!M160 -> 0.33333333 | R6: 2
F7: =O15 -> #N/A | G7: 事・学・物・飲・会・病・ホ・工・住 | R7: 対象外
F8: =IF(F7=$S$15,$T$10,IF(ROUNDDOWN(F7,0)=$S$10,$U$10,$T$10)) -> #N/A | G8: ライフサイクルCO2排出率が、一般的な建物（参照値）に対して１２５％以上 | R8: -
F9: =IF(F7=$S$15,$T$11,IF(ROUNDDOWN(F7,0)=$S$11,$U$11,$T$11)) -> #N/A | N9: ＜各レベル間を
F10: =IF(F7=$S$15,$T$12,IF(ROUNDDOWN(F7,0)=$S$12,$U$12,$T$12)) -> #N/A | G10: ライフサイクルCO2排出率が、一般的な建物（参照値）と同等 | N10: 直線補完し | S10: 1 | T10: レベル 1 | U10: ■レベル 1
F11: =IF(F7=$S$15,$T$13,IF(ROUNDDOWN(F7,0)=$S$13,$U$13,$T$13)) -> #N/A | N11: 小数点を評価＞ | S11: 2 | T11: レベル 2 | U11: ■レベル 2
F12: =IF(F7=$S$15,$T$14,IF(ROUNDDOWN(F7,0)=$S$14,$U$14,$T$14)) -> #N/A | G12: ライフサイクルCO2排出率が、一般的な建物（参照値）に対して５０％以下 | S12: 3 | T12: レベル 3 | U12: ■レベル 3
G13: ライフサイクルCO2概算値 | K13: kg-CO2/年㎡ | S13: 4 | T13: レベル 4 | U13: ■レベル 4
H14: 建設 | I14: 修繕・更新・解体 | J14: 運用 | K14: 合計 | L14: 排出率 | O14: ライフサイクルCO2排出率に基づくスコア換算 | S14: 5 | T14: レベル 5 | U14: ■レベル 5
G15: 参照値 | H15: =CO2計算!O133 -> 13.77 | I15: =CO2計算!O134 -> 13.322862 | J15: =CO2計算!O135 -> #N/A | K15: =CO2計算!O136 -> #N/A | L15: 1 | N15: 換算スコア＝ | O15: =IF(K15=0,0,ROUNDDOWN(IF(L16=R16,0,IF(L16<0.5,5,IF(L16>1.25,1,IF(L16>1,-8*L16+11,3+(1-L16)*4)))),1)) -> #N/A | S15: 0 | T15: レベル | U15: レベル
G16: 評価対象 | H16: =CO2計算!L133 -> 13.77 | I16: =CO2計算!L134 -> 13.322862 | J16: =CO2計算!L135 -> #VALUE! | K16: =CO2計算!L136 -> #VALUE! | L16: =IF(K15=R16,R16,K16/K15) -> #N/A | R16: N.A.
D18: 2 | E18: 地域環境への配慮
D19: 2.1 | E19: 大気汚染防止
H20: 重み係数(既定）＝ | J20: =重み!M162 -> 0.25
F21: 3 | G21: 事・学・物・飲・会・病・ホ・工・住
B22: 1 | C22: 1 | F22: =IF(F21=$S$15,$T$10,IF(ROUNDDOWN(F21,0)=$S$10,$U$10,$T$10)) -> レベル 1 | G22: NOx、SOx、ばいじんについて、発生源におけるガス又はばいじんの濃度が、大気汚染防止法、低NOx型小規模燃焼機器の推奨ガイドライン（環境省）ならびに地域の条例等で定められる現行の排出基準を上回っている。
B23: - | C23: 2 | F23: =IF(F21=$S$15,$T$11,IF(ROUNDDOWN(F21,0)=$S$11,$U$11,$T$11)) -> レベル 2 | G23: (該当するレベルなし)
B24: 3 | C24: 3 | F24: =IF(F21=$S$15,$T$12,IF(ROUNDDOWN(F21,0)=$S$12,$U$12,$T$12)) -> ■レベル 3 | G24: NOx、SOx、ばいじんについて、発生源におけるガス又はばいじんの濃度が、大気汚染防止法、低NOx型小規模燃焼機器の推奨ガイドライン（環境省）ならびに地域の条例等で定められる現行の排出基準以下に抑えられている。
B25: 4 | C25: 4 | F25: =IF(F21=$S$15,$T$13,IF(ROUNDDOWN(F21,0)=$S$13,$U$13,$T$13)) -> レベル 4 | G25: NOx、SOx、ばいじんについて、発生源におけるガス又はばいじんの濃度が、大気汚染防止法、低NOx型小規模燃焼機器の推奨ガイドライン（環境省）ならびに地域の条例等で定められる現行の排出基準より大幅に抑えられている。
B26: 5 | C26: 5 | F26: =IF(F21=$S$15,$T$14,IF(ROUNDDOWN(F21,0)=$S$14,$U$14,$T$14)) -> レベル 5 | G26: 燃焼機器を使用しておらず、対象建築物の仮想閉空間から外部空間に対して大気汚染物質を全く発生しない。
B27: 0 | C27: 0
D28: 2.2 | E28: 温熱環境悪化の改善
H29: 重み係数(既定）＝ | J29: =重み!M163 -> 0.5
F30: =IF(H58<=0,1,IF(H58<=5,2,IF(H58<=12,3,IF(H58<=19,4,IF(H58>=20,5))))) -> 3 | G30: 事・学・物・飲・会・病・ホ・工・住
F31: =IF(F30=$S$15,$T$10,IF(ROUNDDOWN(F30,0)=$S$10,$U$10,$T$10)) -> レベル 1 | G31: 評価する取組み表の評価ポイントの合計値が0ポイント
F32: =IF(F30=$S$15,$T$11,IF(ROUNDDOWN(F30,0)=$S$11,$U$11,$T$11)) -> レベル 2 | G32: 評価する取組み表の評価ポイントの合計値が1～5ポイント
F33: =IF(F30=$S$15,$T$12,IF(ROUNDDOWN(F30,0)=$S$12,$U$12,$T$12)) -> ■レベル 3 | G33: 評価する取組み表の評価ポイントの合計値が6～12ポイント
F34: =IF(F30=$S$15,$T$13,IF(ROUNDDOWN(F30,0)=$S$13,$U$13,$T$13)) -> レベル 4 | G34: 評価する取組み表の評価ポイントの合計値が13～19ポイント
F35: =IF(F30=$S$15,$T$14,IF(ROUNDDOWN(F30,0)=$S$14,$U$14,$T$14)) -> レベル 5 | G35: 評価する取組み表の評価ポイントの合計値が20ポイント以上
G36: 評価する取組み
G37: 採点 | H37: 評価項目 | K37: 評価内容 | O37: 評価ポイント
G38: 2 | H38: I温熱環境の調査 | I38: 1)地域の温熱環境状況に関する継続的な調査の実施 | K38: ①現地の風向や風速、温熱環境などを継続的に調査し、経年的な変化を把握している。（2ポイント） | O38: 2
B39: 既存なし | K39: ②①に加えさらに現地測定を行った場合や広域気象データや地形データに基づいた広域大気環境予測システムで補完してより詳細に調査した場合(2ポイント)
G40: 2 | H40: II敷地外への熱的な影響を低減する対策 | I40: 2)風下となる地域への風通しに配慮し敷地外への熱的な影響を低減する | K40: ①建築物の配置形状計画に当たっては風下となる地域への風の通り道を遮らないよう工夫する | O40: 1～2
K41: ・風下地域への風の通り道と特に関係しない場合(1ポイント) ・風下地域への風の通り道を遮らないよう配慮している場合(2ポイント)
G42: 2 | K42: ②夏期の卓越風向に対する建築物の見付け面積を小さくするよう努める | O42: 1～3
K43: 卓越風向に対する建築物の見付面積比が ・60％以上80％未満の場合(1ポイント) ・40％以上60％未満の場合(2ポイント) ・40％未満の場合(3ポイント)
G44: 0 | K44: ③風を回復させるよう建築物の高さ形状建築物間の隣棟間隔等を工夫する | O44: 1～3
K45: 隣棟間隔指標Rwが ・0.3以上0.4未満の場合(1ポイント) ・0.4以上0.5未満の場合(2ポイント) ・0.5以上の場合(3ポイント)
G46: 0 | I46: 3)地表面被覆材に配慮し敷地外への熱的な影響を低減する | K46: ①地表面の被覆材に配慮する | O46: 1～3
K47: 地表面対策面積率が ・15％以上30％未満の場合(1ポイント) ・30％以上45％未満の場合(2ポイント) ・45％以上の場合(3ポイント)
G48: 0 | I48: 4)建築外装材料等に配慮し敷地外への熱的な影響を低減する | K48: ①屋根面の緑化等と高反射材料を選定するように努める | O48: 1～3
K49: 屋根面対策面積率が ・20％未満の場合(1ポイント) ・20％以上40％未満の場合(2ポイント) ・40％以上の場合(3ポイント)
G50: 0 | K50: ②外壁面の材料に配慮する | O50: 1～3
K51: 外壁面対策面積率が ・10％未満の場合(1ポイント) ・10％以上20％未満の場合(2ポイント) ・20％以上の場合(3ポイント)
G52: 0 | I52: 5)建築設備から大気への排熱量を低減する | K52: ①建築物の外壁窓等を通しての熱損失の防止及び空気調和設備等に係るエネルギーの効率的利用のための措置を講じる | O52: 1～3
K53: 「LR1エネルギー」のスコア(評価結果)が ・3.0以上4.0未満(1ポイント) ・4.0以上4.5未満(2ポイント) ・4.5以上(3ポイント)
G54: 0 | K54: ②建築設備に伴う排熱は低温排熱にすること等により気温上昇の抑制に努める | O54: 1～3
K55: 気温上昇の抑制に努めるため ・標準的な工夫をしている場合(1ポイント) ・中間的な工夫をしている場合(2ポイント) ・全面的な工夫をしている場合(3ポイント)
G56: 0 | H56: III効果の確認 | I56: 6)シミュレーション等による温熱環境悪化改善の効果の確認 | K56: ①風向きに対する配置や形状の工夫を机上で検討(机上予測)している場合(1ポイント) | O56: 1～2
K57: ②敷地周辺の地形建物緑地等の現況と計画建物に対して流体数値シミュレーション等を行って影響を予測している場合(2ポイント)
G58: 合計＝ | H58: =SUM(G38:G57) -> 6
D60: 2.3 | E60: 地域インフラへの負荷抑制
F61: 2.3.1 雨水排水負荷低減
H62: 重み係数(既定）＝ | J62: =重み!M165 -> 0.25
F63: 3 | G63: 事・学・物・飲・会・病・ホ・工・住 <行政指導がある場合> | N63: 行政指導がない場合
B64: 1 | C64: 1 | F64: =IF(F63=$S$15,$T$10,IF(ROUNDDOWN(F63,0)=$S$10,$U$10,$T$10)) -> レベル 1 | G64: 指導される規模に満たない流出抑制対策である。 | N64: 評価対象外
B65: - | C65: 2 | F65: =IF(F63=$S$15,$T$11,IF(ROUNDDOWN(F63,0)=$S$11,$U$11,$T$11)) -> レベル 2 | G65: (該当するレベルなし)
B66: 3 | C66: 3 | F66: =IF(F63=$S$15,$T$12,IF(ROUNDDOWN(F63,0)=$S$12,$U$12,$T$12)) -> ■レベル 3 | G66: 指導される規模の流出抑制対策を実施している。
B67: 4 | C67: 4 | F67: =IF(F63=$S$15,$T$13,IF(ROUNDDOWN(F63,0)=$S$13,$U$13,$T$13)) -> レベル 4 | G67: 指導される規模を満たしており、かつそれ以上の雨水処理対策を実施している。
B68: - | C68: 5 | F68: =IF(F63=$S$15,$T$14,IF(ROUNDDOWN(F63,0)=$S$14,$U$14,$T$14)) -> レベル 5 | G68: (該当するレベルなし)
B69: 0 | C69: 0
F70: 2.3.2 汚水処理負荷抑制
H71: 重み係数(既定）＝ | J71: =重み!M166 -> 0.25
F72: 3 | G72: 事・学・物・飲・会・病・ホ・工・住
B73: 1 | C73: 1 | F73: =IF(F72=$S$15,$T$10,IF(ROUNDDOWN(F72,0)=$S$10,$U$10,$T$10)) -> レベル 1 | G73: 水質汚濁防止法あるいは下水道法、または地方公共団体で定める排出基準を満たしていない。
B74: - | C74: 2 | F74: =IF(F72=$S$15,$T$11,IF(ROUNDDOWN(F72,0)=$S$11,$U$11,$T$11)) -> レベル 2 | G74: (該当するレベルなし)
B75: 3 | C75: 3 | F75: =IF(F72=$S$15,$T$12,IF(ROUNDDOWN(F72,0)=$S$12,$U$12,$T$12)) -> ■レベル 3 | G75: 水質汚濁防止法あるいは下水道法、または地方公共団体等で定める排出基準のうち厳しい基準を満たしている。
B76: 4 | C76: 4 | F76: =IF(F72=$S$15,$T$13,IF(ROUNDDOWN(F72,0)=$S$13,$U$13,$T$13)) -> レベル 4 | G76: 排出基準を満たした上でそれ以上の特別な工夫を実施し、汚水処理負荷を高く抑制している。
B77: - | C77: 5 | F77: =IF(F72=$S$15,$T$14,IF(ROUNDDOWN(F72,0)=$S$14,$U$14,$T$14)) -> レベル 5 | G77: (該当するレベルなし)
B78: 0 | C78: 0
F79: 2.3.3 交通負荷抑制
H80: 重み係数(既定）＝ | J80: =重み!M167 -> 0.25
F81: =IF(H97=0,1,IF(H97=1,2,IF(H97=2,3,IF(H97=3,4,IF(H97>=4,5))))) -> 3 | G81: 事・学・物・飲・会・病・ホ・工・住
F82: =IF(F81=$S$15,$T$10,IF(ROUNDDOWN(F81,0)=$S$10,$U$10,$T$10)) -> レベル 1 | G82: 評価する取組み表の評価ポイントの合計値が0ポイント
F83: =IF(F81=$S$15,$T$11,IF(ROUNDDOWN(F81,0)=$S$11,$U$11,$T$11)) -> レベル 2 | G83: 評価する取組み表の評価ポイントの合計値が1ポイント
F84: =IF(F81=$S$15,$T$12,IF(ROUNDDOWN(F81,0)=$S$12,$U$12,$T$12)) -> ■レベル 3 | G84: 評価する取組み表の評価ポイントの合計値が2ポイント
F85: =IF(F81=$S$15,$T$13,IF(ROUNDDOWN(F81,0)=$S$13,$U$13,$T$13)) -> レベル 4 | G85: 評価する取組み表の評価ポイントの合計値が3ポイント
F86: =IF(F81=$S$15,$T$14,IF(ROUNDDOWN(F81,0)=$S$14,$U$14,$T$14)) -> レベル 5 | G86: 評価する取組み表の評価ポイントの合計値が4ポイント以上
G87: 評価する取組み
G88: 採点 | H88: 評価項目 | K88: 評価内容 | O88: 評価ポイント
G89: 1 | H89: I 自転車の利用（代替交通手段の利用）に関する取組み | K89: 1) 建物利用者のための適切な量の自転車置場（バイク置場を含む）の確保、駐輪場利用者の利便性への配慮（出し入れし易さ、利用し易い位置にあるなど） | O89: 1
G90: 0 | K90: 2) その他（記述） | O90: 1
G92: 1 | H92: II 駐車場の確保に関する取組み | K92: 1) 適切な量の駐車スペースの確保（周辺道路に渋滞や路上駐車などを発生させないための措置として） | O92: 1
G93: 0 | K93: 2) 管理用車両や荷捌き用車両の駐車施設の確保 | O93: 1
G94: 0 | K94: 3) 駐車場の導入路（出入り口など）の位置や形状・数への配慮（周辺道路の渋滞緩和に資するもの） | O94: 1
G95: 対象外 | K95: 4) その他（記述） | O95: 1
G97: 合計＝ | H97: =SUM(G89:G96) -> 2
F99: 2.3.4 廃棄物処理負荷抑制
B100: 既存は住の基準あり | H100: 重み係数(既定）＝ | J100: =重み!M168 -> 0.25
F101: =IF(メイン!I54=メイン!I56,IF(H116=0,1,IF(H116=1,2,IF(H116=2,3,IF(H116=3,4,IF(H116>=4,5))))),IF(H116<=1,1,IF(H116=2,2,IF(H116=3,3,IF(H116=4,4,IF(H116>=5,5)))))) -> 3 | G101: 事・学・物・飲・会・病・ホ・工 | K101: 住
F102: =IF(F101=$S$15,$T$10,IF(ROUNDDOWN(F101,0)=$S$10,$U$10,$T$10)) -> レベル 1 | G102: 評価する取組み表の評価ポイントの合計値が1ポイント以下 | K102: 評価する取組み表の評価ポイントの合計値が0ポイント
F103: =IF(F101=$S$15,$T$11,IF(ROUNDDOWN(F101,0)=$S$11,$U$11,$T$11)) -> レベル 2 | G103: 評価する取組み表の評価ポイントの合計値が2ポイント | K103: 評価する取組み表の評価ポイントの合計値が1ポイント
F104: =IF(F101=$S$15,$T$12,IF(ROUNDDOWN(F101,0)=$S$12,$U$12,$T$12)) -> ■レベル 3 | G104: 評価する取組み表の評価ポイントの合計値が3ポイント | K104: 評価する取組み表の評価ポイントの合計値が2ポイント
F105: =IF(F101=$S$15,$T$13,IF(ROUNDDOWN(F101,0)=$S$13,$U$13,$T$13)) -> レベル 4 | G105: 評価する取組み表の評価ポイントの合計値が4ポイント | K105: 評価する取組み表の評価ポイントの合計値が3ポイント
F106: =IF(F101=$S$15,$T$14,IF(ROUNDDOWN(F101,0)=$S$14,$U$14,$T$14)) -> レベル 5 | G106: 評価する取組み表の評価ポイントの合計値が5ポイント以上 | K106: 評価する取組み表の評価ポイントの合計値が4ポイント以上
...

Sheet CO2計算
B2: =メイン!C6 -> CASBEE-建築(既存)2014年版 | L2: ■使用評価マニュアル： | N2: =メイン!C6 -> CASBEE-建築(既存)2014年版
B3: =メイン!C11 -> ○○ビル | L3: ■評価ソフト： | N3: =メイン!C5 -> CASBEE-BD_EB_2014(v.3.03)
B5: ライフサイクルCO2計算シート（標準計算用）
L6: 評価対象 | O6: 参照値 | R6: S造 | S6: RC造 | T6: SRC造 | U6: 木造
B7: 1. 建設に係るCO2排出量 | R7: LCCO2用床面積 | T7: 合計 | U7: =SUM(S8:S20)+U21+S22+S23+S25 -> 14500
C8: 1-1. 評価結果のCO2排出量への置き換え | J8: kg-CO2/年m2 | L8: kg-CO2/年m2 | O8: kg-CO2/年m2 | R8: =メイン!B47 -> 事務所 | S8: =メイン!C47 -> 5000
D9: Q2/2.2.1 躯体材料の耐用年数 | F9: 延床面積比率 | H9: ﾚﾍﾞﾙ３ | I9: ﾚﾍﾞﾙ４ | J9: ﾚﾍﾞﾙ５ | K9: 採点結果 | L9: CO2排出量 | N9: 採点結果 | O9: CO2排出量 | R9: =メイン!B48 -> 0 | S9: =メイン!C48 -> 0
E10: 事務所 | F10: =IF($U$7=0,0,S8/$U$7) -> 0.34482759 | H10: =IF(OR($F$20=$R$6,$F$20=$U$6),CO2データ!I12,IF($F$20=$S$6,CO2データ!L12,CO2データ!O12)) -> 13.23 | I10: =IF(OR($F$20=$R$6,$F$20=$U$6),CO2データ!J12,IF($F$20=$S$6,CO2データ!M12,CO2データ!P12)) -> 13.23 | J10: =IF(OR($F$20=$R$6,$F$20=$U$6),CO2データ!K12,IF($F$20=$S$6,CO2データ!N12,CO2データ!Q12)) -> 13.23 | K10: =スコア!M80 -> 3 | L10: =IF(K10>=5,$J10,IF(K10>=4,$I10,$H10)) -> 13.23 | N10: 3 | O10: =IF(OR($F$20=$R$6,$F$20=$U$6),CO2データ!I7,IF($F$20=$S$6,CO2データ!L7,CO2データ!O7)) -> 13.23 | R10: =メイン!B49 -> 学校 | S10: =メイン!C49 -> 4000
E11: 学校 | F11: =IF($U$7=0,0,S10/$U$7) -> 0.27586207 | H11: =IF(OR($F$20=$R$6,$F$20=$U$6),CO2データ!I18,IF($F$20=$S$6,CO2データ!L18,CO2データ!O18)) -> 11.763 | I11: =IF(OR($F$20=$R$6,$F$20=$U$6),CO2データ!J18,IF($F$20=$S$6,CO2データ!M18,CO2データ!P18)) -> 11.763 | J11: =IF(OR($F$20=$R$6,$F$20=$U$6),CO2データ!K18,IF($F$20=$S$6,CO2データ!N18,CO2データ!Q18)) -> 11.763 | K11: =K$10 -> 3 | L11: =IF(K11>=5,$J11,IF(K11>=4,$I11,$H11)) -> 11.763 | N11: =N$10 -> 3 | O11: =IF(OR($F$20=$R$6,$F$20=$U$6),CO2データ!I13,IF($F$20=$S$6,CO2データ!L13,CO2データ!O13)) -> 11.763 | R11: =メイン!B50 -> 0 | S11: =メイン!C50 -> 0 | AA11: =重み!AB6 -> 学校
E12: 物販店 | F12: =IF($U$7=0,0,S15/$U$7) -> 0 | H12: =IF(OR($F$20=$R$6,$F$20=$U$6),CO2データ!I24,IF($F$20=$S$6,CO2データ!L24,CO2データ!O24)) -> 22.386 | I12: =IF(OR($F$20=$R$6,$F$20=$U$6),CO2データ!J24,IF($F$20=$S$6,CO2データ!M24,CO2データ!P24)) -> 22.386 | J12: =IF(OR($F$20=$R$6,$F$20=$U$6),CO2データ!K24,IF($F$20=$S$6,CO2データ!N24,CO2データ!Q24)) -> 22.386 | K12: =K$10 -> 3 | L12: =IF(K12>=5,$J12,IF(K12>=4,$I12,$H12)) -> 22.386 | N12: =N$10 -> 3 | O12: =IF(OR($F$20=$R$6,$F$20=$U$6),CO2データ!I19,IF($F$20=$S$6,CO2データ!L19,CO2データ!O19)) -> 22.386 | R12: =メイン!B51 -> 0 | S12: =メイン!C51 -> 0 | AA12: =重み!AB7 -> 0.27586207
E13: 飲食店 | F13: =IF($U$7=0,0,S17/$U$7) -> 0 | H13: =IF(OR($F$20=$R$6,$F$20=$U$6),CO2データ!I30,IF($F$20=$S$6,CO2データ!L30,CO2データ!O30)) -> 22.386 | I13: =IF(OR($F$20=$R$6,$F$20=$U$6),CO2データ!J30,IF($F$20=$S$6,CO2データ!M30,CO2データ!P30)) -> 22.386 | J13: =IF(OR($F$20=$R$6,$F$20=$U$6),CO2データ!K30,IF($F$20=$S$6,CO2データ!N30,CO2データ!Q30)) -> 22.386 | K13: =K$10 -> 3 | L13: =IF(K13>=5,$J13,IF(K13>=4,$I13,$H13)) -> 22.386 | N13: =N$10 -> 3 | O13: =IF(OR($F$20=$R$6,$F$20=$U$6),CO2データ!I25,IF($F$20=$S$6,CO2データ!L25,CO2データ!O25)) -> 22.386 | R13: =メイン!B52 -> 0 | S13: =メイン!C52 -> 0
E14: 集会所 | F14: =IF($U$7=0,0,S18/$U$7) -> 0.20689655 | H14: =IF(OR($F$20=$R$6,$F$20=$U$6),CO2データ!I36,IF($F$20=$S$6,CO2データ!L36,CO2データ!O36)) -> 12.471 | I14: =IF(OR($F$20=$R$6,$F$20=$U$6),CO2データ!J36,IF($F$20=$S$6,CO2データ!M36,CO2データ!P36)) -> 12.471 | J14: =IF(OR($F$20=$R$6,$F$20=$U$6),CO2データ!K36,IF($F$20=$S$6,CO2データ!N36,CO2データ!Q36)) -> 12.471 | K14: =K$10 -> 3 | L14: =IF(K14>=5,$J14,IF(K14>=4,$I14,$H14)) -> 12.471 | N14: =N$10 -> 3 | O14: =IF(OR($F$20=$R$6,$F$20=$U$6),CO2データ!I31,IF($F$20=$S$6,CO2データ!L31,CO2データ!O31)) -> 12.471 | R14: =メイン!B53 -> 0 | S14: =メイン!C53 -> 0
E15: 工場 | F15: =IF($U$7=0,0,U21/$U$7) -> 0 | H15: =IF(OR($F$20=$R$6,$F$20=$U$6),CO2データ!I42,IF($F$20=$S$6,CO2データ!L42,CO2データ!O42)) -> 22.5 | I15: =IF(OR($F$20=$R$6,$F$20=$U$6),CO2データ!J42,IF($F$20=$S$6,CO2データ!M42,CO2データ!P42)) -> 22.5 | J15: =IF(OR($F$20=$R$6,$F$20=$U$6),CO2データ!K42,IF($F$20=$S$6,CO2データ!N42,CO2データ!Q42)) -> 22.5 | K15: =K$10 -> 3 | L15: =IF(K15>=5,$J15,IF(K15>=4,$I15,$H15)) -> 22.5 | N15: =N$10 -> 3 | O15: =IF(OR($F$20=$R$6,$F$20=$U$6),CO2データ!I37,IF($F$20=$S$6,CO2データ!L37,CO2データ!O37)) -> 22.5 | R15: =メイン!B54 -> 物販店 | S15: =メイン!C54 -> 0
E16: 病院 | F16: =IF($U$7=0,0,S22/$U$7) -> 0 | H16: =IF(OR($F$20=$R$6,$F$20=$U$6),CO2データ!I48,IF($F$20=$S$6,CO2データ!L48,CO2データ!O48)) -> 12.261 | I16: =IF(OR($F$20=$R$6,$F$20=$U$6),CO2データ!J48,IF($F$20=$S$6,CO2データ!M48,CO2データ!P48)) -> 12.261 | J16: =IF(OR($F$20=$R$6,$F$20=$U$6),CO2データ!K48,IF($F$20=$S$6,CO2データ!N48,CO2データ!Q48)) -> 12.261 | K16: =K$10 -> 3 | L16: =IF(K16>=5,$J16,IF(K16>=4,$I16,$H16)) -> 12.261 | N16: =N$10 -> 3 | O16: =IF(OR($F$20=$R$6,$F$20=$U$6),CO2データ!I43,IF($F$20=$S$6,CO2データ!L43,CO2データ!O43)) -> 12.261 | R16: =メイン!B55 -> 0 | S16: =メイン!C55 -> 0
E17: ホテル | F17: =IF($U$7=0,0,S23/$U$7) -> 0 | H17: =IF(OR($F$20=$R$6,$F$20=$U$6),CO2データ!I54,IF($F$20=$S$6,CO2データ!L54,CO2データ!O54)) -> 12.77 | I17: =IF(OR($F$20=$R$6,$F$20=$U$6),CO2データ!J54,IF($F$20=$S$6,CO2データ!M54,CO2データ!P54)) -> 12.77 | J17: =IF(OR($F$20=$R$6,$F$20=$U$6),CO2データ!K54,IF($F$20=$S$6,CO2データ!N54,CO2データ!Q54)) -> 12.77 | K17: =K$10 -> 3 | L17: =IF(K17>=5,$J17,IF(K17>=4,$I17,$H17)) -> 12.77 | N17: =N$10 -> 3 | O17: =IF(OR($F$20=$R$6,$F$20=$U$6),CO2データ!I49,IF($F$20=$S$6,CO2データ!L49,CO2データ!O49)) -> 12.77 | R17: =メイン!B56 -> 飲食店 | S17: =メイン!C56 -> 0
E18: 集合住宅 | F18: =IF($U$7=0,0,S25/$U$7) -> 0.17241379 | H18: =IF(OR($F$20=$R$6,$F$20=$U$6),CO2データ!I60,IF($F$20=$S$6,CO2データ!L60,CO2データ!O60)) -> 19.62 | I18: =IF(OR($F$20=$R$6,$F$20=$U$6),CO2データ!J60,IF($F$20=$S$6,CO2データ!M60,CO2データ!P60)) -> 9.808 | J18: =IF(OR($F$20=$R$6,$F$20=$U$6),CO2データ!K60,IF($F$20=$S$6,CO2データ!N60,CO2データ!Q60)) -> 6.539 | K18: =K$10 -> 3 | L18: =IF(K18>=5,$J18,IF(K18>=4,$I18,$H18)) -> 19.62 | N18: =N$10 -> 3 | O18: =IF(OR($F$20=$R$6,$F$20=$U$6),CO2データ!I55,IF($F$20=$S$6,CO2データ!L55,CO2データ!O55)) -> 19.62 | R18: =メイン!B57 -> 集会所 | S18: =メイン!C57 -> 3000
R19: =メイン!B58 -> 0 | S19: =メイン!C58 -> 0
D20: 評価対象の構造 | F20: =メイン!C23 -> RC造 | R20: =メイン!B59 -> 0 | S20: =メイン!C59 -> 0
D21: LR2/2.2 既存建築躯体等の継続使用 | F21: ='条件(標準)'!E31 -> 0 | N21: 0 | R21: =メイン!B60 -> 工場 | S21: =メイン!C60 -> 0 | T21: =メイン!D60 -> ㎡ うち省エネ計画書対象面積 | U21: =メイン!E60 -> 0
D22: LR2/2.3 躯体材料におけるﾘｻｲｸﾙ材（高炉セメント） | F22: ='条件(標準)'!E30 -> 0 | N22: 0 | R22: =メイン!B61 -> 病院 | S22: =メイン!C61 -> 0
R23: =メイン!B62 -> ホテル | S23: =メイン!C62 -> 0
C24: 1-2. 合計の計算 | L24: =SUMPRODUCT(F10:F18,L10:L18) -> 13.77 | O24: =SUMPRODUCT(F10:F18,O10:O18) -> 13.77 | R24: =メイン!B63 -> 非住宅 小計 | S24: =メイン!C63 -> 12000
R25: =メイン!B64 -> 集合住宅 | S25: =メイン!C64 -> 2500
C26: 建物寿命 | E26: 事務所 | F26: =メイン!N47 -> 1 | H26: =IF(OR($F$20=$R$6,$F$20=$U$6),CO2データ!I203,IF($F$20=$S$6,CO2データ!L203,CO2データ!O203)) -> 60 | I26: =IF(OR($F$20=$R$6,$F$20=$U$6),CO2データ!J203,IF($F$20=$S$6,CO2データ!M203,CO2データ!P203)) -> 60 | J26: =IF(OR($F$20=$R$6,$F$20=$U$6),CO2データ!K203,IF($F$20=$S$6,CO2データ!N203,CO2データ!Q203)) -> 60 | K26: =K10 -> 3 | L26: =IF($F26=1,IF($K26<4,$H26,IF($K26<5,$I26,$J26)),0) -> 60 | N26: 3 | O26: =IF($F26=1,IF($N26<4,$H26,IF($N26<5,$I26,$J26)),0) -> 60 | R26: =IF($F26<>1,"",$E26&"部分"&L26&"年,") -> 事務所部分60年, | U26: =IF($F26<>1,"",$E26&"部分"&O26&"年,") -> 事務所部分60年,
E27: 学校 | F27: =メイン!N49 -> 2 | H27: =IF(OR($F$20=$R$6,$F$20=$U$6),CO2データ!I204,IF($F$20=$S$6,CO2データ!L204,CO2データ!O204)) -> 60 | I27: =IF(OR($F$20=$R$6,$F$20=$U$6),CO2データ!J204,IF($F$20=$S$6,CO2データ!M204,CO2データ!P204)) -> 60 | J27: =IF(OR($F$20=$R$6,$F$20=$U$6),CO2データ!K204,IF($F$20=$S$6,CO2データ!N204,CO2データ!Q204)) -> 60 | K27: =K11 -> 3 | L27: =IF($F27=1,IF($K27<4,$H27,IF($K27<5,$I27,$J27)),0) -> 0 | N27: 3 | O27: =IF($F27=1,IF($N27<4,$H27,IF($N27<5,$I27,$J27)),0) -> 0 | R27: =IF($F27<>1,"",$E27&"部分"&L27&"年,") | U27: =IF($F27<>1,"",$E27&"部分"&O27&"年,")
E28: 物販店 | F28: =メイン!N54 -> 0 | H28: =IF(OR($F$20=$R$6,$F$20=$U$6),CO2データ!I205,IF($F$20=$S$6,CO2データ!L205,CO2データ!O205)) -> 30 | I28: =IF(OR($F$20=$R$6,$F$20=$U$6),CO2データ!J205,IF($F$20=$S$6,CO2データ!M205,CO2データ!P205)) -> 30 | J28: =IF(OR($F$20=$R$6,$F$20=$U$6),CO2データ!K205,IF($F$20=$S$6,CO2データ!N205,CO2データ!Q205)) -> 30 | K28: =K12 -> 3 | L28: =IF($F28=1,IF($K28<4,$H28,IF($K28<5,$I28,$J28)),0) -> 0 | N28: 3 | O28: =IF($F28=1,IF($N28<4,$H28,IF($N28<5,$I28,$J28)),0) -> 0 | R28: =IF($F28<>1,"",$E28&"部分"&L28&"年,") | U28: =IF($F28<>1,"",$E28&"部分"&O28&"年,")
E29: 飲食店 | F29: =メイン!N56 -> 0 | H29: =IF(OR($F$20=$R$6,$F$20=$U$6),CO2データ!I206,IF($F$20=$S$6,CO2データ!L206,CO2データ!O206)) -> 30 | I29: =IF(OR($F$20=$R$6,$F$20=$U$6),CO2データ!J206,IF($F$20=$S$6,CO2データ!M206,CO2データ!P206)) -> 30 | J29: =IF(OR($F$20=$R$6,$F$20=$U$6),CO2データ!K206,IF($F$20=$S$6,CO2データ!N206,CO2データ!Q206)) -> 30 | K29: =K13 -> 3 | L29: =IF($F29=1,IF($K29<4,$H29,IF($K29<5,$I29,$J29)),0) -> 0 | N29: 3 | O29: =IF($F29=1,IF($N29<4,$H29,IF($N29<5,$I29,$J29)),0) -> 0 | R29: =IF($F29<>1,"",$E29&"部分"&L29&"年,") | U29: =IF($F29<>1,"",$E29&"部分"&O29&"年,")
E30: 集会所 | F30: =メイン!N57 -> 3 | H30: =IF(OR($F$20=$R$6,$F$20=$U$6),CO2データ!I207,IF($F$20=$S$6,CO2データ!L207,CO2データ!O207)) -> 60 | I30: =IF(OR($F$20=$R$6,$F$20=$U$6),CO2データ!J207,IF($F$20=$S$6,CO2データ!M207,CO2データ!P207)) -> 60 | J30: =IF(OR($F$20=$R$6,$F$20=$U$6),CO2データ!K207,IF($F$20=$S$6,CO2データ!N207,CO2データ!Q207)) -> 60 | K30: =K14 -> 3 | L30: =IF($F30=1,IF($K30<4,$H30,IF($K30<5,$I30,$J30)),0) -> 0 | N30: 3 | O30: =IF($F30=1,IF($N30<4,$H30,IF($N30<5,$I30,$J30)),0) -> 0 | R30: =IF($F30<>1,"",$E30&"部分"&L30&"年,") | U30: =IF($F30<>1,"",$E30&"部分"&O30&"年,")
E31: 工場 | F31: =メイン!N60 -> 0 | H31: =IF(OR($F$20=$R$6,$F$20=$U$6),CO2データ!I208,IF($F$20=$S$6,CO2データ!L208,CO2データ!O208)) -> 30 | I31: =IF(OR($F$20=$R$6,$F$20=$U$6),CO2データ!J208,IF($F$20=$S$6,CO2データ!M208,CO2データ!P208)) -> 30 | J31: =IF(OR($F$20=$R$6,$F$20=$U$6),CO2データ!K208,IF($F$20=$S$6,CO2データ!N208,CO2データ!Q208)) -> 30 | K31: =K15 -> 3 | L31: =IF($F31=1,IF($K31<4,$H31,IF($K31<5,$I31,$J31)),0) -> 0 | N31: 3 | O31: =IF($F31=1,IF($N31<4,$H31,IF($N31<5,$I31,$J31)),0) -> 0 | R31: =IF($F31<>1,"",$E31&"部分"&L31&"年,") | U31: =IF($F31<>1,"",$E31&"部分"&O31&"年,")
E32: 病院 | F32: =メイン!N61 -> 0 | H32: =IF(OR($F$20=$R$6,$F$20=$U$6),CO2データ!I209,IF($F$20=$S$6,CO2データ!L209,CO2データ!O209)) -> 60 | I32: =IF(OR($F$20=$R$6,$F$20=$U$6),CO2データ!J209,IF($F$20=$S$6,CO2データ!M209,CO2データ!P209)) -> 60 | J32: =IF(OR($F$20=$R$6,$F$20=$U$6),CO2データ!K209,IF($F$20=$S$6,CO2データ!N209,CO2データ!Q209)) -> 60 | K32: =K16 -> 3 | L32: =IF($F32=1,IF($K32<4,$H32,IF($K32<5,$I32,$J32)),0) -> 0 | N32: 3 | O32: =IF($F32=1,IF($N32<4,$H32,IF($N32<5,$I32,$J32)),0) -> 0 | R32: =IF($F32<>1,"",$E32&"部分"&L32&"年,") | U32: =IF($F32<>1,"",$E32&"部分"&O32&"年,")
E33: ホテル | F33: =メイン!N62 -> 0 | H33: =IF(OR($F$20=$R$6,$F$20=$U$6),CO2データ!I210,IF($F$20=$S$6,CO2データ!L210,CO2データ!O210)) -> 60 | I33: =IF(OR($F$20=$R$6,$F$20=$U$6),CO2データ!J210,IF($F$20=$S$6,CO2データ!M210,CO2データ!P210)) -> 60 | J33: =IF(OR($F$20=$R$6,$F$20=$U$6),CO2データ!K210,IF($F$20=$S$6,CO2データ!N210,CO2データ!Q210)) -> 60 | K33: =K17 -> 3 | L33: =IF($F33=1,IF($K33<4,$H33,IF($K33<5,$I33,$J33)),0) -> 0 | N33: 3 | O33: =IF($F33=1,IF($N33<4,$H33,IF($N33<5,$I33,$J33)),0) -> 0 | R33: =IF($F33<>1,"",$E33&"部分"&L33&"年,") | U33: =IF($F33<>1,"",$E33&"部分"&O33&"年,")
E34: 集合住宅 | F34: =メイン!N64 -> 4 | H34: =IF(OR($F$20=$R$6,$F$20=$U$6),CO2データ!I211,IF($F$20=$S$6,CO2データ!L211,CO2データ!O211)) -> 30 | I34: =IF(OR($F$20=$R$6,$F$20=$U$6),CO2データ!J211,IF($F$20=$S$6,CO2データ!M211,CO2データ!P211)) -> 60 | J34: =IF(OR($F$20=$R$6,$F$20=$U$6),CO2データ!K211,IF($F$20=$S$6,CO2データ!N211,CO2データ!Q211)) -> 90 | K34: =K18 -> 3 | L34: =IF($F34=1,IF($K34<4,$H34,IF($K34<5,$I34,$J34)),0) -> 0 | N34: 3 | O34: =IF($F34=1,IF($N34<4,$H34,IF($N34<5,$I34,$J34)),0) -> 0 | R34: =IF($F34<>1,"",$E34&"部分"&L34&"年,") | U34: =IF($F34<>1,"",$E34&"部分"&O34&"年,")
L35: =R26&R27&R28&R29&R30&R31&R32&R33&R34&R35 -> 事務所部分60年,他 | O35: =U26&U27&U28&U29&U30&U31&U32&U33&U34&U35 -> 事務所部分60年,他 | R35: =IF(SUM(F26:F34)>1,"他","") -> 他 | U35: =IF(SUM(F26:F34)>1,"他","") -> 他
C37: 代表的な資材量 | I37: LR2/2.2 既存建築躯体 | J37: LR2/2.3 ﾘｻｲｸﾙ材（高炉セメント）
D38: 事務所 | F38: =F10 -> 0.34482759 | H38: =IF(OR($F$20=$R$6,$F$20=$U$6),CO2データ!I214,IF($F$20=$S$6,CO2データ!L214,CO2データ!O214)) -> 0.772 | I38: =IF(OR($F$20=$R$6,$F$20=$U$6),CO2データ!J214,IF($F$20=$S$6,CO2データ!M214,CO2データ!P214)) -> 0 | J38: =IF(OR($F$20=$R$6,$F$20=$U$6),CO2データ!K214,IF($F$20=$S$6,CO2データ!N214,CO2データ!Q214)) -> 0 | L38: =H38-(H38-I38)*$F$21-(H38-J38)*$F$22 -> 0.772 | O38: =H38 -> 0.772 | P38: ｍ3/㎡
F39: =$F$38 -> 0.34482759 | H39: =IF(OR($F$20=$R$6,$F$20=$U$6),CO2データ!I215,IF($F$20=$S$6,CO2データ!L215,CO2データ!O215)) -> 0 | I39: =IF(OR($F$20=$R$6,$F$20=$U$6),CO2データ!J215,IF($F$20=$S$6,CO2データ!M215,CO2データ!P215)) -> 0 | J39: =IF(OR($F$20=$R$6,$F$20=$U$6),CO2データ!K215,IF($F$20=$S$6,CO2データ!N215,CO2データ!Q215)) -> 0.772 | L39: =H39-(H39-I39)*$F$21-(H39-J39)*$F$22 -> 0 | O39: =H39 -> 0 | P39: ｍ3/㎡
F40: =$F$38 -> 0.34482759 | H40: =IF(OR($F$20=$R$6,$F$20=$U$6),CO2データ!I216,IF($F$20=$S$6,CO2データ!L216,CO2データ!O216)) -> 0.038 | I40: =IF(OR($F$20=$R$6,$F$20=$U$6),CO2データ!J216,IF($F$20=$S$6,CO2データ!M216,CO2データ!P216)) -> 0 | J40: =IF(OR($F$20=$R$6,$F$20=$U$6),CO2データ!K216,IF($F$20=$S$6,CO2データ!N216,CO2データ!Q216)) -> 0.038 | L40: =H40-(H40-I40)*$F$21-(H40-J40)*$F$22 -> 0.038 | O40: =H40 -> 0.038 | P40: ｔ/㎡
F41: =$F$38 -> 0.34482759 | H41: =IF(OR($F$20=$R$6,$F$20=$U$6),CO2データ!I217,IF($F$20=$S$6,CO2データ!L217,CO2データ!O217)) -> 0 | I41: =IF(OR($F$20=$R$6,$F$20=$U$6),CO2データ!J217,IF($F$20=$S$6,CO2データ!M217,CO2データ!P217)) -> 0 | J41: =IF(OR($F$20=$R$6,$F$20=$U$6),CO2データ!K217,IF($F$20=$S$6,CO2データ!N217,CO2データ!Q217)) -> 0 | L41: =H41-(H41-I41)*$F$21-(H41-J41)*$F$22 -> 0 | O41: =H41 -> 0 | P41: ｔ/㎡
F42: =$F$38 -> 0.34482759 | H42: =IF(OR($F$20=$R$6,$F$20=$U$6),CO2データ!I218,IF($F$20=$S$6,CO2データ!L218,CO2データ!O218)) -> 0.103 | I42: =IF(OR($F$20=$R$6,$F$20=$U$6),CO2データ!J218,IF($F$20=$S$6,CO2データ!M218,CO2データ!P218)) -> 0 | J42: =IF(OR($F$20=$R$6,$F$20=$U$6),CO2データ!K218,IF($F$20=$S$6,CO2データ!N218,CO2データ!Q218)) -> 0.103 | L42: =H42-(H42-I42)*$F$21-(H42-J42)*$F$22 -> 0.103 | O42: =H42 -> 0.103 | P42: ｔ/㎡
F43: =$F$38 -> 0.34482759 | H43: =IF(OR($F$20=$R$6,$F$20=$U$6),CO2データ!I219,IF($F$20=$S$6,CO2データ!L219,CO2データ!O219)) -> 0.013 | I43: =IF(OR($F$20=$R$6,$F$20=$U$6),CO2データ!J219,IF($F$20=$S$6,CO2データ!M219,CO2データ!P219)) -> 0 | J43: =IF(OR($F$20=$R$6,$F$20=$U$6),CO2データ!K219,IF($F$20=$S$6,CO2データ!N219,CO2データ!Q219)) -> 0.0126 | L43: =H43-(H43-I43)*$F$21-(H43-J43)*$F$22 -> 0.013 | O43: =H43 -> 0.013 | P43: ｔ/㎡
D44: 学校 | F44: =F11 -> 0.27586207 | H44: =IF(OR($F$20=$R$6,$F$20=$U$6),CO2データ!I220,IF($F$20=$S$6,CO2データ!L220,CO2データ!O220)) -> 0.865 | I44: =IF(OR($F$20=$R$6,$F$20=$U$6),CO2データ!J220,IF($F$20=$S$6,CO2データ!M220,CO2データ!P220)) -> 0 | J44: =IF(OR($F$20=$R$6,$F$20=$U$6),CO2データ!K220,IF($F$20=$S$6,CO2データ!N220,CO2データ!Q220)) -> 0 | L44: =H44-(H44-I44)*$F$21-(H44-J44)*$F$22 -> 0.865 | O44: =H44 -> 0.865 | P44: ｍ3/㎡
F45: =$F$44 -> 0.27586207 | H45: =IF(OR($F$20=$R$6,$F$20=$U$6),CO2データ!I221,IF($F$20=$S$6,CO2データ!L221,CO2データ!O221)) -> 0 | I45: =IF(OR($F$20=$R$6,$F$20=$U$6),CO2データ!J221,IF($F$20=$S$6,CO2データ!M221,CO2データ!P221)) -> 0 | J45: =IF(OR($F$20=$R$6,$F$20=$U$6),CO2データ!K221,IF($F$20=$S$6,CO2データ!N221,CO2データ!Q221)) -> 0.865 | L45: =H45-(H45-I45)*$F$21-(H45-J45)*$F$22 -> 0 | O45: =H45 -> 0 | P45: ｍ3/㎡
F46: =$F$44 -> 0.27586207 | H46: =IF(OR($F$20=$R$6,$F$20=$U$6),CO2データ!I222,IF($F$20=$S$6,CO2データ!L222,CO2データ!O222)) -> 0.005 | I46: =IF(OR($F$20=$R$6,$F$20=$U$6),CO2データ!J222,IF($F$20=$S$6,CO2データ!M222,CO2データ!P222)) -> 0 | J46: =IF(OR($F$20=$R$6,$F$20=$U$6),CO2データ!K222,IF($F$20=$S$6,CO2データ!N222,CO2データ!Q222)) -> 0.005 | L46: =H46-(H46-I46)*$F$21-(H46-J46)*$F$22 -> 0.005 | O46: =H46 -> 0.005 | P46: ｔ/㎡
F47: =$F$44 -> 0.27586207 | H47: =IF(OR($F$20=$R$6,$F$20=$U$6),CO2データ!I223,IF($F$20=$S$6,CO2データ!L223,CO2データ!O223)) -> 0 | I47: =IF(OR($F$20=$R$6,$F$20=$U$6),CO2データ!J223,IF($F$20=$S$6,CO2データ!M223,CO2データ!P223)) -> 0 | J47: =IF(OR($F$20=$R$6,$F$20=$U$6),CO2データ!K223,IF($F$20=$S$6,CO2データ!N223,CO2データ!Q223)) -> 0 | L47: =H47-(H47-I47)*$F$21-(H47-J47)*$F$22 -> 0 | O47: =H47 -> 0 | P47: ｔ/㎡
F48: =$F$44 -> 0.27586207 | H48: =IF(OR($F$20=$R$6,$F$20=$U$6),CO2データ!I224,IF($F$20=$S$6,CO2データ!L224,CO2データ!O224)) -> 0.112 | I48: =IF(OR($F$20=$R$6,$F$20=$U$6),CO2データ!J224,IF($F$20=$S$6,CO2データ!M224,CO2データ!P224)) -> 0 | J48: =IF(OR($F$20=$R$6,$F$20=$U$6),CO2データ!K224,IF($F$20=$S$6,CO2データ!N224,CO2データ!Q224)) -> 0.112 | L48: =H48-(H48-I48)*$F$21-(H48-J48)*$F$22 -> 0.112 | O48: =H48 -> 0.112 | P48: ｔ/㎡
F49: =$F$44 -> 0.27586207 | H49: =IF(OR($F$20=$R$6,$F$20=$U$6),CO2データ!I225,IF($F$20=$S$6,CO2データ!L225,CO2データ!O225)) -> 0.015 | I49: =IF(OR($F$20=$R$6,$F$20=$U$6),CO2データ!J225,IF($F$20=$S$6,CO2データ!M225,CO2データ!P225)) -> 0 | J49: =IF(OR($F$20=$R$6,$F$20=$U$6),CO2データ!K225,IF($F$20=$S$6,CO2データ!N225,CO2データ!Q225)) -> 0.0147 | L49: =H49-(H49-I49)*$F$21-(H49-J49)*$F$22 -> 0.015 | O49: =H49 -> 0.015 | P49: ｔ/㎡
D50: 物販店 | F50: =F12 -> 0 | H50: =IF(OR($F$20=$R$6,$F$20=$U$6),CO2データ!I226,IF($F$20=$S$6,CO2データ!L226,CO2データ!O226)) -> 0.888 | I50: =IF(OR($F$20=$R$6,$F$20=$U$6),CO2データ!J226,IF($F$20=$S$6,CO2データ!M226,CO2データ!P226)) -> 0 | J50: =IF(OR($F$20=$R$6,$F$20=$U$6),CO2データ!K226,IF($F$20=$S$6,CO2データ!N226,CO2データ!Q226)) -> 0 | L50: =H50-(H50-I50)*$F$21-(H50-J50)*$F$22 -> 0.888 | O50: =H50 -> 0.888 | P50: ｍ3/㎡
F51: =$F$50 -> 0 | H51: =IF(OR($F$20=$R$6,$F$20=$U$6),CO2データ!I227,IF($F$20=$S$6,CO2データ!L227,CO2データ!O227)) -> 0 | I51: =IF(OR($F$20=$R$6,$F$20=$U$6),CO2データ!J227,IF($F$20=$S$6,CO2データ!M227,CO2データ!P227)) -> 0 | J51: =IF(OR($F$20=$R$6,$F$20=$U$6),CO2データ!K227,IF($F$20=$S$6,CO2データ!N227,CO2データ!Q227)) -> 0.888 | L51: =H51-(H51-I51)*$F$21-(H51-J51)*$F$22 -> 0 | O51: =H51 -> 0 | P51: ｍ3/㎡
F52: =$F$50 -> 0 | H52: =IF(OR($F$20=$R$6,$F$20=$U$6),CO2データ!I228,IF($F$20=$S$6,CO2データ!L228,CO2データ!O228)) -> 0.017 | I52: =IF(OR($F$20=$R$6,$F$20=$U$6),CO2データ!J228,IF($F$20=$S$6,CO2データ!M228,CO2データ!P228)) -> 0 | J52: =IF(OR($F$20=$R$6,$F$20=$U$6),CO2データ!K228,IF($F$20=$S$6,CO2データ!N228,CO2データ!Q228)) -> 0.017 | L52: =H52-(H52-I52)*$F$21-(H52-J52)*$F$22 -> 0.017 | O52: =H52 -> 0.017 | P52: ｔ/㎡
F53: =$F$50 -> 0 | H53: =IF(OR($F$20=$R$6,$F$20=$U$6),CO2データ!I229,IF($F$20=$S$6,CO2データ!L229,CO2データ!O229)) -> 0 | I53: =IF(OR($F$20=$R$6,$F$20=$U$6),CO2データ!J229,IF($F$20=$S$6,CO2データ!M229,CO2データ!P229)) -> 0 | J53: =IF(OR($F$20=$R$6,$F$20=$U$6),CO2データ!K229,IF($F$20=$S$6,CO2データ!N229,CO2データ!Q229)) -> 0 | L53: =H53-(H53-I53)*$F$21-(H53-J53)*$F$22 -> 0 | O53: =H53 -> 0 | P53: ｔ/㎡
F54: =$F$50 -> 0 | H54: =IF(OR($F$20=$R$6,$F$20=$U$6),CO2データ!I230,IF($F$20=$S$6,CO2データ!L230,CO2データ!O230)) -> 0.118 | I54: =IF(OR($F$20=$R$6,$F$20=$U$6),CO2データ!J230,IF($F$20=$S$6,CO2データ!M230,CO2データ!P230)) -> 0 | J54: =IF(OR($F$20=$R$6,$F$20=$U$6),CO2データ!K230,IF($F$20=$S$6,CO2データ!N230,CO2データ!Q230)) -> 0.118 | L54: =H54-(H54-I54)*$F$21-(H54-J54)*$F$22 -> 0.118 | O54: =H54 -> 0.118 | P54: ｔ/㎡
F55: =$F$50 -> 0 | H55: =IF(OR($F$20=$R$6,$F$20=$U$6),CO2データ!I231,IF($F$20=$S$6,CO2データ!L231,CO2データ!O231)) -> 0.015 | I55: =IF(OR($F$20=$R$6,$F$20=$U$6),CO2データ!J231,IF($F$20=$S$6,CO2データ!M231,CO2データ!P231)) -> 0 | J55: =IF(OR($F$20=$R$6,$F$20=$U$6),CO2データ!K231,IF($F$20=$S$6,CO2データ!N231,CO2データ!Q231)) -> 0.0148 | L55: =H55-(H55-I55)*$F$21-(H55-J55)*$F$22 -> 0.015 | O55: =H55 -> 0.015 | P55: ｔ/㎡
D56: 飲食店 | F56: =F13 -> 0 | H56: =IF(OR($F$20=$R$6,$F$20=$U$6),CO2データ!I232,IF($F$20=$S$6,CO2データ!L232,CO2データ!O232)) -> 0.888 | I56: =IF(OR($F$20=$R$6,$F$20=$U$6),CO2データ!J232,IF($F$20=$S$6,CO2データ!M232,CO2データ!P232)) -> 0 | J56: =IF(OR($F$20=$R$6,$F$20=$U$6),CO2データ!K232,IF($F$20=$S$6,CO2データ!N232,CO2データ!Q232)) -> 0 | L56: =H56-(H56-I56)*$F$21-(H56-J56)*$F$22 -> 0.888 | O56: =H56 -> 0.888 | P56: ｍ3/㎡
F57: =$F$56 -> 0 | H57: =IF(OR($F$20=$R$6,$F$20=$U$6),CO2データ!I233,IF($F$20=$S$6,CO2データ!L233,CO2データ!O233)) -> 0 | I57: =IF(OR($F$20=$R$6,$F$20=$U$6),CO2データ!J233,IF($F$20=$S$6,CO2データ!M233,CO2データ!P233)) -> 0 | J57: =IF(OR($F$20=$R$6,$F$20=$U$6),CO2データ!K233,IF($F$20=$S$6,CO2データ!N233,CO2データ!Q233)) -> 0.888 | L57: =H57-(H57-I57)*$F$21-(H57-J57)*$F$22 -> 0 | O57: =H57 -> 0 | P57: ｍ3/㎡
F58: =$F$56 -> 0 | H58: =IF(OR($F$20=$R$6,$F$20=$U$6),CO2データ!I234,IF($F$20=$S$6,CO2データ!L234,CO2データ!O234)) -> 0.017 | I58: =IF(OR($F$20=$R$6,$F$20=$U$6),CO2データ!J234,IF($F$20=$S$6,CO2データ!M234,CO2データ!P234)) -> 0 | J58: =IF(OR($F$20=$R$6,$F$20=$U$6),CO2データ!K234,IF($F$20=$S$6,CO2データ!N234,CO2データ!Q234)) -> 0.017 | L58: =H58-(H58-I58)*$F$21-(H58-J58)*$F$22 -> 0.017 | O58: =H58 -> 0.017 | P58: ｔ/㎡
F59: =$F$56 -> 0 | H59: =IF(OR($F$20=$R$6,$F$20=$U$6),CO2データ!I235,IF($F$20=$S$6,CO2データ!L235,CO2データ!O235)) -> 0 | I59: =IF(OR($F$20=$R$6,$F$20=$U$6),CO2データ!J235,IF($F$20=$S$6,CO2データ!M235,CO2データ!P235)) -> 0 | J59: =IF(OR($F$20=$R$6,$F$20=$U$6),CO2データ!K235,IF($F$20=$S$6,CO2データ!N235,CO2データ!Q235)) -> 0 | L59: =H59-(H59-I59)*$F$21-(H59-J59)*$F$22 -> 0 | O59: =H59 -> 0 | P59: ｔ/㎡
F60: =$F$56 -> 0 | H60: =IF(OR($F$20=$R$6,$F$20=$U$6),CO2データ!I236,IF($F$20=$S$6,CO2データ!L236,CO2データ!O236)) -> 0.118 | I60: =IF(OR($F$20=$R$6,$F$20=$U$6),CO2データ!J236,IF($F$20=$S$6,CO2データ!M236,CO2データ!P236)) -> 0 | J60: =IF(OR($F$20=$R$6,$F$20=$U$6),CO2データ!K236,IF($F$20=$S$6,CO2データ!N236,CO2データ!Q236)) -> 0.118 | L60: =H60-(H60-I60)*$F$21-(H60-J60)*$F$22 -> 0.118 | O60: =H60 -> 0.118 | P60: ｔ/㎡
F61: =$F$56 -> 0 | H61: =IF(OR($F$20=$R$6,$F$20=$U$6),CO2データ!I237,IF($F$20=$S$6,CO2データ!L237,CO2データ!O237)) -> 0.015 | I61: =IF(OR($F$20=$R$6,$F$20=$U$6),CO2データ!J237,IF($F$20=$S$6,CO2データ!M237,CO2データ!P237)) -> 0 | J61: =IF(OR($F$20=$R$6,$F$20=$U$6),CO2データ!K237,IF($F$20=$S$6,CO2データ!N237,CO2データ!Q237)) -> 0.0148 | L61: =H61-(H61-I61)*$F$21-(H61-J61)*$F$22 -> 0.015 | O61: =H61 -> 0.015 | P61: ｔ/㎡
D62: 集会所 | F62: =F14 -> 0.20689655 | H62: =IF(OR($F$20=$R$6,$F$20=$U$6),CO2データ!I238,IF($F$20=$S$6,CO2データ!L238,CO2データ!O238)) -> 0.888 | I62: =IF(OR($F$20=$R$6,$F$20=$U$6),CO2データ!J238,IF($F$20=$S$6,CO2データ!M238,CO2データ!P238)) -> 0 | J62: =IF(OR($F$20=$R$6,$F$20=$U$6),CO2データ!K238,IF($F$20=$S$6,CO2データ!N238,CO2データ!Q238)) -> 0 | L62: =H62-(H62-I62)*$F$21-(H62-J62)*$F$22 -> 0.888 | O62: =H62 -> 0.888 | P62: ｍ3/㎡
F63: =$F$62 -> 0.20689655 | H63: =IF(OR($F$20=$R$6,$F$20=$U$6),CO2データ!I239,IF($F$20=$S$6,CO2データ!L239,CO2データ!O239)) -> 0 | I63: =IF(OR($F$20=$R$6,$F$20=$U$6),CO2データ!J239,IF($F$20=$S$6,CO2データ!M239,CO2データ!P239)) -> 0 | J63: =IF(OR($F$20=$R$6,$F$20=$U$6),CO2データ!K239,IF($F$20=$S$6,CO2データ!N239,CO2データ!Q239)) -> 0.888 | L63: =H63-(H63-I63)*$F$21-(H63-J63)*$F$22 -> 0 | O63: =H63 -> 0 | P63: ｍ3/㎡
F64: =$F$62 -> 0.20689655 | H64: =IF(OR($F$20=$R$6,$F$20=$U$6),CO2データ!I240,IF($F$20=$S$6,CO2データ!L240,CO2データ!O240)) -> 0.017 | I64: =IF(OR($F$20=$R$6,$F$20=$U$6),CO2データ!J240,IF($F$20=$S$6,CO2データ!M240,CO2データ!P240)) -> 0 | J64: =IF(OR($F$20=$R$6,$F$20=$U$6),CO2データ!K240,IF($F$20=$S$6,CO2データ!N240,CO2データ!Q240)) -> 0.017 | L64: =H64-(H64-I64)*$F$21-(H64-J64)*$F$22 -> 0.017 | O64: =H64 -> 0.017 | P64: ｔ/㎡
F65: =$F$62 -> 0.20689655 | H65: =IF(OR($F$20=$R$6,$F$20=$U$6),CO2データ!I241,IF($F$20=$S$6,CO2データ!L241,CO2データ!O241)) -> 0 | I65: =IF(OR($F$20=$R$6,$F$20=$U$6),CO2データ!J241,IF($F$20=$S$6,CO2データ!M241,CO2データ!P241)) -> 0 | J65: =IF(OR($F$20=$R$6,$F$20=$U$6),CO2データ!K241,IF($F$20=$S$6,CO2データ!N241,CO2データ!Q241)) -> 0 | L65: =H65-(H65-I65)*$F$21-(H65-J65)*$F$22 -> 0 | O65: =H65 -> 0 | P65: ｔ/㎡
F66: =$F$62 -> 0.20689655 | H66: =IF(OR($F$20=$R$6,$F$20=$U$6),CO2データ!I242,IF($F$20=$S$6,CO2データ!L242,CO2データ!O242)) -> 0.118 | I66: =IF(OR($F$20=$R$6,$F$20=$U$6),CO2データ!J242,IF($F$20=$S$6,CO2データ!M242,CO2データ!P242)) -> 0 | J66: =IF(OR($F$20=$R$6,$F$20=$U$6),CO2データ!K242,IF($F$20=$S$6,CO2データ!N242,CO2データ!Q242)) -> 0.118 | L66: =H66-(H66-I66)*$F$21-(H66-J66)*$F$22 -> 0.118 | O66: =H66 -> 0.118 | P66: ｔ/㎡
F67: =$F$62 -> 0.20689655 | H67: =IF(OR($F$20=$R$6,$F$20=$U$6),CO2データ!I243,IF($F$20=$S$6,CO2データ!L243,CO2データ!O243)) -> 0.015 | I67: =IF(OR($F$20=$R$6,$F$20=$U$6),CO2データ!J243,IF($F$20=$S$6,CO2データ!M243,CO2データ!P243)) -> 0 | J67: =IF(OR($F$20=$R$6,$F$20=$U$6),CO2データ!K243,IF($F$20=$S$6,CO2データ!N243,CO2データ!Q243)) -> 0.0148 | L67: =H67-(H67-I67)*$F$21-(H67-J67)*$F$22 -> 0.015 | O67: =H67 -> 0.015 | P67: ｔ/㎡
D68: 工場 | F68: =F15 -> 0 | H68: =IF(OR($F$20=$R$6,$F$20=$U$6),CO2データ!I244,IF($F$20=$S$6,CO2データ!L244,CO2データ!O244)) -> 0.77 | I68: =IF(OR($F$20=$R$6,$F$20=$U$6),CO2データ!J244,IF($F$20=$S$6,CO2データ!M244,CO2データ!P244)) -> 0 | J68: =IF(OR($F$20=$R$6,$F$20=$U$6),CO2データ!K244,IF($F$20=$S$6,CO2データ!N244,CO2データ!Q244)) -> 0 | L68: =H68-(H68-I68)*$F$21-(H68-J68)*$F$22 -> 0.77 | O68: =H68 -> 0.77 | P68: ｍ3/㎡
F69: =$F$68 -> 0 | H69: =IF(OR($F$20=$R$6,$F$20=$U$6),CO2データ!I245,IF($F$20=$S$6,CO2データ!L245,CO2データ!O245)) -> 0 | I69: =IF(OR($F$20=$R$6,$F$20=$U$6),CO2データ!J245,IF($F$20=$S$6,CO2データ!M245,CO2データ!P245)) -> 0 | J69: =IF(OR($F$20=$R$6,$F$20=$U$6),CO2データ!K245,IF($F$20=$S$6,CO2データ!N245,CO2データ!Q245)) -> 0.77 | L69: =H69-(H69-I69)*$F$21-(H69-J69)*$F$22 -> 0 | O69: =H69 -> 0 | P69: ｍ3/㎡
F70: =$F$68 -> 0 | H70: =IF(OR($F$20=$R$6,$F$20=$U$6),CO2データ!I246,IF($F$20=$S$6,CO2データ!L246,CO2データ!O246)) -> 0.01 | I70: =IF(OR($F$20=$R$6,$F$20=$U$6),CO2データ!J246,IF($F$20=$S$6,CO2データ!M246,CO2データ!P246)) -> 0 | J70: =IF(OR($F$20=$R$6,$F$20=$U$6),CO2データ!K246,IF($F$20=$S$6,CO2データ!N246,CO2データ!Q246)) -> 0.01 | L70: =H70-(H70-I70)*$F$21-(H70-J70)*$F$22 -> 0.01 | O70: =H70 -> 0.01 | P70: ｔ/㎡
F71: =$F$68 -> 0 | H71: =IF(OR($F$20=$R$6,$F$20=$U$6),CO2データ!I247,IF($F$20=$S$6,CO2データ!L247,CO2データ!O247)) -> 0 | I71: =IF(OR($F$20=$R$6,$F$20=$U$6),CO2データ!J247,IF($F$20=$S$6,CO2データ!M247,CO2データ!P247)) -> 0 | J71: =IF(OR($F$20=$R$6,$F$20=$U$6),CO2データ!K247,IF($F$20=$S$6,CO2データ!N247,CO2データ!Q247)) -> 0 | L71: =H71-(H71-I71)*$F$21-(H71-J71)*$F$22 -> 0 | O71: =H71 -> 0 | P71: ｔ/㎡
F72: =$F$68 -> 0 | H72: =IF(OR($F$20=$R$6,$F$20=$U$6),CO2データ!I248,IF($F$20=$S$6,CO2データ!L248,CO2データ!O248)) -> 0.108 | I72: =IF(OR($F$20=$R$6,$F$20=$U$6),CO2データ!J248,IF($F$20=$S$6,CO2データ!M248,CO2データ!P248)) -> 0 | J72: =IF(OR($F$20=$R$6,$F$20=$U$6),CO2データ!K248,IF($F$20=$S$6,CO2データ!N248,CO2データ!Q248)) -> 0.108 | L72: =H72-(H72-I72)*$F$21-(H72-J72)*$F$22 -> 0.108 | O72: =H72 -> 0.108 | P72: ｔ/㎡
F73: =$F$68 -> 0 | H73: =IF(OR($F$20=$R$6,$F$20=$U$6),CO2データ!I249,IF($F$20=$S$6,CO2データ!L249,CO2データ!O249)) -> 0.009 | I73: =IF(OR($F$20=$R$6,$F$20=$U$6),CO2データ!J249,IF($F$20=$S$6,CO2データ!M249,CO2データ!P249)) -> 0 | J73: =IF(OR($F$20=$R$6,$F$20=$U$6),CO2データ!K249,IF($F$20=$S$6,CO2データ!N249,CO2データ!Q249)) -> 0.00915 | L73: =H73-(H73-I73)*$F$21-(H73-J73)*$F$22 -> 0.009 | O73: =H73 -> 0.009 | P73: ｔ/㎡
D74: 病院 | F74: =F16 -> 0 | H74: =IF(OR($F$20=$R$6,$F$20=$U$6),CO2データ!I250,IF($F$20=$S$6,CO2データ!L250,CO2データ!O250)) -> 0.766 | I74: =IF(OR($F$20=$R$6,$F$20=$U$6),CO2データ!J250,IF($F$20=$S$6,CO2データ!M250,CO2データ!P250)) -> 0 | J74: =IF(OR($F$20=$R$6,$F$20=$U$6),CO2データ!K250,IF($F$20=$S$6,CO2データ!N250,CO2データ!Q250)) -> 0 | L74: =H74-(H74-I74)*$F$21-(H74-J74)*$F$22 -> 0.766 | O74: =H74 -> 0.766 | P74: ｍ3/㎡
F75: =$F$74 -> 0 | H75: =IF(OR($F$20=$R$6,$F$20=$U$6),CO2データ!I251,IF($F$20=$S$6,CO2データ!L251,CO2データ!O251)) -> 0 | I75: =IF(OR($F$20=$R$6,$F$20=$U$6),CO2データ!J251,IF($F$20=$S$6,CO2データ!M251,CO2データ!P251)) -> 0 | J75: =IF(OR($F$20=$R$6,$F$20=$U$6),CO2データ!K251,IF($F$20=$S$6,CO2データ!N251,CO2データ!Q251)) -> 0.766 | L75: =H75-(H75-I75)*$F$21-(H75-J75)*$F$22 -> 0 | O75: =H75 -> 0 | P75: ｍ3/㎡
F76: =$F$74 -> 0 | H76: =IF(OR($F$20=$R$6,$F$20=$U$6),CO2データ!I252,IF($F$20=$S$6,CO2データ!L252,CO2データ!O252)) -> 0.012 | I76: =IF(OR($F$20=$R$6,$F$20=$U$6),CO2データ!J252,IF($F$20=$S$6,CO2データ!M252,CO2データ!P252)) -> 0 | J76: =IF(OR($F$20=$R$6,$F$20=$U$6),CO2データ!K252,IF($F$20=$S$6,CO2データ!N252,CO2データ!Q252)) -> 0.012 | L76: =H76-(H76-I76)*$F$21-(H76-J76)*$F$22 -> 0.012 | O76: =H76 -> 0.012 | P76: ｔ/㎡
F77: =$F$74 -> 0 | H77: =IF(OR($F$20=$R$6,$F$20=$U$6),CO2データ!I253,IF($F$20=$S$6,CO2データ!L253,CO2データ!O253)) -> 0 | I77: =IF(OR($F$20=$R$6,$F$20=$U$6),CO2データ!J253,IF($F$20=$S$6,CO2データ!M253,CO2データ!P253)) -> 0 | J77: =IF(OR($F$20=$R$6,$F$20=$U$6),CO2データ!K253,IF($F$20=$S$6,CO2データ!N253,CO2データ!Q253)) -> 0 | L77: =H77-(H77-I77)*$F$21-(H77-J77)*$F$22 -> 0 | O77: =H77 -> 0 | P77: ｔ/㎡
F78: =$F$74 -> 0 | H78: =IF(OR($F$20=$R$6,$F$20=$U$6),CO2データ!I254,IF($F$20=$S$6,CO2データ!L254,CO2データ!O254)) -> 0.096 | I78: =IF(OR($F$20=$R$6,$F$20=$U$6),CO2データ!J254,IF($F$20=$S$6,CO2データ!M254,CO2データ!P254)) -> 0 | J78: =IF(OR($F$20=$R$6,$F$20=$U$6),CO2データ!K254,IF($F$20=$S$6,CO2データ!N254,CO2データ!Q254)) -> 0.096 | L78: =H78-(H78-I78)*$F$21-(H78-J78)*$F$22 -> 0.096 | O78: =H78 -> 0.096 | P78: ｔ/㎡
F79: =$F$74 -> 0 | H79: =IF(OR($F$20=$R$6,$F$20=$U$6),CO2データ!I255,IF($F$20=$S$6,CO2データ!L255,CO2データ!O255)) -> 0.013 | I79: =IF(OR($F$20=$R$6,$F$20=$U$6),CO2データ!J255,IF($F$20=$S$6,CO2データ!M255,CO2データ!P255)) -> 0 | J79: =IF(OR($F$20=$R$6,$F$20=$U$6),CO2データ!K255,IF($F$20=$S$6,CO2データ!N255,CO2データ!Q255)) -> 0.013 | L79: =H79-(H79-I79)*$F$21-(H79-J79)*$F$22 -> 0.013 | O79: =H79 -> 0.013 | P79: ｔ/㎡
D80: ホテル | F80: =F17 -> 0 | H80: =IF(OR($F$20=$R$6,$F$20=$U$6),CO2データ!I256,IF($F$20=$S$6,CO2データ!L256,CO2データ!O256)) -> 0.999 | I80: =IF(OR($F$20=$R$6,$F$20=$U$6),CO2データ!J256,IF($F$20=$S$6,CO2データ!M256,CO2データ!P256)) -> 0 | J80: =IF(OR($F$20=$R$6,$F$20=$U$6),CO2データ!K256,IF($F$20=$S$6,CO2データ!N256,CO2データ!Q256)) -> 0 | L80: =H80-(H80-I80)*$F$21-(H80-J80)*$F$22 -> 0.999 | O80: =H80 -> 0.999 | P80: ｍ3/㎡
F81: =$F$80 -> 0 | H81: =IF(OR($F$20=$R$6,$F$20=$U$6),CO2データ!I257,IF($F$20=$S$6,CO2データ!L257,CO2データ!O257)) -> 0 | I81: =IF(OR($F$20=$R$6,$F$20=$U$6),CO2データ!J257,IF($F$20=$S$6,CO2データ!M257,CO2データ!P257)) -> 0 | J81: =IF(OR($F$20=$R$6,$F$20=$U$6),CO2データ!K257,IF($F$20=$S$6,CO2データ!N257,CO2データ!Q257)) -> 0.999 | L81: =H81-(H81-I81)*$F$21-(H81-J81)*$F$22 -> 0 | O81: =H81 -> 0 | P81: ｍ3/㎡
F82: =$F$80 -> 0 | H82: =IF(OR($F$20=$R$6,$F$20=$U$6),CO2データ!I258,IF($F$20=$S$6,CO2データ!L258,CO2データ!O258)) -> 0.004 | I82: =IF(OR($F$20=$R$6,$F$20=$U$6),CO2データ!J258,IF($F$20=$S$6,CO2データ!M258,CO2データ!P258)) -> 0 | J82: =IF(OR($F$20=$R$6,$F$20=$U$6),CO2データ!K258,IF($F$20=$S$6,CO2データ!N258,CO2データ!Q258)) -> 0.004 | L82: =H82-(H82-I82)*$F$21-(H82-J82)*$F$22 -> 0.004 | O82: =H82 -> 0.004 | P82: ｔ/㎡
F83: =$F$80 -> 0 | H83: =IF(OR($F$20=$R$6,$F$20=$U$6),CO2データ!I259,IF($F$20=$S$6,CO2データ!L259,CO2データ!O259)) -> 0 | I83: =IF(OR($F$20=$R$6,$F$20=$U$6),CO2データ!J259,IF($F$20=$S$6,CO2データ!M259,CO2データ!P259)) -> 0 | J83: =IF(OR($F$20=$R$6,$F$20=$U$6),CO2データ!K259,IF($F$20=$S$6,CO2データ!N259,CO2データ!Q259)) -> 0 | L83: =H83-(H83-I83)*$F$21-(H83-J83)*$F$22 -> 0 | O83: =H83 -> 0 | P83: ｔ/㎡
F84: =$F$80 -> 0 | H84: =IF(OR($F$20=$R$6,$F$20=$U$6),CO2データ!I260,IF($F$20=$S$6,CO2データ!L260,CO2データ!O260)) -> 0.111 | I84: =IF(OR($F$20=$R$6,$F$20=$U$6),CO2データ!J260,IF($F$20=$S$6,CO2データ!M260,CO2データ!P260)) -> 0 | J84: =IF(OR($F$20=$R$6,$F$20=$U$6),CO2データ!K260,IF($F$20=$S$6,CO2データ!N260,CO2データ!Q260)) -> 0.111 | L84: =H84-(H84-I84)*$F$21-(H84-J84)*$F$22 -> 0.111 | O84: =H84 -> 0.111 | P84: ｔ/㎡
F85: =$F$80 -> 0 | H85: =IF(OR($F$20=$R$6,$F$20=$U$6),CO2データ!I261,IF($F$20=$S$6,CO2データ!L261,CO2データ!O261)) -> 0.014 | I85: =IF(OR($F$20=$R$6,$F$20=$U$6),CO2データ!J261,IF($F$20=$S$6,CO2データ!M261,CO2データ!P261)) -> 0 | J85: =IF(OR($F$20=$R$6,$F$20=$U$6),CO2データ!K261,IF($F$20=$S$6,CO2データ!N261,CO2データ!Q261)) -> 0.01434 | L85: =H85-(H85-I85)*$F$21-(H85-J85)*$F$22 -> 0.014 | O85: =H85 -> 0.014 | P85: ｔ/㎡
D86: 集合住宅 | F86: =F18 -> 0.17241379 | H86: =IF(OR($F$20=$R$6,$F$20=$U$6),CO2データ!I262,IF($F$20=$S$6,CO2データ!L262,CO2データ!O262)) -> 0.734 | I86: =IF(OR($F$20=$R$6,$F$20=$U$6),CO2データ!J262,IF($F$20=$S$6,CO2データ!M262,CO2データ!P262)) -> 0 | J86: =IF(OR($F$20=$R$6,$F$20=$U$6),CO2データ!K262,IF($F$20=$S$6,CO2データ!N262,CO2データ!Q262)) -> 0 | L86: =H86-(H86-I86)*$F$21-(H86-J86)*$F$22 -> 0.734 | O86: =H86 -> 0.734 | P86: ｍ3/㎡
F87: =$F$86 -> 0.17241379 | H87: =IF(OR($F$20=$R$6,$F$20=$U$6),CO2データ!I263,IF($F$20=$S$6,CO2データ!L263,CO2データ!O263)) -> 0 | I87: =IF(OR($F$20=$R$6,$F$20=$U$6),CO2データ!J263,IF($F$20=$S$6,CO2データ!M263,CO2データ!P263)) -> 0 | J87: =IF(OR($F$20=$R$6,$F$20=$U$6),CO2データ!K263,IF($F$20=$S$6,CO2データ!N263,CO2データ!Q263)) -> 0.734 | L87: =H87-(H87-I87)*$F$21-(H87-J87)*$F$22 -> 0 | O87: =H87 -> 0 | P87: ｍ3/㎡
F88: =$F$86 -> 0.17241379 | H88: =IF(OR($F$20=$R$6,$F$20=$U$6),CO2データ!I264,IF($F$20=$S$6,CO2データ!L264,CO2データ!O264)) -> 0.012 | I88: =IF(OR($F$20=$R$6,$F$20=$U$6),CO2データ!J264,IF($F$20=$S$6,CO2データ!M264,CO2データ!P264)) -> 0 | J88: =IF(OR($F$20=$R$6,$F$20=$U$6),CO2データ!K264,IF($F$20=$S$6,CO2データ!N264,CO2データ!Q264)) -> 0.012 | L88: =H88-(H88-I88)*$F$21-(H88-J88)*$F$22 -> 0.012 | O88: =H88 -> 0.012 | P88: ｔ/㎡
F89: =$F$86 -> 0.17241379 | H89: =IF(OR($F$20=$R$6,$F$20=$U$6),CO2データ!I265,IF($F$20=$S$6,CO2データ!L265,CO2データ!O265)) -> 0 | I89: =IF(OR($F$20=$R$6,$F$20=$U$6),CO2データ!J265,IF($F$20=$S$6,CO2データ!M265,CO2データ!P265)) -> 0 | J89: =IF(OR($F$20=$R$6,$F$20=$U$6),CO2データ!K265,IF($F$20=$S$6,CO2データ!N265,CO2データ!Q265)) -> 0 | L89: =H89-(H89-I89)*$F$21-(H89-J89)*$F$22 -> 0 | O89: =H89 -> 0 | P89: ｔ/㎡
F90: =$F$86 -> 0.17241379 | H90: =IF(OR($F$20=$R$6,$F$20=$U$6),CO2データ!I266,IF($F$20=$S$6,CO2データ!L266,CO2データ!O266)) -> 0.1 | I90: =IF(OR($F$20=$R$6,$F$20=$U$6),CO2データ!J266,IF($F$20=$S$6,CO2データ!M266,CO2データ!P266)) -> 0 | J90: =IF(OR($F$20=$R$6,$F$20=$U$6),CO2データ!K266,IF($F$20=$S$6,CO2データ!N266,CO2データ!Q266)) -> 0.1 | L90: =H90-(H90-I90)*$F$21-(H90-J90)*$F$22 -> 0.1 | O90: =H90 -> 0.1 | P90: ｔ/㎡
F91: =$F$86 -> 0.17241379 | H91: =IF(OR($F$20=$R$6,$F$20=$U$6),CO2データ!I267,IF($F$20=$S$6,CO2データ!L267,CO2データ!O267)) -> 0.013 | I91: =IF(OR($F$20=$R$6,$F$20=$U$6),CO2データ!J267,IF($F$20=$S$6,CO2データ!M267,CO2データ!P267)) -> 0 | J91: =IF(OR($F$20=$R$6,$F$20=$U$6),CO2データ!K267,IF($F$20=$S$6,CO2データ!N267,CO2データ!Q267)) -> 0.01329 | L91: =H91-(H91-I91)*$F$21-(H91-J91)*$F$22 -> 0.013 | O91: =H91 -> 0.013 | P91: ｔ/㎡
C93: ◆ | D93: 合計 | L93: =$F38*L38+$F44*L44+$F50*L50+$F56*L56+$F62*L62+$F68*L68+$F74*L74+$F80*L80+$F86*L86 -> 0.81510345 | O93: =$F38*O38+$F44*O44+$F50*O50+$F56*O56+$F62*O62+$F68*O68+$F74*O74+$F80*O80+$F86*O86 -> 0.81510345 | P93: ｍ3/㎡
L94: =$F39*L39+$F45*L45+$F51*L51+$F57*L57+$F63*L63+$F69*L69+$F75*L75+$F81*L81+$F87*L87 -> 0 | O94: =$F39*O39+$F45*O45+$F51*O51+$F57*O57+$F63*O63+$F69*O69+$F75*O75+$F81*O81+$F87*O87 -> 0 | P94: ｍ3/㎡
L95: =$F40*L40+$F46*L46+$F52*L52+$F58*L58+$F64*L64+$F70*L70+$F76*L76+$F82*L82+$F88*L88 -> 0.020068966 | O95: =$F40*O40+$F46*O46+$F52*O52+$F58*O58+$F64*O64+$F70*O70+$F76*O76+$F82*O82+$F88*O88 -> 0.020068966 | P95: ｔ/㎡
L96: =$F41*L41+$F47*L47+$F53*L53+$F59*L59+$F65*L65+$F71*L71+$F77*L77+$F83*L83+$F89*L89 -> 0 | O96: =$F41*O41+$F47*O47+$F53*O53+$F59*O59+$F65*O65+$F71*O71+$F77*O77+$F83*O83+$F89*O89 -> 0 | P96: ｔ/㎡
L97: =$F42*L42+$F48*L48+$F54*L54+$F60*L60+$F66*L66+$F72*L72+$F78*L78+$F84*L84+$F90*L90 -> 0.10806897 | O97: =$F42*O42+$F48*O48+$F54*O54+$F60*O60+$F66*O66+$F72*O72+$F78*O78+$F84*O84+$F90*O90 -> 0.10806897 | P97: ｔ/㎡
L98: =$F43*L43+$F49*L49+$F55*L55+$F61*L61+$F67*L67+$F73*L73+$F79*L79+$F85*L85+$F91*L91 -> 0.013965517 | O98: =$F43*O43+$F49*O49+$F55*O55+$F61*O61+$F67*O67+$F73*O73+$F79*O79+$F85*O85+$F91*O91 -> 0.013965517 | P98: ｔ/㎡
B100: 2. 修繕・更新・解体に係るCO2排出量
C101: 2-1. 評価結果のCO2排出量への置き換え | J101: kg-CO2/年m2 | L101: kg-CO2/年m2 | O101: kg-CO2/年m2
D102: Q2/2.2.1 躯体材料の耐用年数 | F102: 延床面積比率 | H102: ﾚﾍﾞﾙ３ | I102: ﾚﾍﾞﾙ４ | J102: ﾚﾍﾞﾙ５ | K102: 採点結果 | L102: CO2排出量 | N102: 採点結果 | O102: CO2排出量
E103: 事務所 | F103: =F10 -> 0.34482759 | H103: =IF(OR($F$20=$R$6,$F$20=$U$6),CO2データ!I67,IF($F$20=$S$6,CO2データ!L67,CO2データ!O67)) -> 16.456 | I103: =IF(OR($F$20=$R$6,$F$20=$U$6),CO2データ!J67,IF($F$20=$S$6,CO2データ!M67,CO2データ!P67)) -> 16.456 | J103: =IF(OR($F$20=$R$6,$F$20=$U$6),CO2データ!K67,IF($F$20=$S$6,CO2データ!N67,CO2データ!Q67)) -> 16.456 | K103: =スコア!M80 -> 3 | L103: =IF(K103>=5,$J103,IF(K103>=4,$I103,$H103)) -> 16.456 | N103: 3 | O103: =IF(OR($F$20=$R$6,$F$20=$U$6),CO2データ!I65,IF($F$20=$S$6,CO2データ!L65,CO2データ!O65)) -> 16.456
E104: 学校 | F104: =F11 -> 0.27586207 | H104: =IF(OR($F$20=$R$6,$F$20=$U$6),CO2データ!I70,IF($F$20=$S$6,CO2データ!L70,CO2データ!O70)) -> 12.424 | I104: =IF(OR($F$20=$R$6,$F$20=$U$6),CO2データ!J70,IF($F$20=$S$6,CO2データ!M70,CO2データ!P70)) -> 12.424 | J104: =IF(OR($F$20=$R$6,$F$20=$U$6),CO2データ!K70,IF($F$20=$S$6,CO2データ!N70,CO2データ!Q70)) -> 12.424 | K104: =K$103 -> 3 | L104: =IF(K104>=5,$J104,IF(K104>=4,$I104,$H104)) -> 12.424 | N104: 3 | O104: =IF(OR($F$20=$R$6,$F$20=$U$6),CO2データ!I68,IF($F$20=$S$6,CO2データ!L68,CO2データ!O68)) -> 12.424
E105: 物販店 | F105: =F12 -> 0 | H105: =IF(OR($F$20=$R$6,$F$20=$U$6),CO2データ!I73,IF($F$20=$S$6,CO2データ!L73,CO2データ!O73)) -> 13.194 | I105: =IF(OR($F$20=$R$6,$F$20=$U$6),CO2データ!J73,IF($F$20=$S$6,CO2データ!M73,CO2データ!P73)) -> 13.194 | J105: =IF(OR($F$20=$R$6,$F$20=$U$6),CO2データ!K73,IF($F$20=$S$6,CO2データ!N73,CO2データ!Q73)) -> 13.194 | K105: =K$103 -> 3 | L105: =IF(K105>=5,$J105,IF(K105>=4,$I105,$H105)) -> 13.194 | N105: 3 | O105: =IF(OR($F$20=$R$6,$F$20=$U$6),CO2データ!I71,IF($F$20=$S$6,CO2データ!L71,CO2データ!O71)) -> 7.738
...

Sheet 重み
B2: 重み係数 | P2: 重み係数（既定）
P3: =メイン!I42 -> 0 | Q3: =LEFT(メイン!C5,6) -> CASBEE | AG3: 0. 既存 | AX3: １．基本設計 | BO3: ２．実施・竣工段階
D5: 補正後 | G5: 補正前 | I5: 補正前計 | K5: 対象外の選択 | M5: 既定重み | S5: 建物全体・共用部 | AB5: 小中高 | AC5: 住居・宿泊部 | AJ5: 建物全体・共用部 | AS5: 小中高 | AT5: 住居・宿泊部 | BA5: 建物全体・共用部 | BJ5: 小中高 | BK5: 住居・宿泊部 | BR5: 建物全体・共用部 | CA5: 小中高 | CB5: 住居・宿泊部
D6: 全体・共有 | E6: 住居・宿泊 | G6: 全体・共有 | H6: 住居・宿泊 | I6: 全体・共有 | J6: 住居・宿泊 | K6: 全体・共有 | L6: 住居・宿泊 | M6: 全体・共有 | N6: 住居・宿泊 | Q6: 項目 | R6: 項目名 | S6: 事務所 | T6: 学校 | U6: 物販店 | V6: 飲食店 | W6: 病院 | X6: ホテル | Y6: 集合住宅 | Z6: 集会所 | AA6: 工場 | AB6: 学校 | AC6: 病院o | AD6: ホテルo | AE6: 集合住宅o | AH6: 項目 | AI6: 項目名 | AJ6: 事務所 | AK6: 学校 | AL6: 物販店 | AM6: 飲食店 | AN6: 病院 | AO6: ホテル | AP6: 集合住宅 | AQ6: 集会所 | AR6: 工場 | AS6: 学校 | AT6: 病院o | AU6: ホテルo | AV6: 集合住宅o | AY6: 項目 | AZ6: 項目名 | BA6: 事務所 | BB6: 学校 | BC6: 物販店 | BD6: 飲食店 | BE6: 病院 | BF6: ホテル | BG6: 集合住宅 | BH6: 集会所 | BI6: 工場 | BJ6: 学校 | BK6: 病院o | BL6: ホテルo | BM6: 集合住宅o | BP6: 項目 | BQ6: 項目名 | BR6: 事務所 | BS6: 学校 | BT6: 物販店 | BU6: 飲食店 | BV6: 病院 | BW6: ホテル | BX6: 集合住宅 | BY6: 集会所 | BZ6: 工場 | CA6: 学校 | CB6: 病院o | CC6: ホテルo | CD6: 集合住宅o
C7: 延面積比率 | D7: =1-E7 -> 0.86206897 | E7: =(AC8*W7)+(AD8*X7)+(AE8*Y7) -> 0.13793103 | Q7: 延面積 | R7: 延面積比率 | S7: =メイン!C47/メイン!$C$19 -> 0.34482759 | T7: =(メイン!E49+メイン!E52+メイン!E53)/メイン!$C$19 -> 0 | U7: =メイン!C54/メイン!$C$19 -> 0 | V7: =メイン!C56/メイン!$C$19 -> 0 | W7: =メイン!C61/メイン!$C$19 -> 0 | X7: =メイン!C62/メイン!$C$19 -> 0 | Y7: =メイン!C64/メイン!$C$19 -> 0.17241379 | Z7: =メイン!C57/メイン!$C$19 -> 0.20689655 | AA7: =メイン!C60/メイン!$C$19 -> 0 | AB7: =(メイン!E50+メイン!E51)/メイン!$C$19 -> 0.27586207 | AC7: =W7 -> 0 | AD7: =X7 -> 0 | AE7: =Y7 -> 0.17241379
B8: Q | C8: 建築物の環境品質 | I8: =G9+G61+G109 -> 1 | J8: =H9+H61+H109 -> 0 | Q8: Q | R8: 住居宿泊・共用部面積比率 | W8: =1-メイン!F68 -> 1 | X8: =1-メイン!F69 -> 1 | Y8: =1-メイン!F70 -> 0.2 | AC8: =メイン!F68 -> 0 | AD8: =メイン!F69 -> 0 | AE8: =メイン!F70 -> 0.8 | AG8: Q | AI8: 建築物の環境品質 | AX8: Q | AZ8: 建築物の環境品質 | BO8: Q | BQ8: 建築物の環境品質
B9: =P9 -> Q1 | C9: =R9 -> 室内環境 | D9: =IF(I$8=0,0,G9/I$8) -> 0.4 | E9: =IF(J$8=0,0,H9/J$8) -> 0 | G9: =K9*M9 -> 0.4 | H9: =L9*N9 -> 0 | I9: =G10+G20+G34+G47 -> 1 | J9: =H10+H20+H34+H47 -> 0 | K9: =IF(スコア!Q9=0,0,1) -> 1 | L9: =IF(スコア!O9=0,0,1) -> 0 | M9: =SUMPRODUCT($S$7:$AB$7,S9:AB9) -> 0.4 | N9: =(AC$7*AC9)+(AD$7*AD9)+(AE$7*AE9) -> 0 | P9: =IF($P$3=1,AX9,IF($P$3=2,BO9,AG9)) -> Q1 | Q9: =IF($P$3=1,AY9,IF($P$3=2,BP9,AH9)) -> Q | R9: =IF($P$3=1,AZ9,IF($P$3=2,BQ9,AI9)) -> 室内環境 | S9: =IF($P$3=1,BA9,IF($P$3=2,BR9,AJ9)) -> 0.4 | T9: =IF($P$3=1,BB9,IF($P$3=2,BS9,AK9)) -> 0.4 | U9: =IF($P$3=1,BC9,IF($P$3=2,BT9,AL9)) -> 0.4 | V9: =IF($P$3=1,BD9,IF($P$3=2,BU9,AM9)) -> 0.4 | W9: =IF($P$3=1,BE9,IF($P$3=2,BV9,AN9)) -> 0.4 | ... Z9: =IF($P$3=1,BH9,IF($P$3=2,BY9,AQ9)) -> 0.4 | AA9: =IF(Q3="coCASB",0,IF($P$3=1,BI9,IF($P$3=2,BZ9,AR9))) -> 0.3 | AB9: =IF($P$3=1,BJ9,IF($P$3=2,CA9,AS9)) -> 0.4 | AC9: =IF($P$3=1,BK9,IF($P$3=2,CB9,AT9)) -> 0 | AD9: =IF($P$3=1,BL9,IF($P$3=2,CC9,AU9)) -> 0 | AE9: =IF($P$3=1,BM9,IF($P$3=2,CD9,AV9)) -> 0 | AG9: Q1 | AH9: Q | AI9: 室内環境 | AJ9: 0.4 | AK9: 0.4 | AL9: 0.4 | AM9: 0.4 | AN9: 0.4 | AO9: 0.4 | AP9: 0.4 | AQ9: 0.4 | AR9: 0.3 | AS9: 0.4 | AX9: Q1 | AY9: Q | AZ9: 室内環境 | BA9: 0.4 | BB9: 0.4 | BC9: 0.4 | BD9: 0.4 | BE9: 0.4 | BF9: 0.4 | BG9: 0.4 | BH9: 0.4 | BI9: 0.3 | BJ9: 0.4 | BO9: Q1 | BP9: Q | BQ9: 室内環境 | BR9: 0.4 | BS9: 0.4 | BT9: 0.4 | BU9: 0.4 | BV9: 0.4 | BW9: 0.4 | BX9: 0.4 | BY9: 0.4 | BZ9: 0.3 | CA9: 0.4
B10: =P10 -> 1 | C10: =R10 -> 音環境 | D10: =IF(I$9=0,0,G10/I$9) -> 0.15 | E10: =IF(J$9=0,0,H10/J$9) -> 0 | G10: =K10*M10 -> 0.15 | H10: =L10*N10 -> 0 | I10: =G11+G14+G19 -> 1 | J10: =H11+H14+H19 -> 0.17241379 | K10: =IF(L10>0,1,IF(スコア!M10=0,0,1)) -> 1 | L10: =IF(スコア!O10=0,0,1) -> 1 | M10: =SUMPRODUCT($S$7:$AB$7,S10:AB10) -> 0.15 | N10: =(AC$7*AC10)+(AD$7*AD10)+(AE$7*AE10) -> 0 | P10: =IF($P$3=1,AX10,IF($P$3=2,BO10,AG10)) -> 1 | Q10: =IF($P$3=1,AY10,IF($P$3=2,BP10,AH10)) -> Q1 | R10: =IF($P$3=1,AZ10,IF($P$3=2,BQ10,AI10)) -> 音環境 | S10: =IF($P$3=1,BA10,IF($P$3=2,BR10,AJ10)) -> 0.15 | T10: =IF($P$3=1,BB10,IF($P$3=2,BS10,AK10)) -> 0.15 | U10: =IF($P$3=1,BC10,IF($P$3=2,BT10,AL10)) -> 0.15 | V10: =IF($P$3=1,BD10,IF($P$3=2,BU10,AM10)) -> 0.15 | W10: =IF($P$3=1,BE10,IF($P$3=2,BV10,AN10)) -> 0.15 | ... AE10: =IF($P$3=1,BM10,IF($P$3=2,CD10,AV10)) -> 0 | AG10: 1 | AH10: Q1 | AI10: 音環境 | AJ10: 0.15 | AK10: 0.15 | AL10: 0.15 | AM10: 0.15 | AN10: 0.15 | AO10: 0.15 | AP10: 0.15 | AQ10: 0.15 | AR10: 0.15 | AS10: 0.15 | AX10: 1 | AY10: Q1 | AZ10: 音環境 | BA10: 0.15 | BB10: 0.15 | BC10: 0.15 | BD10: 0.15 | BE10: 0.15 | BF10: 0.15 | BG10: 0.15 | BH10: 0.23 | BI10: 0.15 | BJ10: 0.15 | BO10: 1 | BP10: Q1 | BQ10: 音環境 | BR10: 0.15 | BS10: 0.15 | BT10: 0.15 | BU10: 0.15 | BV10: 0.15 | BW10: 0.15 | BX10: 0.15 | BY10: 0.23 | BZ10: 0.15 | CA10: 0.15
B11: =P11 -> 1.1 | C11: =R11 -> 騒音 | D11: =IF(I$10=0,0,G11/I$10) -> 0.55172414 | E11: =IF(J$10=0,0,H11/J$10) -> 0.4 | G11: =K11*M11 -> 0.55172414 | H11: =L11*N11 -> 0.068965517 | I11: =SUM(G12:G13) -> 0.79310345 | J11: =SUM(H12:H13) -> 0.17241379 | K11: =IF(スコア!M11=0,0,1) -> 1 | L11: =IF(スコア!O11=0,0,1) -> 1 | M11: =SUMPRODUCT($S$7:$AB$7,S11:AB11) -> 0.55172414 | N11: =(AC$7*AC11)+(AD$7*AD11)+(AE$7*AE11) -> 0.068965517 | P11: =IF($P$3=1,AX11,IF($P$3=2,BO11,AG11)) -> 1.1 | Q11: =IF($P$3=1,AY11,IF($P$3=2,BP11,AH11)) -> Q1 1 | R11: =IF($P$3=1,AZ11,IF($P$3=2,BQ11,AI11)) -> 騒音 | S11: =IF($P$3=1,BA11,IF($P$3=2,BR11,AJ11)) -> 0.4 | T11: =IF($P$3=1,BB11,IF($P$3=2,BS11,AK11)) -> 0.4 | U11: =IF($P$3=1,BC11,IF($P$3=2,BT11,AL11)) -> 0.8 | V11: =IF($P$3=1,BD11,IF($P$3=2,BU11,AM11)) -> 0.4 | W11: =IF($P$3=1,BE11,IF($P$3=2,BV11,AN11)) -> 0.4 | ... AE11: =IF($P$3=1,BM11,IF($P$3=2,CD11,AV11)) -> 0.4 | AG11: 1.1 | AH11: Q1 1 | AI11: 騒音 | AJ11: 0.4 | AK11: 0.4 | AL11: 0.8 | AM11: 0.4 | AN11: 0.4 | AO11: 0.8 | AP11: 0.8 | AQ11: 0.8 | AR11: 0.5 | AS11: 0.4 | AT11: 0.5 | AU11: 0.4 | AV11: 0.4 | AX11: 1.1 | AY11: Q1 1 | AZ11: 騒音 | BH11: 0.4 | BO11: 1.1 | BP11: Q1 1 | BQ11: 騒音 | BR11: 0.4 | BS11: 0.4 | BT11: 0.4 | BU11: 0.4 | BV11: 0.4 | BW11: 0.4 | BX11: 0.5 | BY11: 0.4 | BZ11: 0.4 | CA11: 0.4 | CB11: 0.4 | CC11: 0.4 | CD11: 0.5
B12: =P12 -> 1.1.1 | C12: =R12 -> 室内騒音レベル | D12: =IF(I$11=0,0,G12/I$11) -> 1 | E12: =IF(J$11=0,0,H12/J$11) -> 1 | G12: =K12*M12 -> 0.79310345 | H12: =L12*N12 -> 0.17241379 | K12: =IF(スコア!M12=0,0,1) -> 1 | L12: =IF(スコア!O12=0,0,1) -> 1 | M12: =SUMPRODUCT($S$7:$AB$7,S12:AB12) -> 0.79310345 | N12: =(AC$7*AC12)+(AD$7*AD12)+(AE$7*AE12) -> 0.17241379 | P12: =IF($P$3=1,AX12,IF($P$3=2,BO12,AG12)) -> 1.1.1 | Q12: =IF($P$3=1,AY12,IF($P$3=2,BP12,AH12)) -> Q1 1.1 | R12: =IF($P$3=1,AZ12,IF($P$3=2,BQ12,AI12)) -> 室内騒音レベル | S12: =IF($P$3=1,BA12,IF($P$3=2,BR12,AJ12)) -> 0.4 | T12: =IF($P$3=1,BB12,IF($P$3=2,BS12,AK12)) -> 1 | U12: =IF($P$3=1,BC12,IF($P$3=2,BT12,AL12)) -> 1 | V12: =IF($P$3=1,BD12,IF($P$3=2,BU12,AM12)) -> 1 | W12: =IF($P$3=1,BE12,IF($P$3=2,BV12,AN12)) -> 0.4 | ... AE12: =IF($P$3=1,BM12,IF($P$3=2,CD12,AV12)) -> 1 | AG12: 1.1.1 | AH12: Q1 1.1 | AI12: 室内騒音レベル | AJ12: 0.4 | AK12: 1 | AL12: 1 | AM12: 1 | AN12: 0.4 | AO12: 1 | AP12: 1 | AQ12: 1 | AR12: 0.4 | AS12: 1 | AT12: 0.4 | AU12: 1 | AV12: 1 | AX12: 1.1.1 | AY12: Q1 1.1 | AZ12: 室内騒音レベル | BH12: 1 | BO12: 1.1.1 | BP12: Q1 1.1 | BQ12: 室内騒音レベル | BR12: 0.5 | BS12: 0.5 | BT12: 0.5 | BU12: 0.5 | BV12: 0.5 | BW12: 0.5 | BX12: 1 | BY12: 0.5 | BZ12: 0.5 | CA12: 0.5 | CB12: 0.5 | CC12: 0.5 | CD12: 0.5
B13: =P13 -> 1.1.2 | C13: =R13 -> 設備騒音対策 | D13: =IF(I$11=0,0,G13/I$11) -> 0 | E13: =IF(J$11=0,0,H13/J$11) -> 0 | G13: =K13*M13 -> 0 | H13: =L13*N13 -> 0 | K13: =IF(スコア!M13=0,0,1) -> 0 | L13: =IF(スコア!O13=0,0,1) -> 0 | M13: =SUMPRODUCT($S$7:$AB$7,S13:AB13) -> 0.20689655 | N13: =(AC$7*AC13)+(AD$7*AD13)+(AE$7*AE13) -> 0 | P13: =IF($P$3=1,AX13,IF($P$3=2,BO13,AG13)) -> 1.1.2 | Q13: =IF($P$3=1,AY13,IF($P$3=2,BP13,AH13)) -> Q1 1.1 | R13: =IF($P$3=1,AZ13,IF($P$3=2,BQ13,AI13)) -> 設備騒音対策 | S13: =IF($P$3=1,BA13,IF($P$3=2,BR13,AJ13)) -> 0.6 | T13: =IF($P$3=1,BB13,IF($P$3=2,BS13,AK13)) -> 0 | U13: =IF($P$3=1,BC13,IF($P$3=2,BT13,AL13)) -> 0 | V13: =IF($P$3=1,BD13,IF($P$3=2,BU13,AM13)) -> 0 | W13: =IF($P$3=1,BE13,IF($P$3=2,BV13,AN13)) -> 0.6 | ... AE13: =IF($P$3=1,BM13,IF($P$3=2,CD13,AV13)) -> 0 | AG13: 1.1.2 | AH13: Q1 1.1 | AI13: 設備騒音対策 | AJ13: 0.6 | AN13: 0.6 | AR13: 0.6 | AT13: 0.6 | AX13: 1.1.2 | AY13: Q1 1.1 | AZ13: 設備騒音対策 | BO13: 1.1.2 | BP13: Q1 1.1 | BQ13: 設備騒音対策 | BR13: 0.5 | BS13: 0.5 | BT13: 0.5 | BU13: 0.5 | BV13: 0.5 | BW13: 0.5 | BY13: 0.5 | BZ13: 0.5 | CA13: 0.5 | CB13: 0.5 | CC13: 0.5 | CD13: 0.5
B14: =P14 -> 1.2 | C14: =R14 -> 遮音 | D14: =IF(I$10=0,0,G14/I$10) -> 0.24827586 | E14: =IF(J$10=0,0,H14/J$10) -> 0.4 | G14: =K14*M14 -> 0.24827586 | H14: =L14*N14 -> 0.068965517 | I14: =SUM(G15:G18) -> 0.62068966 | J14: =SUM(H15:H18) -> 0.17241379 | K14: =IF(スコア!M14=0,0,1) -> 1 | L14: =IF(スコア!O14=0,0,1) -> 1 | M14: =SUMPRODUCT($S$7:$AB$7,S14:AB14) -> 0.24827586 | N14: =(AC$7*AC14)+(AD$7*AD14)+(AE$7*AE14) -> 0.068965517 | P14: =IF($P$3=1,AX14,IF($P$3=2,BO14,AG14)) -> 1.2 | Q14: =IF($P$3=1,AY14,IF($P$3=2,BP14,AH14)) -> Q1 1 | R14: =IF($P$3=1,AZ14,IF($P$3=2,BQ14,AI14)) -> 遮音 | S14: =IF($P$3=1,BA14,IF($P$3=2,BR14,AJ14)) -> 0.4 | T14: =IF($P$3=1,BB14,IF($P$3=2,BS14,AK14)) -> 0.4 | U14: =IF($P$3=1,BC14,IF($P$3=2,BT14,AL14)) -> 0 | V14: =IF($P$3=1,BD14,IF($P$3=2,BU14,AM14)) -> 0.4 | W14: =IF($P$3=1,BE14,IF($P$3=2,BV14,AN14)) -> 0.4 | ... AE14: =IF($P$3=1,BM14,IF($P$3=2,CD14,AV14)) -> 0.4 | AG14: 1.2 | AH14: Q1 1 | AI14: 遮音 | AJ14: 0.4 | AK14: 0.4 | AM14: 0.4 | AN14: 0.4 | AR14: 0.5 | AS14: 0.4 | AT14: 0.5 | AU14: 0.4 | AV14: 0.4 | AX14: 1.2 | AY14: Q1 1 | AZ14: 遮音 | BA14: 0.7 | BB14: 0.7 | BC14: 0.7 | BD14: 0.7 | BE14: 0.7 | BF14: 0.7 | BG14: 1 | BH14: 0.4 | BI14: 0.7 | BJ14: 0.7 | BK14: 0.7 | BL14: 0.7 | BM14: 1 | BO14: 1.2 | BP14: Q1 1 | BQ14: 遮音 | BR14: 0.4 | BS14: 0.4 | BT14: 0.4 | BU14: 0.4 | BV14: 0.4 | BW14: 0.4 | BX14: 0.5 | BY14: 0.4 | BZ14: 0.4 | CA14: 0.4 | CB14: 0.4 | CC14: 0.4 | CD14: 0.5
B15: =P15 -> 1.2.1 | C15: =R15 -> 開口部遮音性能 | D15: =IF(I$14=0,0,G15/I$14) -> 0 | E15: =IF(J$14=0,0,H15/J$14) -> 0 | G15: =K15*M15 -> 0 | H15: =L15*N15 -> 0 | K15: =IF(スコア!M15=0,0,1) -> 0 | L15: =IF(スコア!O15=0,0,1) -> 0 | M15: =SUMPRODUCT($S$7:$AB$7,S15:AB15) -> 0 | N15: =(AC$7*AC15)+(AD$7*AD15)+(AE$7*AE15) -> 0 | P15: =IF($P$3=1,AX15,IF($P$3=2,BO15,AG15)) -> 1.2.1 | Q15: =IF($P$3=1,AY15,IF($P$3=2,BP15,AH15)) -> Q1 1.2 | R15: =IF($P$3=1,AZ15,IF($P$3=2,BQ15,AI15)) -> 開口部遮音性能 | S15: =IF($P$3=1,BA15,IF($P$3=2,BR15,AJ15)) -> 0 | T15: =IF($P$3=1,BB15,IF($P$3=2,BS15,AK15)) -> 0 | U15: =IF($P$3=1,BC15,IF($P$3=2,BT15,AL15)) -> 0 | V15: =IF($P$3=1,BD15,IF($P$3=2,BU15,AM15)) -> 0 | W15: =IF($P$3=1,BE15,IF($P$3=2,BV15,AN15)) -> 0 | ... AE15: =IF($P$3=1,BM15,IF($P$3=2,CD15,AV15)) -> 0 | AG15: 1.2.1 | AH15: Q1 1.2 | AI15: 開口部遮音性能 | AX15: 1.2.1 | AY15: Q1 1.2 | AZ15: 開口部遮音性能 | BA15: 0.6 | BB15: 0.4 | BC15: 1 | BD15: 0.6 | BE15: 0.4 | BF15: 1 | BG15: 1 | BH15: 1 | BI15: 0.6 | BJ15: 0.4 | BK15: 0.3 | BL15: 0.3 | BM15: 0.3 | BO15: 1.2.1 | BP15: Q1 1.2 | BQ15: 開口部遮音性能 | BR15: 0.6 | BS15: 0.3 | BT15: 1 | BU15: 0.6 | BV15: 0.4 | BW15: 1 | BX15: 1 | BY15: 1 | BZ15: 0.6 | CA15: 0.3 | CB15: 0.3 | CC15: 0.3 | CD15: 0.3
B16: =P16 -> 1.2.2 | C16: =R16 -> 界壁遮音性能 | D16: =IF(I$14=0,0,G16/I$14) -> 0.73333333 | E16: =IF(J$14=0,0,H16/J$14) -> 0.4 | G16: =K16*M16 -> 0.45517241 | H16: =L16*N16 -> 0.068965517 | K16: =IF(スコア!M16=0,0,1) -> 1 | L16: =IF(スコア!O16=0,0,1) -> 1 | M16: =SUMPRODUCT($S$7:$AB$7,S16:AB16) -> 0.45517241 | N16: =(AC$7*AC16)+(AD$7*AD16)+(AE$7*AE16) -> 0.068965517 | P16: =IF($P$3=1,AX16,IF($P$3=2,BO16,AG16)) -> 1.2.2 | Q16: =IF($P$3=1,AY16,IF($P$3=2,BP16,AH16)) -> Q1 1.2 | R16: =IF($P$3=1,AZ16,IF($P$3=2,BQ16,AI16)) -> 界壁遮音性能 | S16: =IF($P$3=1,BA16,IF($P$3=2,BR16,AJ16)) -> 1 | T16: =IF($P$3=1,BB16,IF($P$3=2,BS16,AK16)) -> 0.4 | U16: =IF($P$3=1,BC16,IF($P$3=2,BT16,AL16)) -> 0 | V16: =IF($P$3=1,BD16,IF($P$3=2,BU16,AM16)) -> 1 | W16: =IF($P$3=1,BE16,IF($P$3=2,BV16,AN16)) -> 0.4 | ... AE16: =IF($P$3=1,BM16,IF($P$3=2,CD16,AV16)) -> 0.4 | AG16: 1.2.2 | AH16: Q1 1.2 | AI16: 界壁遮音性能 | AJ16: 1 | AK16: 0.4 | AM16: 1 | AN16: 0.4 | AR16: 1 | AS16: 0.4 | AT16: 1 | AU16: 0.4 | AV16: 0.4 | AX16: 1.2.2 | AY16: Q1 1.2 | AZ16: 界壁遮音性能 | BA16: 0.4 | BB16: 0.3 | BD16: 0.4 | BE16: 0.6 | BI16: 0.4 | BJ16: 0.3 | BK16: 0.3 | BL16: 0.3 | BM16: 0.3 | BO16: 1.2.2 | BP16: Q1 1.2 | BQ16: 界壁遮音性能 | BR16: 0.4 | BS16: 0.3 | BU16: 0.4 | BV16: 0.6 | BZ16: 0.4 | CA16: 0.3 | CB16: 0.3 | CC16: 0.3 | CD16: 0.3
B17: =P17 -> 1.2.3 | C17: =R17 -> 界床遮音性能（軽量衝撃源） | D17: =IF(I$14=0,0,G17/I$14) -> 0.13333333 | E17: =IF(J$14=0,0,H17/J$14) -> 0.3 | G17: =K17*M17 -> 0.082758621 | H17: =L17*N17 -> 0.051724138 | K17: =IF(スコア!M17=0,0,1) -> 1 | L17: =IF(スコア!O17=0,0,1) -> 1 | M17: =SUMPRODUCT($S$7:$AB$7,S17:AB17) -> 0.082758621 | N17: =(AC$7*AC17)+(AD$7*AD17)+(AE$7*AE17) -> 0.051724138 | P17: =IF($P$3=1,AX17,IF($P$3=2,BO17,AG17)) -> 1.2.3 | Q17: =IF($P$3=1,AY17,IF($P$3=2,BP17,AH17)) -> Q1 1.2 | R17: =IF($P$3=1,AZ17,IF($P$3=2,BQ17,AI17)) -> 界床遮音性能（軽量衝撃源） | S17: =IF($P$3=1,BA17,IF($P$3=2,BR17,AJ17)) -> 0 | T17: =IF($P$3=1,BB17,IF($P$3=2,BS17,AK17)) -> 0.3 | U17: =IF($P$3=1,BC17,IF($P$3=2,BT17,AL17)) -> 0 | V17: =IF($P$3=1,BD17,IF($P$3=2,BU17,AM17)) -> 0 | W17: =IF($P$3=1,BE17,IF($P$3=2,BV17,AN17)) -> 0.6 | ... AE17: =IF($P$3=1,BM17,IF($P$3=2,CD17,AV17)) -> 0.3 | AG17: 1.2.3 | AH17: Q1 1.2 | AI17: 界床遮音性能（軽量衝撃源） | AK17: 0.3 | AN17: 0.6 | AS17: 0.3 | AU17: 0.3 | AV17: 0.3 | AX17: 1.2.3 | AY17: Q1 1.2 | AZ17: 界床遮音性能（軽量衝撃源） | BB17: 0.15 | BJ17: 0.15 | BK17: 0.2 | BL17: 0.2 | BM17: 0.2 | BO17: 1.2.3 | BP17: Q1 1.2 | BQ17: 界床遮音性能（軽量衝撃源） | BS17: 0.2 | CA17: 0.2 | CB17: 0.2 | CC17: 0.2 | CD17: 0.2
B18: =P18 -> 1.2.4 | C18: =R18 -> 界床遮音性能（重量衝撃源） | D18: =IF(I$14=0,0,G18/I$14) -> 0.13333333 | E18: =IF(J$14=0,0,H18/J$14) -> 0.3 | G18: =K18*M18 -> 0.082758621 | H18: =L18*N18 -> 0.051724138 | K18: =IF(スコア!M18=0,0,1) -> 1 | L18: =IF(スコア!O18=0,0,1) -> 1 | M18: =SUMPRODUCT($S$7:$AB$7,S18:AB18) -> 0.082758621 | N18: =(AC$7*AC18)+(AD$7*AD18)+(AE$7*AE18) -> 0.051724138 | P18: =IF($P$3=1,AX18,IF($P$3=2,BO18,AG18)) -> 1.2.4 | Q18: =IF($P$3=1,AY18,IF($P$3=2,BP18,AH18)) -> Q1 1.2 | R18: =IF($P$3=1,AZ18,IF($P$3=2,BQ18,AI18)) -> 界床遮音性能（重量衝撃源） | S18: =IF($P$3=1,BA18,IF($P$3=2,BR18,AJ18)) -> 0 | T18: =IF($P$3=1,BB18,IF($P$3=2,BS18,AK18)) -> 0.3 | U18: =IF($P$3=1,BC18,IF($P$3=2,BT18,AL18)) -> 0 | V18: =IF($P$3=1,BD18,IF($P$3=2,BU18,AM18)) -> 0 | W18: =IF($P$3=1,BE18,IF($P$3=2,BV18,AN18)) -> 0 | ... AE18: =IF($P$3=1,BM18,IF($P$3=2,CD18,AV18)) -> 0.3 | AG18: 1.2.4 | AH18: Q1 1.2 | AI18: 界床遮音性能（重量衝撃源） | AK18: 0.3 | AS18: 0.3 | AU18: 0.3 | AV18: 0.3 | AX18: 1.2.4 | AY18: Q1 1.2 | AZ18: 界床遮音性能（重量衝撃源） | BB18: 0.15 | BJ18: 0.15 | BK18: 0.2 | BL18: 0.2 | BM18: 0.2 | BO18: 1.2.4 | BP18: Q1 1.2 | BQ18: 界床遮音性能（重量衝撃源） | BS18: 0.2 | CA18: 0.2 | CB18: 0.2 | CC18: 0.2 | CD18: 0.2
B19: =P19 -> 1.3 | C19: =R19 -> 吸音 | D19: =IF(I$10=0,0,G19/I$10) -> 0.2 | E19: =IF(J$10=0,0,H19/J$10) -> 0.2 | G19: =K19*M19 -> 0.2 | H19: =L19*N19 -> 0.034482759 | K19: =IF(スコア!M19=0,0,1) -> 1 | L19: =IF(スコア!O19=0,0,1) -> 1 | M19: =SUMPRODUCT($S$7:$AB$7,S19:AB19) -> 0.2 | N19: =(AC$7*AC19)+(AD$7*AD19)+(AE$7*AE19) -> 0.034482759 | P19: =IF($P$3=1,AX19,IF($P$3=2,BO19,AG19)) -> 1.3 | Q19: =IF($P$3=1,AY19,IF($P$3=2,BP19,AH19)) -> Q1 1 | R19: =IF($P$3=1,AZ19,IF($P$3=2,BQ19,AI19)) -> 吸音 | S19: =IF($P$3=1,BA19,IF($P$3=2,BR19,AJ19)) -> 0.2 | T19: =IF($P$3=1,BB19,IF($P$3=2,BS19,AK19)) -> 0.2 | U19: =IF($P$3=1,BC19,IF($P$3=2,BT19,AL19)) -> 0.2 | V19: =IF($P$3=1,BD19,IF($P$3=2,BU19,AM19)) -> 0.2 | W19: =IF($P$3=1,BE19,IF($P$3=2,BV19,AN19)) -> 0.2 | ... AE19: =IF($P$3=1,BM19,IF($P$3=2,CD19,AV19)) -> 0.2 | AG19: 1.3 | AH19: Q1 1 | AI19: 吸音 | AJ19: 0.2 | AK19: 0.2 | AL19: 0.2 | AM19: 0.2 | AN19: 0.2 | AO19: 0.2 | AP19: 0.2 | AQ19: 0.2 | AS19: 0.2 | AU19: 0.2 | AV19: 0.2 | AX19: 1.3 | AY19: Q1 1 | AZ19: 吸音 | BA19: 0.3 | BB19: 0.3 | BC19: 0.3 | BD19: 0.3 | BE19: 0.3 | BF19: 0.3 | BG19: 0 | BH19: 0.2 | BI19: 0.3 | BJ19: 0.3 | BK19: 0.3 | BL19: 0.3 | BM19: 0 | BO19: 1.3 | BP19: Q1 1 | BQ19: 吸音 | BR19: 0.2 | BS19: 0.2 | BT19: 0.2 | BU19: 0.2 | BV19: 0.2 | BW19: 0.2 | BX19: 0 | BY19: 0.2 | BZ19: 0.2 | CA19: 0.2 | CB19: 0.2 | CC19: 0.2 | CD19: 0
B20: =P20 -> 2 | C20: =R20 -> 温熱環境 | D20: =IF(I$9=0,0,G20/I$9) -> 0.35 | E20: =IF(J$9=0,0,H20/J$9) -> 0 | G20: =K20*M20 -> 0.35 | H20: =L20*N20 -> 0 | I20: =G21+G30+G31 -> 1 | J20: =H21+H30+H31 -> 0.17241379 | K20: =IF(L20>0,1,IF(スコア!M20=0,0,1)) -> 1 | L20: =IF(スコア!O20=0,0,1) -> 1 | M20: =SUMPRODUCT($S$7:$AB$7,S20:AB20) -> 0.35 | N20: =(AC$7*AC20)+(AD$7*AD20)+(AE$7*AE20) -> 0 | P20: =IF($P$3=1,AX20,IF($P$3=2,BO20,AG20)) -> 2 | Q20: =IF($P$3=1,AY20,IF($P$3=2,BP20,AH20)) -> Q1 | R20: =IF($P$3=1,AZ20,IF($P$3=2,BQ20,AI20)) -> 温熱環境 | S20: =IF($P$3=1,BA20,IF($P$3=2,BR20,AJ20)) -> 0.35 | T20: =IF($P$3=1,BB20,IF($P$3=2,BS20,AK20)) -> 0.35 | U20: =IF($P$3=1,BC20,IF($P$3=2,BT20,AL20)) -> 0.35 | V20: =IF($P$3=1,BD20,IF($P$3=2,BU20,AM20)) -> 0.35 | W20: =IF($P$3=1,BE20,IF($P$3=2,BV20,AN20)) -> 0.35 | ... AE20: =IF($P$3=1,BM20,IF($P$3=2,CD20,AV20)) -> 0 | AG20: 2 | AH20: Q1 | AI20: 温熱環境 | AJ20: 0.35 | AK20: 0.35 | AL20: 0.35 | AM20: 0.35 | AN20: 0.35 | AO20: 0.35 | AP20: 0.35 | AQ20: 0.35 | AR20: 0.35 | AS20: 0.35 | AX20: 2 | AY20: Q1 | AZ20: 温熱環境 | BA20: 0.35 | BB20: 0.35 | BC20: 0.35 | BD20: 0.35 | BE20: 0.35 | BF20: 0.35 | BG20: 0.35 | BH20: 0.44 | BI20: 0.35 | BJ20: 0.35 | BO20: 2 | BP20: Q1 | BQ20: 温熱環境 | BR20: 0.35 | BS20: 0.35 | BT20: 0.35 | BU20: 0.35 | BV20: 0.35 | BW20: 0.35 | BX20: 0.35 | BY20: 0.44 | BZ20: 0.35 | CA20: 0.35
B21: =P21 -> 2.1 | C21: =R21 -> 室温制御 | D21: =IF(I$20=0,0,G21/I$20) -> 0.5 | E21: =IF(J$20=0,0,H21/J$20) -> 1 | G21: =K21*M21 -> 0.5 | H21: =L21*N21 -> 0.17241379 | I21: =SUM(G22:G29) -> 0.71724138 | J21: =SUM(H22:H29) -> 0.10344828 | K21: =IF(スコア!M21=0,0,1) -> 1 | L21: =IF(スコア!O21=0,0,1) -> 1 | M21: =SUMPRODUCT($S$7:$AB$7,S21:AB21) -> 0.5 | N21: =(AC$7*AC21)+(AD$7*AD21)+(AE$7*AE21) -> 0.17241379 | P21: =IF($P$3=1,AX21,IF($P$3=2,BO21,AG21)) -> 2.1 | Q21: =IF($P$3=1,AY21,IF($P$3=2,BP21,AH21)) -> Q1 2 | R21: =IF($P$3=1,AZ21,IF($P$3=2,BQ21,AI21)) -> 室温制御 | S21: =IF($P$3=1,BA21,IF($P$3=2,BR21,AJ21)) -> 0.5 | T21: =IF($P$3=1,BB21,IF($P$3=2,BS21,AK21)) -> 0.5 | U21: =IF($P$3=1,BC21,IF($P$3=2,BT21,AL21)) -> 0.5 | V21: =IF($P$3=1,BD21,IF($P$3=2,BU21,AM21)) -> 0.5 | W21: =IF($P$3=1,BE21,IF($P$3=2,BV21,AN21)) -> 0.5 | ... AE21: =IF($P$3=1,BM21,IF($P$3=2,CD21,AV21)) -> 1 | AG21: 2.1 | AH21: Q1 2 | AI21: 室温制御 | AJ21: 0.5 | AK21: 0.5 | AL21: 0.5 | AM21: 0.5 | AN21: 0.5 | AO21: 0.5 | AP21: 0.5 | AQ21: 0.5 | AR21: 0.5 | AS21: 0.5 | AT21: 1 | AU21: 1 | AV21: 1 | AX21: 2.1 | AY21: Q1 2 | AZ21: 室温制御 | BA21: 0.5 | BB21: 0.5 | BC21: 0.5 | BD21: 0.5 | BE21: 0.5 | BF21: 0.5 | BG21: 0.5 | BH21: 0.5 | BI21: 0.5 | BJ21: 0.5 | BK21: 0.5 | BL21: 0.5 | BM21: 0.5 | BO21: 2.1 | BP21: Q1 2 | BQ21: 室温制御 | BR21: 0.5 | BS21: 0.5 | BT21: 0.5 | BU21: 0.5 | BV21: 0.5 | BW21: 0.5 | BX21: 0.5 | BY21: 0.5 | BZ21: 0.5 | CA21: 0.5 | CB21: 0.5 | CC21: 0.5 | CD21: 0.5
